Workbook
Name AMBIENTAL: #REF!
Name CLP_2025: 'Dados 2025'!$A$3:$JA$421
Name DADOS_2025: #REF!
Name GOVERNANÇA: #REF!
Name INDICE_INDICADOR: Matriz!$K$2:$K$80
Name MUNICIPIO: #REF!
Name NOME_INDICADOR: Matriz!$D$2:$D$80
Name NOTA_INDICADOR: #REF!
Name ODS_1: #REF!
Name ODS_10: #REF!
Name ODS_11: #REF!
Name ODS_12: #REF!
Name ODS_13: #REF!
Name ODS_14: #REF!
Name ODS_15: #REF!
Name ODS_16: #REF!
Name ODS_17: #REF!
Name ODS_2: #REF!
Name ODS_3: #REF!
Name ODS_4: #REF!
Name ODS_5: #REF!
Name ODS_6: #REF!
Name ODS_7: #REF!
Name ODS_8: #REF!
Name ODS_9: #REF!
Name SOCIAL: #REF!

Sheet Matriz
B2: Dimensão | C2: Pilar | D2: Indicador | E2: Descrição do indicador | F2: Classificação | K2: ÍNDICE DO INDICADOR
F3: ODS | G3: ESG | H3: Metas ODS
B4: Instituições | C4: Sustentabilidade Fiscal | D4: Dependência fiscal | E4: Razão entre as transferências correntes realizadas e a receita corrente total da administração pública municipal | F4: sixteen, seventeen | G4: G | H4: 16.6 | 17.1 | K4: =SUMIFS('Dados 2025'!$B$1:$JA$1,'Dados 2025'!$B$2:$JA$2,Matriz!D4) -> 2
B5: Instituições | C5: Sustentabilidade Fiscal | D5: Taxa de investimento | E5: Razão entre os investimentos liquidados e a receita corrente líquida da administração pública municipal | F5: ten, seventeen | G5: G | H5: 10.b | 17.1 | 17.3 | K5: =SUMIFS('Dados 2025'!$B$1:$JA$1,'Dados 2025'!$B$2:$JA$2,Matriz!D5) -> 6
B6: Instituições | C6: Sustentabilidade Fiscal | D6: Despesa com pessoal | E6: Razão entre a despesa total com pessoal e a receita corrente líquida ajustada da administração pública municipal | F6: onze, sixteen, seventeen | G6: G | H6: 11.a | 16.6| 17.3 | K6: =SUMIFS('Dados 2025'!$B$1:$JA$1,'Dados 2025'!$B$2:$JA$2,Matriz!D6) -> 10
B7: Instituições | C7: Sustentabilidade Fiscal | D7: Endividamento | E7: Razão entre a dívida consolidada líquida e a receita corrente líquida da administração pública municipal | F7: onze, sixteen, seventeen | G7: G | H7: 11.a |16.6|17.1 | K7: =SUMIFS('Dados 2025'!$B$1:$JA$1,'Dados 2025'!$B$2:$JA$2,Matriz!D7) -> 14
B9: Instituições | C9: Funcionamento da máquina pública | D9: Custo da função administrativa | E9: Razão entre o custo da função administrativa do poder executivo e a receita corrente líquida da administração pública municipal | F9: onze, sixteen, seventeen | G9: G | H9: 11.a | 16.6 | 17.4 | K9: =SUMIFS('Dados 2025'!$B$1:$JA$1,'Dados 2025'!$B$2:$JA$2,Matriz!D9) -> 18
B10: Instituições | C10: Funcionamento da máquina pública | D10: Custo da função legislativa | E10: Razão entre o custo da função legislativa e a receita corrente líquida da administração pública municipal | F10: onze, sixteen, seventeen | G10: G | H10: 11.a | 16.6 | 17.5 | K10: =SUMIFS('Dados 2025'!$B$1:$JA$1,'Dados 2025'!$B$2:$JA$2,Matriz!D10) -> 22
B11: Instituições | C11: Funcionamento da máquina pública | D11: Qualidade da informação contábil e fiscal | E11: Nota geral do município no ranking da qualidade da informação contábil e fiscal dos municípios no Siconfi | F11: sixteen | G11: G | H11: 16.10 | K11: =SUMIFS('Dados 2025'!$B$1:$JA$1,'Dados 2025'!$B$2:$JA$2,Matriz!D11) -> 26
B12: Instituições | C12: Funcionamento da máquina pública | D12: Tempo para abertura de empresas | E12: Tempo médio para abertura de empresas levando-se em consideração o tempo na etapa de viabilidade e o tempo na etapa de registro | F12: oito, nove | G12: G | H12: 8.3 | 9.3 | K12: =SUMIFS('Dados 2025'!$B$1:$JA$1,'Dados 2025'!$B$2:$JA$2,Matriz!D12) -> 30
B13: Instituições | C13: Funcionamento da máquina pública | D13: Qualificação do servidor | E13: Razão entre o número de servidores públicos municipais da administração direta com ensino superior e o número total servidores públicos municipais da administração direta | F13: quatro, sixteen | G13: SG | H13: 4.b | 16.7 | K13: =SUMIFS('Dados 2025'!$B$1:$JA$1,'Dados 2025'!$B$2:$JA$2,Matriz!D13) -> 34
B14: Instituições | C14: Funcionamento da máquina pública | D14: Transparência municipal | E14: Nota na Escala Brasil Transparente 360º da administração pública municipal, abrangendo as notas em transparência passiva e transparência ativa | F14: onze, sixteen | G14: G | H14: 11.a | 16.10 | K14: =SUMIFS('Dados 2025'!$B$1:$JA$1,'Dados 2025'!$B$2:$JA$2,Matriz!D14) -> 38
B16: Sociedade | C16: Acesso à saúde | D16: Cobertura da atenção primária | E16: Razão entre a população cadastrada por equipes da Estratégia de Saúde da Família (eSF) e da Atenção Primária (eAP) financiadas pelo Ministério da Saúde no município e a população do município | F16: três | G16: SG | H16: 3.7 | 3.8 | K16: =SUMIFS('Dados 2025'!$B$1:$JA$1,'Dados 2025'!$B$2:$JA$2,Matriz!D16) -> 42
B17: Sociedade | C17: Acesso à saúde | D17: Cobertura de saúde suplementar | E17: Razão entre a população do município beneficiária de plano de saúde privado e a população total do município | F17: três | G17: S | H17: 3.8 | K17: =SUMIFS('Dados 2025'!$B$1:$JA$1,'Dados 2025'!$B$2:$JA$2,Matriz!D17) -> 46
... B80: Economia | C80: Telecomunicações | D80: Acessos de banda larga - Alta velocidade | E80: Razão entre o número de acessos de conexão banda larga com faixa de velocidade superior a 34 megabytes e o número de acessos de conexão banda larga | F80: um, cinco, nove | G80: SG | H80: 1.4 | 5.b | 9.c | K80: =SUMIFS('Dados 2025'!$B$1:$JA$1,'Dados 2025'!$B$2:$JA$2,Matriz!D80) -> 258

Sheet Dados 2025
A1: 1 | B1: 2 | C1: 3 | D1: 4 | E1: 5 | F1: 6 | G1: 7 | H1: 8 | I1: 9 | J1: 10 | K1: 11 | L1: 12 | M1: 13 | N1: 14 | O1: 15 | P1: 16 | Q1: 17 | R1: 18 | S1: 19 | T1: 20 | U1: 21 | V1: 22 | W1: 23 | X1: 24 | Y1: 25 | Z1: 26 | AA1: 27 | AB1: 28 | AC1: 29 | AD1: 30 | AE1: 31 | AF1: 32 | AG1: 33 | AH1: 34 | AI1: 35 | AJ1: 36 | AK1: 37 | AL1: 38 | AM1: 39 | AN1: 40 | AO1: 41 | AP1: 42 | AQ1: 43 | AR1: 44 | AS1: 45 | AT1: 46 | AU1: 47 | AV1: 48 | AW1: 49 | AX1: 50 | AY1: 51 | AZ1: 52 | BA1: 53 | BB1: 54 | BC1: 55 | BD1: 56 | BE1: 57 | BF1: 58 | BG1: 59 | BH1: 60 | BI1: 61 | BJ1: 62 | BK1: 63 | BL1: 64 | BM1: 65 | BN1: 66 | BO1: 67 | BP1: 68 | BQ1: 69 | BR1: 70 | BS1: 71 | BT1: 72 | BU1: 73 | BV1: 74 | BW1: 75 | BX1: 76 | BY1: 77 | BZ1: 78 | CA1: 79 | CB1: 80 | CC1: 81 | CD1: 82 | CE1: 83 | CF1: 84 | CG1: 85 | CH1: 86 | CI1: 87 | CJ1: 88 | CK1: 89 | CL1: 90 | CM1: 91 | CN1: 92 | CO1: 93 | CP1: 94 | CQ1: 95 | CR1: 96 | CS1: 97 | CT1: 98 | CU1: 99 | CV1: 100 | CW1: 101 | CX1: 102 | CY1: 103 | CZ1: 104 | DA1: 105 | DB1: 106 | DC1: 107 | DD1: 108 | DE1: 109 | DF1: 110 | DG1: 111 | DH1: 112 | DI1: 113 | DJ1: 114 | DK1: 115 | DL1: 116 | DM1: 117 | DN1: 118 | DO1: 119 | DP1: 120 | DQ1: 121 | DR1: 122 | DS1: 123 | DT1: 124 | DU1: 125 | DV1: 126 | DW1: 127 | DX1: 128 | DY1: 129 | DZ1: 130 | EA1: 131 | EB1: 132 | EC1: 133 | ED1: 134 | EE1: 135 | EF1: 136 | EG1: 137 | EH1: 138 | EI1: 139 | EJ1: 140 | EK1: 141 | EL1: 142 | EM1: 143 | EN1: 144 | EO1: 145 | EP1: 146 | EQ1: 147 | ER1: 148 | ES1: 149 | ET1: 150 | EU1: 151 | EV1: 152 | EW1: 153 | EX1: 154 | EY1: 155 | EZ1: 156 | FA1: 157 | FB1: 158 | FC1: 159 | FD1: 160 | FE1: 161 | FF1: 162 | FG1: 163 | FH1: 164 | FI1: 165 | FJ1: 166 | FK1: 167 | FL1: 168 | FM1: 169 | FN1: 170 | FO1: 171 | FP1: 172 | FQ1: 173 | FR1: 174 | FS1: 175 | FT1: 176 | FU1: 177 | FV1: 178 | FW1: 179 | FX1: 180 | FY1: 181 | FZ1: 182 | GA1: 183 | GB1: 184 | GC1: 185 | GD1: 186 | GE1: 187 | GF1: 188 | GG1: 189 | GH1: 190 | GI1: 191 | GJ1: 192 | GK1: 193 | GL1: 194 | GM1: 195 | GN1: 196 | GO1: 197 | GP1: 198 | GQ1: 199 | GR1: 200 | GS1: 201 | GT1: 202 | GU1: 203 | GV1: 204 | GW1: 205 | GX1: 206 | GY1: 207 | GZ1: 208 | HA1: 209 | HB1: 210 | HC1: 211 | HD1: 212 | HE1: 213 | HF1: 214 | HG1: 215 | HH1: 216 | HI1: 217 | HJ1: 218 | HK1: 219 | HL1: 220 | HM1: 221 | HN1: 222 | HO1: 223 | HP1: 224 | HQ1: 225 | HR1: 226 | HS1: 227 | HT1: 228 | HU1: 229 | HV1: 230 | HW1: 231 | HX1: 232 | HY1: 233 | HZ1: 234 | IA1: 235 | IB1: 236 | IC1: 237 | ID1: 238 | IE1: 239 | IF1: 240 | IG1: 241 | IH1: 242 | II1: 243 | IJ1: 244 | IK1: 245 | IL1: 246 | IM1: 247 | IN1: 248 | IO1: 249 | IP1: 250 | IQ1: 251 | IR1: 252 | IS1: 253 | IT1: 254 | IU1: 255 | IV1: 256 | IW1: 257 | IX1: 258 | IY1: 259 | IZ1: 260 | JA1: 261
B2: Dependência fiscal | F2: Taxa de investimento | J2: Despesa com pessoal | N2: Endividamento | R2: Custo da função administrativa | V2: Custo da função legislativa | Z2: Qualidade da informação contábil e fiscal | AD2: Tempo para abertura de empresas | AH2: Qualificação do servidor | AL2: Transparência municipal | AP2: Cobertura da atenção primária | AT2: Cobertura de saúde suplementar | AX2: Cobertura vacinal | BB2: Atendimento pré-natal | BF2: Mortalidade materna | BJ2: Desnutrição na infância | BN2: Obesidade na infância | BR2: Mortalidade na infância | BV2: Mortalidade por causas evitáveis | BZ2: Taxa de atendimento - Educação infantil | CD2: Taxa líquida de matrícula - Ensino fundamental | CH2: Taxa líquida de matrícula - Ensino médio | CL2: Alunos em tempo integral - Educação infantil | CP2: Alunos em tempo integral - Ensino fundamental | CT2: Alunos em tempo integral - Ensino médio | CX2: IDEB - Ensino fundamental anos iniciais | DB2: IDEB - Ensino fundamental anos finais | DF2: IDEB - Ensino médio | DJ2: ENEM | DN2: Mortes violentas intencionais | DR2: Mortes por causas indeterminadas | DV2: Mortalidade de jovens por razões de segurança | DZ2: Mortalidade nos transportes | ED2: Morbidade hospitalar por acidentes nos transportes | EH2: Cobertura do abastecimento de água | EL2: Perdas na distribuição de água | EP2: Perdas no faturamento de água | ET2: Cobertura da coleta de esgoto | EX2: Cobertura do tratamento de esgoto | FB2: Cobertura da coleta de resíduos domésticos | FF2: Destinação do lixo | FJ2: Emissões de gases de efeito estufa | FN2: Cobertura de floresta natural | FR2: Desmatamento ilegal | FV2: Velocidade do desmatamento ilegal | FZ2: Áreas recuperadas | GD2: População vulnerável | GH2: Formalidade no mercado de trabalho | GL2: Crescimento dos empregos formais | GP2: Recursos para pesquisa e desenvolvimento científico | GT2: Empregos no setor criativo | GX2: Crédito per capita | HB2: PIB per capita | HF2: Crescimento do PIB per capita | HJ2: Complexidade econômica | HN2: Renda média do trabalho formal | HR2: Crescimento da renda média do trabalho formal | HV2: Taxa bruta de matrícula - Ensino técnico e profissionalizante | HZ2: Taxa bruta de matrícula - Ensino superior | ID2: Qualificação dos trabalhadores em emprego formal | IH2: Acessos de telefonia móvel | IL2: Acessos de telefonia móvel - 4G | IP2: Acessos de banda larga | IT2: Acessos de banda larga - Fibra ótica | IX2: Acessos de banda larga - Alta velocidade
A3: Município | B3: Dados brutos | C3: Nota normalizada | D3: Colocação | E3: Delta colocação | F3: Dados brutos | G3: Nota normalizada | H3: Colocação | I3: Delta colocação | J3: Dados brutos | K3: Nota normalizada | L3: Colocação | M3: Delta colocação | N3: Dados brutos | O3: Nota normalizada | P3: Colocação | Q3: Delta colocação | R3: Dados brutos | S3: Nota normalizada | T3: Colocação | U3: Delta colocação | V3: Dados brutos | W3: Nota normalizada | X3: Colocação | Y3: Delta colocação | Z3: Dados brutos | AA3: Nota normalizada | AB3: Colocação | AC3: Delta colocação | AD3: Dados brutos | AE3: Nota normalizada | AF3: Colocação | AG3: Delta colocação | AH3: Dados brutos | AI3: Nota normalizada | AJ3: Colocação | AK3: Delta colocação | AL3: Dados brutos | AM3: Nota normalizada | AN3: Colocação | AO3: Delta colocação | AP3: Dados brutos | AQ3: Nota normalizada | AR3: Colocação | AS3: Delta colocação | AT3: Dados brutos | AU3: Nota normalizada | AV3: Colocação | AW3: Delta colocação | AX3: Dados brutos | AY3: Nota normalizada | AZ3: Colocação | BA3: Delta colocação | BB3: Dados brutos | BC3: Nota normalizada | BD3: Colocação | BE3: Delta colocação | BF3: Dados brutos | BG3: Nota normalizada | BH3: Colocação | BI3: Delta colocação | BJ3: Dados brutos | BK3: Nota normalizada | BL3: Colocação | BM3: Delta colocação | BN3: Dados brutos | BO3: Nota normalizada | BP3: Colocação | BQ3: Delta colocação | BR3: Dados brutos | BS3: Nota normalizada | BT3: Colocação | BU3: Delta colocação | BV3: Dados brutos | BW3: Nota normalizada | BX3: Colocação | BY3: Delta colocação | BZ3: Dados brutos | CA3: Nota normalizada | CB3: Colocação | CC3: Delta colocação | CD3: Dados brutos | CE3: Nota normalizada | CF3: Colocação | CG3: Delta colocação | CH3: Dados brutos | CI3: Nota normalizada | CJ3: Colocação | CK3: Delta colocação | CL3: Dados brutos | CM3: Nota normalizada | CN3: Colocação | CO3: Delta colocação | CP3: Dados brutos | CQ3: Nota normalizada | CR3: Colocação | CS3: Delta colocação | CT3: Dados brutos | CU3: Nota normalizada | CV3: Colocação | CW3: Delta colocação | CX3: Dados brutos | CY3: Nota normalizada | CZ3: Colocação | DA3: Delta colocação | DB3: Dados brutos | DC3: Nota normalizada | DD3: Colocação | DE3: Delta colocação | DF3: Dados brutos | DG3: Nota normalizada | DH3: Colocação | DI3: Delta colocação | DJ3: Dados brutos | DK3: Nota normalizada | DL3: Colocação | DM3: Delta colocação | DN3: Dados brutos | DO3: Nota normalizada | DP3: Colocação | DQ3: Delta colocação | DR3: Dados brutos | DS3: Nota normalizada | DT3: Colocação | DU3: Delta colocação | DV3: Dados brutos | DW3: Nota normalizada | DX3: Colocação | DY3: Delta colocação | DZ3: Dados brutos | EA3: Nota normalizada | EB3: Colocação | EC3: Delta colocação | ED3: Dados brutos | EE3: Nota normalizada | EF3: Colocação | EG3: Delta colocação | EH3: Dados brutos | EI3: Nota normalizada | EJ3: Colocação | EK3: Delta colocação | EL3: Dados brutos | EM3: Nota normalizada | EN3: Colocação | EO3: Delta colocação | EP3: Dados brutos | EQ3: Nota normalizada | ER3: Colocação | ES3: Delta colocação | ET3: Dados brutos | EU3: Nota normalizada | EV3: Colocação | EW3: Delta colocação | EX3: Dados brutos | EY3: Nota normalizada | EZ3: Colocação | FA3: Delta colocação | FB3: Dados brutos | FC3: Nota normalizada | FD3: Colocação | FE3: Delta colocação | FF3: Dados brutos | FG3: Nota normalizada | FH3: Colocação | FI3: Delta colocação | FJ3: Dados brutos | FK3: Nota normalizada | FL3: Colocação | FM3: Delta colocação | FN3: Dados brutos | FO3: Nota normalizada | FP3: Colocação | FQ3: Delta colocação | FR3: Dados brutos | FS3: Nota normalizada | FT3: Colocação | FU3: Delta colocação | FV3: Dados brutos | FW3: Nota normalizada | FX3: Colocação | FY3: Delta colocação | FZ3: Dados brutos | GA3: Nota normalizada | GB3: Colocação | GC3: Delta colocação | GD3: Dados brutos | GE3: Nota normalizada | GF3: Colocação | GG3: Delta colocação | GH3: Dados brutos | GI3: Nota normalizada | GJ3: Colocação | GK3: Delta colocação | GL3: Dados brutos | GM3: Nota normalizada | GN3: Colocação | GO3: Delta colocação | GP3: Dados brutos | GQ3: Nota normalizada | GR3: Colocação | GS3: Delta colocação | GT3: Dados brutos | GU3: Nota normalizada | GV3: Colocação | GW3: Delta colocação | GX3: Dados brutos | GY3: Nota normalizada | GZ3: Colocação | HA3: Delta colocação | HB3: Dados brutos | HC3: Nota normalizada | HD3: Colocação | HE3: Delta colocação | HF3: Dados brutos | HG3: Nota normalizada | HH3: Colocação | HI3: Delta colocação | HJ3: Dados brutos | HK3: Nota normalizada | HL3: Colocação | HM3: Delta colocação | HN3: Dados brutos | HO3: Nota normalizada | HP3: Colocação | HQ3: Delta colocação | HR3: Dados brutos | HS3: Nota normalizada | HT3: Colocação | HU3: Delta colocação | HV3: Dados brutos | HW3: Nota normalizada | HX3: Colocação | HY3: Delta colocação | HZ3: Dados brutos | IA3: Nota normalizada | IB3: Colocação | IC3: Delta colocação | ID3: Dados brutos | IE3: Nota normalizada | IF3: Colocação | IG3: Delta colocação | IH3: Dados brutos | II3: Nota normalizada | IJ3: Colocação | IK3: Delta colocação | IL3: Dados brutos | IM3: Nota normalizada | IN3: Colocação | IO3: Delta colocação | IP3: Dados brutos | IQ3: Nota normalizada | IR3: Colocação | IS3: Delta colocação | IT3: Dados brutos | IU3: Nota normalizada | IV3: Colocação | IW3: Delta colocação | IX3: Dados brutos | IY3: Nota normalizada | IZ3: Colocação | JA3: Delta colocação
A4: Ariquemes | B4: 0.6880761 | C4: 35.998906 | D4: 237 | E4: -67 | F4: 0.0599727 | G4: 16.903363 | H4: 285 | I4: 96 | J4: 0.5261 | K4: 39.698582 | L4: 345 | M4: -48 | N4: -0.1326 | O4: 34.968139 | P4: 74 | Q4: 5 | R4: 0.0980484 | S4: 77.351041 | T4: 209 | U4: 12 | V4: 0.0263238 | W4: 67.182212 | X4: 276 | Y4: -28 | Z4: 0.89842342 | AA4: 88.256087 | AB4: 157 | AC4: -109 | AD4: 16 | AE4: 91.632534 | AF4: 157 | AG4: 3 | AH4: 0.372085 | AI4: 39.99831 | AJ4: 346 | AK4: -129 | AL4: 6.05 | AM4: 46.331522 | AN4: 270 | AO4: -8 | AP4: 0.6867 | AQ4: 29.068901 | AR4: 320 | AS4: -118 | AT4: 0.071445 | AU4: 10.032755 | AV4: 377 | AW4: -2 | AX4: 0.9693364 | AY4: 69.119182 | AZ4: 53 | BA4: 94 | BB4: 0.7861386 | BC4: 73.232656 | BD4: 209 | BE4: -42 | BF4: 0 | BG4: 100 | BH4: 1 | BI4: 269 | BJ4: 0.0292 | BK4: 73.367876 | BL4: 326 | BM4: -118 | BN4: 0.044 | BO4: 80.48 | BP4: 148 | BQ4: 41 | BR4: 16.50165 | BS4: 62.16258 | BT4: 316 | BU4: 80 | BV4: 169.09526 | BW4: 59.226348 | BX4: 232 | BY4: 93 | BZ4: 0.4616196 | CA4: 23.150621 | CB4: 314 | CC4: -17 | CD4: 0.8713184 | CE4: 39.763045 | CF4: 382 | CG4: -92 | CH4: 0.7954464 | CI4: 42.04083 | CJ4: 183 | CK4: -35 | CL4: 0.1677236 | CM4: 19.421562 | CN4: 281 | CO4: -18 | CP4: 0.0783905 | CQ4: 8.1672703 | CR4: 232 | CS4: 157 | CT4: 0.2449207 | CU4: 27.990945 | CV4: 135 | CW4: -37 | CX4: 5.4 | CY4: 28.813559 | CZ4: 299 | DA4: 62 | DB4: 4.8 | DC4: 39.215686 | DD4: 220 | DE4: -21 | DF4: 4.2 | DG4: 64.285714 | DH4: 217 | DI4: 42 | DJ4: 528.485 | DK4: 41.05959 | DL4: 322 | DM4: -11 | DN4: 21.68682 | DO4: 79.948591 | DP4: 218 | DQ4: 31 | DR4: 0 | DS4: 100 | DT4: 1 | DU4: 93 | DV4: 86.78403 | DW4: 73.436 | DX4: 272 | DY4: -71 | DZ4: 33.046585 | EA4: 74.432957 | EB4: 363 | EC4: -32 | ED4: 13.81559 | EE4: 85.021205 | EF4: 244 | EG4: 106 | EH4: 0.847 | EI4: 83.411038 | EJ4: 303 | EK4: -22 | EL4: 0.2008 | EM4: 80.62954 | EN4: 52 | EO4: 159 | EP4: 0.2163 | EQ4: 50.256509 | ER4: 82 | ES4: 80 | ET4: 0.1915 | EU4: 18.78453 | EV4: 333 | EW4: 33 | EX4: 0.0176 | EY4: 0.92393301 | EZ4: 360 | FA4: -12 | FB4: 0.8095 | FC4: 71.219217 | FD4: 368 | FE4: -11 | FF4: 0 | FG4: 100 | FH4: 1 | FI4: 0 | FJ4: 0.7726679 | FK4: 82.057061 | FL4: 406 | FM4: -14 | FN4: 0.3013645 | FO4: 32.856591 | FP4: 186 | FQ4: -25 | FR4: 0.0005712 | FS4: 97.03208 | FT4: 338 | FU4: 8 | FV4: 0.0329863 | FW4: 96.018475 | FX4: 365 | FY4: -13 | FZ4: 9.99e-05 | GA4: 0.68188799 | GB4: 377 | GC4: -142 | GD4: 0.4158953 | GE4: 53.611447 | GF4: 234 | GG4: 4 | GH4: 0.2907737 | GI4: 22.338512 | GJ4: 261 | GK4: -20 | GL4: 0.031575 | GM4: 26.702986 | GN4: 293 | GO4: -242 | GP4: 0.0322364 | GQ4: 0.020276276 | GR4: 229 | GS4: -4 | GT4: 0.0089918 | GU4: 6.5746213 | GV4: 236 | GW4: 37 | GX4: 25923.08 | GY4: 17.117915 | GZ4: 47 | HA4: -4 | HB4: 28878.26 | HC4: 5.9473317 | HD4: 266 | HE4: -10 | HF4: 0.1226348 | HG4: 11.359568 | HH4: 226 | HI4: -6 | HJ4: 0.9846252 | HK4: 31.026363 | HL4: 367 | HM4: -35 | HN4: 2635.9876 | HO4: 26.540191 | HP4: 256 | HQ4: 16 | HR4: -0.0329664 | HS4: 57.666724 | HT4: 130 | HU4: 4 | HV4: 0.0580698 | HW4: 13.131087 | HX4: 304 | HY4: 17 | HZ4: 0.6772842 | IA4: 24.679441 | IB4: 152 | IC4: 5 | ID4: 0.1334242 | IE4: 21.222198 | IF4: 372 | IG4: -54 | IH4: 92.90892 | II4: 39.796182 | IJ4: 337 | IK4: -122 | IL4: 0.7820647 | IM4: 57.264393 | IN4: 127 | IO4: 109 | IP4: 28.73919 | IQ4: 42.313568 | IR4: 190 | IS4: 4 | IT4: 0.9231484 | IU4: 91.154165 | IV4: 202 | IW4: -12 | IX4: 0.5932122 | IY4: 23.186659 | IZ4: 415 | JA4: -18
A5: Cacoal | B5: 0.6524333 | C5: 41.455305 | D5: 190 | E5: 0 | F5: 0.0950962 | G5: 27.823165 | H5: 176 | I5: -13 | J5: 0.4918 | K5: 45.780142 | L5: 271 | M5: 38 | N5: -0.1024 | O5: 34.247393 | P5: 87 | Q5: 45 | R5: 0.157894 | S5: 58.97799 | T5: 333 | U5: 4 | V5: 0.0324494 | W5: 58.727744 | X5: 363 | Y5: -34 | Z5: 0.94763514 | AA5: 93.977481 | AB5: 49 | AC5: -5 | AD5: 14.2 | AE5: 92.685781 | AF5: 131 | AG5: -19 | AH5: 0.4688975 | AI5: 50.647879 | AJ5: 253 | AK5: -24 | AL5: 9.47 | AM5: 92.798913 | AN5: 42 | AO5: 0 | AP5: 0.9767 | AQ5: 47.070143 | AR5: 141 | AS5: -29 | AT5: 0.0976986 | AU5: 14.120843 | AV5: 350 | AW5: -15 | AX5: 0.9437 | AY5: 65.91084 | AZ5: 81 | BA5: 64 | BB5: 0.8227848 | BC5: 78.714021 | BD5: 146 | BE5: -79 | BF5: 0 | BG5: 100 | BH5: 1 | BI5: 0 | BJ5: 0.0201 | BK5: 82.797927 | BL5: 224 | BM5: 25 | BN5: 0.0427 | BO5: 81.173333 | BP5: 134 | BQ5: 57 | BR5: 8.93522 | BS5: 86.066717 | BT5: 42 | BU5: 23 | BV5: 168.37283 | BW5: 59.592504 | BX5: 227 | BY5: -136 | BZ5: 0.4219717 | CA5: 18.246612 | CB5: 353 | CC5: -29 | CD5: 0.9227441 | CE5: 49.374046 | CF5: 316 | CG5: -142 | CH5: 1.013594 | CI5: 61.551509 | CJ5: 41 | CK5: -10 | CL5: 0.0425712 | CM5: 4.9295341 | CN5: 392 | CO5: -1 | CP5: 0.07693 | CQ5: 8.0004487 | CR5: 233 | CS5: 27 | CT5: 0.2888125 | CU5: 33.081635 | CV5: 100 | CW5: -35 | CX5: 5.7 | CY5: 33.898305 | CZ5: 238 | DA5: -47 | DB5: 4.9 | DC5: 41.176471 | DD5: 184 | DE5: -21 | DF5: 4.2 | DG5: 64.285714 | DH5: 217 | DI5: -16 | DJ5: 524.4731 | DK5: 38.519181 | DL5: 343 | DM5: -12 | DN5: 20.71656 | DO5: 80.879656 | DP5: 209 | DQ5: -64 | DR5: 0.1818182 | DS5: 80.519478 | DT5: 243 | DU5: -89 | DV5: 99.61105 | DW5: 69.234287 | DX5: 303 | DY5: 38 | DZ5: 77.111649 | EA5: 39.914204 | EB5: 415 | EC5: -12 | ED5: 2.662925 | EE5: 97.181255 | EF5: 61 | EG5: 116 | EH5: 0.7881 | EI5: 77.024829 | EJ5: 335 | EK5: -16 | EL5: 0.2554 | EM5: 75.121065 | EN5: 97 | EO5: 229 | EP5: 0.3122 | EQ5: 44.106708 | ER5: 153 | ES5: 151 | ET5: 0.5674 | EU5: 56.54445 | EV5: 240 | EW5: -19 | EX5: 0.4719 | EY5: 24.772954 | EZ5: 194 | FA5: 5 | FB5: 0.7881 | FC5: 67.986101 | FD5: 377 | FE5: 0 | FF5: 0 | FG5: 100 | FH5: 1 | FI5: 0 | FJ5: 0.4671544 | FK5: 84.773939 | FL5: 396 | FM5: -14 | FN5: 0.3602168 | FO5: 39.273027 | FP5: 156 | FQ5: -26 | FR5: 0.0003371 | FS5: 98.248449 | FT5: 318 | FU5: 9 | FV5: 0.0112992 | FW5: 98.63616 | FX5: 295 | FY5: 27 | FZ5: 1.36e-05 | GA5: 0.092829596 | GB5: 412 | GC5: -88 | GD5: 0.4285363 | GE5: 51.800577 | GF5: 245 | GG5: 13 | GH5: 0.297397 | GI5: 23.063774 | GJ5: 244 | GK5: -9 | GL5: 0.0371766 | GM5: 27.279917 | GN5: 275 | GO5: -114 | GP5: 0 | GQ5: 0 | GR5: 232 | GS5: -7 | GT5: 0.0103173 | GU5: 7.5632722 | GV5: 214 | GW5: -4 | GX5: 17445.41 | GY5: 11.45492 | GZ5: 103 | HA5: -3 | HB5: 32313.26 | HC5: 6.9534016 | HD5: 237 | HE5: -10 | HF5: 0.1018873 | HG5: 10.229479 | HH5: 281 | HI5: -10 | HJ5: 1.354225 | HK5: 40.673094 | HL5: 293 | HM5: 3 | HN5: 2505.2061 | HO5: 24.308712 | HP5: 291 | HQ5: 50 | HR5: 0.0226702 | HS5: 63.296285 | HT5: 29 | HU5: 315 | HV5: 0.1001825 | HW5: 23.746724 | HX5: 148 | HY5: -5 | HZ5: 0.7820333 | IA5: 28.704154 | IB5: 94 | IC5: -14 | ID5: 0.1639138 | IE5: 29.811616 | IF5: 261 | IG5: -22 | IH5: 98.32645 | II5: 44.751704 | IJ5: 301 | IK5: -102 | IL5: 0.7341333 | IM5: 46.581232 | IN5: 221 | IO5: 12 | IP5: 28.02114 | IQ5: 41.205231 | IR5: 205 | IS5: -40 | IT5: 0.938046 | IU5: 92.991013 | IV5: 184 | IW5: -7 | IX5: 0.926971 | IY5: 87.699589 | IZ5: 322 | JA5: -13
A6: Ji-Paraná | B6: 0.6830885 | C6: 36.762435 | D6: 229 | E6: -21 | F6: 0.1509008 | G6: 45.172666 | H6: 49 | I6: 42 | J6: 0.4775 | K6: 48.315603 | L6: 235 | M6: 44 | N6: -0.1811 | O6: 36.125629 | P6: 53 | Q6: -28 | R6: 0.1441596 | S6: 63.194555 | T6: 311 | U6: -61 | V6: 0.0291217 | W6: 63.32059 | X6: 327 | Y6: -1 | Z6: 0.99324324 | AA6: 99.279915 | AB6: 5 | AC6: 7 | AD6: 48.9 | AE6: 72.38151 | AF6: 392 | AG6: -208 | AH6: 0.4212586 | AI6: 45.407505 | AJ6: 300 | AK6: 90 | AL6: 9.41 | AM6: 91.983696 | AN6: 46 | AO6: 0 | AP6: 0.9365 | AQ6: 44.574798 | AR6: 171 | AS6: -23 | AT6: 0.1097597 | AU6: 15.998941 | AV6: 338 | AW6: -19 | AX6: 0.8904091 | AY6: 59.241596 | AZ6: 165 | BA6: -32 | BB6: 0.829765 | BC6: 79.758086 | BD6: 126 | BE6: -32 | BF6: 0 | BG6: 100 | BH6: 1 | BI6: 0 | BJ6: 0.0147 | BK6: 88.393782 | BL6: 149 | BM6: -40 | BN6: 0.0328 | BO6: 86.453333 | BP6: 45 | BQ6: 15 | BR6: 9.399478 | BS6: 84.600017 | BT6: 51 | BU6: 30 | BV6: 185.6674 | BW6: 50.826945 | BX6: 288 | BY6: 66 | BZ6: 0.3514665 | CA6: 9.5258952 | CB6: 399 | CC6: -21 | CD6: 0.8797693 | CE6: 41.342442 | CF6: 373 | CG6: -130 | CH6: 0.8923339 | CI6: 50.706251 | CJ6: 106 | CK6: -37 | CL6: 0.0541916 | CM6: 6.2751188 | CN6: 378 | CO6: -70 | CP6: 0.0521043 | CQ6: 5.1648005 | CR6: 300 | CS6: -48 | CT6: 0.1366906 | CU6: 15.438124 | CV6: 256 | CW6: -37 | CX6: 5.9 | CY6: 37.288136 | CZ6: 196 | DA6: 46 | DB6: 4.8 | DC6: 39.215686 | DD6: 220 | DE6: -21 | DF6: 4.3 | DG6: 67.857143 | DH6: 189 | DI6: 12 | DJ6: 516.0163 | DK6: 33.16418 | DL6: 371 | DM6: -12 | DN6: 32.97596 | DO6: 69.115491 | DP6: 311 | DQ6: 36 | DR6: 0.0238095 | DS6: 97.448982 | DT6: 52 | DU6: 19 | DV6: 95.16042 | DW6: 70.692168 | DX6: 297 | DY6: -41 | DZ6: 22.520168 | EA6: 82.678918 | EB6: 289 | EC6: -79 | ED6: 11.768167 | EE6: 87.253565 | EF6: 200 | EG6: -7 | EH6: 0.6881 | EI6: 66.18237 | EJ6: 367 | EK6: -33 | EL6: 0.4856 | EM6: 51.896691 | EN6: 315 | EO6: -21 | EP6: 0.384 | EQ6: 39.502373 | ER6: 217 | ES6: 19 | ET6: 0.0116 | EU6: 0.71320944 | EV6: 381 | EW6: -11 | EX6: 0.0124 | EY6: 0.65095281 | EZ6: 362 | FA6: -7 | FB6: 1 | FC6: 100 | FD6: 1 | FE6: 173 | FF6: 0 | FG6: 100 | FH6: 1 | FI6: 0 | FJ6: 0.1195825 | FK6: 87.864836 | FL6: 316 | FM6: -13 | FN6: 0.651881 | FO6: 71.072033 | FP6: 45 | FQ6: -7 | FR6: 9.95e-06 | FS6: 99.9483 | FT6: 207 | FU6: -23 | FV6: 0.0046986 | FW6: 99.432868 | FX6: 245 | FY6: -9 | FZ6: 1.66e-05 | GA6: 0.11330671 | GB6: 411 | GC6: -138 | GD6: 0.3900717 | GE6: 57.310773 | GF6: 207 | GG6: 8 | GH6: 0.3304777 | GI6: 26.686167 | GJ6: 208 | GK6: -26 | GL6: 0.0050114 | GM6: 23.967093 | GN6: 367 | GO6: -256 | GP6: 0 | GQ6: 0 | GR6: 232 | GS6: -7 | GT6: 0.0184279 | GU6: 13.612726 | GV6: 103 | GW6: 62 | GX6: 17407.78 | GY6: 11.429783 | GZ6: 104 | HA6: -1 | HB6: 32292.16 | HC6: 6.9472216 | HD6: 239 | HE6: -10 | HF6: 0.0347769 | HG6: 6.5740645 | HH6: 388 | HI6: -13 | HJ6: 1.590532 | HK6: 46.840819 | HL6: 248 | HM6: -23 | HN6: 2378.261 | HO6: 22.142691 | HP6: 320 | HQ6: 26 | HR6: -0.0240823 | HS6: 58.565657 | HT6: 102 | HU6: 238 | HV6: 0.0548424 | HW6: 12.317534 | HX6: 327 | HY6: -86 | HZ6: 0.7443743 | IA6: 27.257204 | IB6: 110 | IC6: -14 | ID6: 0.1408573 | IE6: 23.316224 | IF6: 355 | IG6: -16 | IH6: 93.27493 | II6: 40.130979 | IJ6: 334 | IK6: -77 | IL6: 0.7084939 | IM6: 40.86661 | IN6: 271 | IO6: -24 | IP6: 12.66513 | IQ6: 17.502664 | IR6: 382 | IS6: -381 | IT6: 0.9647025 | IU6: 96.277713 | IV6: 123 | IW6: 131 | IX6: 0.9511048 | IY6: 92.364461 | IZ6: 240 | JA6: 131
A7: Porto Velho | B7: 0.6599383 | C7: 40.306398 | D7: 197 | E7: -22 | F7: 0.0590345 | G7: 16.611679 | H7: 290 | I7: -152 | J7: 0.4854 | K7: 46.914894 | L7: 259 | M7: 36 | N7: -0.0435 | O7: 32.841698 | P7: 122 | Q7: -6 | R7: 0.2373666 | S7: 34.579303 | T7: 393 | U7: -8 | V7: 0.0199881 | W7: 75.926657 | X7: 153 | Y7: 110 | Z7: 0.73456341 | AA7: 69.205591 | AB7: 310 | AC7: -296 | AD7: 18.4 | AE7: 90.228204 | AF7: 179 | AG7: -59 | AH7: 0.5364742 | AI7: 58.081451 | AJ7: 161 | AK7: 18 | AL7: 9.7 | AM7: 95.923913 | AN7: 24 | AO7: 0 | AP7: 0.7401 | AQ7: 32.383613 | AR7: 288 | AS7: 39 | AT7: 0.170275 | AU7: 25.422101 | AV7: 284 | AW7: -15 | AX7: 0.8471 | AY7: 53.821554 | AZ7: 232 | BA7: 13 | BB7: 0.6071052 | BC7: 46.45369 | BD7: 400 | BE7: -29 | BF7: 60.213757 | BG7: 76.014853 | BH7: 250 | BI7: -54 | BJ7: 0.0257 | BK7: 76.994819 | BL7: 295 | BM7: -104 | BN7: 0.0572 | BO7: 73.44 | BP7: 267 | BQ7: -4 | BR7: 16.25772 | BS7: 62.933212 | BT7: 307 | BU7: -64 | BV7: 212.28911 | BW7: 37.334031 | BX7: 361 | BY7: -26 | BZ7: 0.3722841 | CA7: 12.100803 | CB7: 392 | CC7: -39 | CD7: 0.9544837 | CE7: 55.305892 | CF7: 240 | CG7: -191 | CH7: 0.768977 | CI7: 39.67346 | CJ7: 218 | CK7: -54 | CL7: 0.0254857 | CM7: 2.9511178 | CN7: 404 | CO7: -18 | CP7: 0.0267262 | CQ7: 2.2660559 | CR7: 387 | CS7: -60 | CT7: 0.0452799 | CU7: 4.8360619 | CV7: 378 | CW7: -17 | CX7: 5.4 | CY7: 28.813559 | CZ7: 299 | DA7: -40 | DB7: 4.6 | DC7: 35.294118 | DD7: 268 | DE7: 64 | DF7: 4 | DG7: 57.142857 | DH7: 286 | DI7: -13 | DJ7: 525.2993 | DK7: 39.042346 | DL7: 340 | DM7: -12 | DN7: 46.47789 | DO7: 56.15899 | DP7: 360 | DQ7: -8 | DR7: 0.2132353 | DS7: 77.15336 | DT7: 267 | DU7: 46 | DV7: 118.2002 | DW7: 63.145089 | DX7: 339 | DY7: -23 | DZ7: 29.320162 | EA7: 77.352083 | EB7: 341 | EC7: -5 | ED7: 8.8953972 | EE7: 90.385823 | EF7: 157 | EG7: 196 | EH7: 0.3502 | EI7: 29.545701 | EJ7: 402 | EK7: -11 | EL7: 0.3856 | EM7: 61.985472 | EN7: 234 | EO7: 166 | EP7: 0.6194 | EQ7: 24.406823 | ER7: 351 | ES7: 43 | ET7: 0.0927 | EU7: 8.8598694 | EV7: 356 | EW7: -12 | EX7: 0.1218 | EY7: 6.3940364 | EZ7: 324 | FA7: 27 | FB7: 0.9596 | FC7: 93.896359 | FD7: 290 | FE7: -289 | FF7: 1 | FG7: 0 | FH7: 327 | FI7: 55 | FJ7: 2.008404 | FK7: 71.067875 | FL7: 413 | FM7: -14 | FN7: 0.6156464 | FO7: 67.121516 | FP7: 57 | FQ7: -15 | FR7: 0.0024619 | FS7: 87.208118 | FT7: 393 | FU7: -4 | FV7: 0.0583369 | FW7: 92.958597 | FX7: 385 | FY7: -4 | FZ7: 0.0018136 | GA7: 12.3791 | GB7: 134 | GC7: 76 | GD7: 0.4888875 | GE7: 43.155045 | GF7: 284 | GG7: 18 | GH7: 0.3735215 | GI7: 31.399537 | GJ7: 155 | GK7: -121 | GL7: -0.2276923 | GM7: 0 | GN7: 418 | GO7: -414 | GP7: 10.94934 | GQ7: 6.8869924 | GR7: 71 | GS7: -4 | GT7: 0.0119141 | GU7: 8.7542776 | GV7: 187 | GW7: 77 | GX7: 20762.91 | GY7: 13.670975 | GZ7: 72 | HA7: -6 | HB7: 36541.48 | HC7: 8.191796 | HD7: 204 | HE7: -8 | HF7: 0.0134756 | HG7: 5.4138108 | HH7: 406 | HI7: -13 | HJ7: 1.844563 | HK7: 53.471149 | HL7: 192 | HM7: -16 | HN7: 3131.3294 | HO7: 34.992037 | HP7: 137 | HQ7: -89 | HR7: -0.2463028 | HS7: 36.080388 | HT7: 383 | HU7: -198 | HV7: 0.0501392 | HW7: 11.131966 | HX7: 344 | HY7: -101 | HZ7: 0.6579444 | IA7: 23.936359 | IB7: 165 | IC7: -16 | ID7: 0.2463083 | IE7: 53.023492 | IF7: 55 | IG7: -25 | IH7: 105.5761 | II7: 51.383102 | IJ7: 200 | IK7: -115 | IL7: 0.6598716 | IM7: 30.029459 | IN7: 359 | IO7: -1 | IP7: 28.96578 | IQ7: 42.663318 | IR7: 188 | IS7: -32 | IT7: 0.8508418 | IU7: 82.238889 | IV7: 273 | IW7: -34 | IX7: 0.9509914 | IY7: 92.342541 | IZ7: 241 | JA7: -149
A8: Vilhena | B8: 0.6303942 | C8: 44.829174 | D8: 156 | E8: -29 | F8: 0.0345305 | G8: 8.9934513 | H8: 375 | I8: 8 | J8: 0.4586 | K8: 51.666667 | L8: 190 | M8: 42 | N8: -0.0703 | O8: 33.481301 | P8: 105 | Q8: 5 | R8: 0.1228818 | S8: 69.727 | T8: 266 | U8: -24 | V8: 0.025425 | W8: 68.422723 | X8: 255 | Y8: -32 | Z8: 0.73172211 | AA8: 68.87526 | AB8: 313 | AC8: -20 | AD8: 14.4 | AE8: 92.568754 | AF8: 133 | AG8: -24 | AH8: 0.4200454 | AI8: 45.27405 | AJ8: 301 | AK8: 9 | AL8: 6.53 | AM8: 52.853261 | AN8: 242 | AO8: -5 | AP8: 1.187 | AQ8: 60.124146 | AR8: 55 | AS8: 181 | AT8: 0.1290266 | AU8: 18.999093 | AV8: 321 | AW8: -13 | AX8: 1.119818 | AY8: 87.951637 | AZ8: 3 | BA8: 2 | BB8: 0.8358008 | BC8: 80.660892 | BD8: 120 | BE8: -11 | BF8: 0 | BG8: 100 | BH8: 1 | BI8: 0 | BJ8: 0.0129 | BK8: 90.259067 | BL8: 120 | BM8: -36 | BN8: 0.0284 | BO8: 88.8 | BP8: 15 | BQ8: 97 | BR8: 14.1319 | BS8: 69.649179 | BT8: 227 | BU8: 102 | BV8: 211.4102 | BW8: 37.779497 | BX8: 360 | BY8: -94 | BZ8: 0.4044531 | CA8: 16.079754 | CB8: 369 | CC8: -2 | CD8: 0.9197044 | CE8: 48.805953 | CF8: 323 | CG8: -144 | CH8: 0.8368062 | CI8: 45.739966 | CJ8: 151 | CK8: -55 | CL8: 0.0105364 | CM8: 1.2200629 | CN8: 417 | CO8: -18 | CP8: 0.0268866 | CQ8: 2.2843772 | CR8: 386 | CS8: -65 | CT8: 0.031694 | CU8: 3.2603323 | CV8: 393 | CW8: -33 | CX8: 5.6 | CY8: 32.20339 | CZ8: 260 | DA8: -18 | DB8: 4.9 | DC8: 41.176471 | DD8: 184 | DE8: -21 | DF8: 4.1 | DG8: 60.714286 | DH8: 250 | DI8: 43 | DJ8: 528.0102 | DK8: 40.758938 | DL8: 324 | DM8: -12 | DN8: 45.91368 | DO8: 56.700408 | DP8: 358 | DQ8: -28 | DR8: 0 | DS8: 100 | DT8: 1 | DU8: 0 | DV8: 130.2027 | DW8: 59.213462 | DX8: 361 | DY8: -28 | DZ8: 37.565739 | EA8: 70.892839 | EB8: 376 | EC8: -14 | ED8: 33.171162 | EE8: 63.917305 | EF8: 399 | EG8: -12 | EH8: 0.9503 | EI8: 94.611298 | EJ8: 171 | EK8: -71 | EL8: .n | EM8: 0 | EN8: 401 | EO8: -16 | EP8: .n | EQ8: 0 | ER8: 402 | ES8: -25 | ET8: .n | EU8: 0 | EV8: 387 | EW8: -8 | EX8: .n | EY8: 0 | EZ8: 368 | FA8: -4 | FB8: 1 | FC8: 100 | FD8: 1 | FE8: 142 | FF8: 0 | FG8: 100 | FH8: 1 | FI8: 0 | FJ8: 0.182271 | FK8: 87.307358 | FL8: 362 | FM8: -14 | FN8: 0.8142763 | FO8: 88.777356 | FP8: 20 | FQ8: -8 | FR8: 0.0007398 | FS8: 96.156044 | FT8: 356 | FU8: 10 | FV8: 0.0677511 | FW8: 91.82228 | FX8: 389 | FY8: -30 | FZ8: 0.0003163 | GA8: 2.1589707 | GB8: 331 | GC8: -92 | GD8: 0.3875682 | GE8: 57.669409 | GF8: 202 | GG8: 22 | GH8: 0.3937845 | GI8: 33.61837 | GJ8: 126 | GK8: -9 | GL8: 0.0559253 | GM8: 29.210921 | GN8: 200 | GO8: -170 | GP8: 0 | GQ8: 0 | GR8: 232 | GS8: -7 | GT8: 0.0084036 | GU8: 6.1359005 | GV8: 255 | GW8: 34 | GX8: 26713.82 | GY8: 17.646121 | GZ8: 43 | HA8: -3 | HB8: 40328.81 | HC8: 9.3010591 | HD8: 182 | HE8: -6 | HF8: 0.307524 | HG8: 21.430239 | HH8: 40 | HI8: -1 | HJ8: 1.150914 | HK8: 35.36658 | HL8: 340 | HM8: -26 | HN8: 2728.2557 | HO8: 28.11453 | HP8: 236 | HQ8: 38 | HR8: 0.0016076 | HS8: 61.165077 | HT8: 59 | HU8: 205 | HV8: 0.0389351 | HW8: 8.3076719 | HX8: 377 | HY8: -63 | HZ8: 0.6951174 | IA8: 25.364635 | IB8: 140 | IC8: -14 | ID8: 0.1342889 | IE8: 21.465798 | IF8: 369 | IG8: -10 | IH8: 99.64709 | II8: 45.959719 | IJ8: 287 | IK8: -141 | IL8: 0.6879467 | IM8: 36.28696 | IN8: 305 | IO8: -86 | IP8: 21.68196 | IQ8: 31.420473 | IR8: 294 | IS8: -30 | IT8: 0.9457312 | IU8: 93.938585 | IV8: 171 | IW8: -16 | IX8: 0.9522757 | IY8: 92.590786 | IZ8: 231 | JA8: 7
A9: Cruzeiro do Sul | B9: 0.8613015 | C9: 9.4805913 | D9: 393 | E9: -8 | F9: 0.0756696 | G9: 21.783487 | H9: 232 | I9: -135 | J9: 0.6268 | K9: 21.843972 | L9: 403 | M9: -8 | N9: 0.0656 | O9: 30.237942 | P9: 208 | Q9: 18 | R9: 0.2231883 | S9: 38.932148 | T9: 388 | U9: -29 | V9: 0.0260401 | W9: 67.573771 | X9: 268 | Y9: 1 | Z9: 0.4640939 | AA9: 37.76059 | AB9: 397 | AC9: -263 | AD9: 10.7 | AE9: 94.733762 | AF9: 86 | AG9: -19 | AH9: 0.3682889 | AI9: 39.580732 | AJ9: 349 | AK9: -72 | AL9: 5.85 | AM9: 43.61413 | AN9: 290 | AO9: -8 | AP9: 1.6546 | AQ9: 89.149597 | AR9: 8 | AS9: 72 | AT9: 0.016995 | AU9: 1.5540546 | AV9: 411 | AW9: -14 | AX9: 1.025864 | AY9: 76.193492 | AZ9: 21 | BA9: 228 | BB9: 0.7027904 | BC9: 60.765828 | BD9: 324 | BE9: -17 | BF9: 0 | BG9: 100 | BH9: 1 | BI9: 0 | BJ9: 0.0326 | BK9: 69.84456 | BL9: 353 | BM9: -33 | BN9: 0.0805 | BO9: 61.013333 | BP9: 370 | BQ9: -53 | BR9: 18.17002 | BS9: 56.891805 | BT9: 353 | BU9: -114 | BV9: 145.96431 | BW9: 70.95001 | BX9: 103 | BY9: -44 | BZ9: 0.4785304 | CA9: 25.242301 | CB9: 299 | CC9: -37 | CD9: 0.9215632 | CE9: 49.153346 | CF9: 320 | CG9: -255 | CH9: 0.7612035 | CI9: 38.978214 | CJ9: 229 | CK9: 14 | CL9: 0.09748 | CM9: 11.287701 | CN9: 336 | CO9: -17 | CP9: 0.1240296 | CQ9: 13.380273 | CR9: 153 | CS9: 50 | CT9: 0.3299483 | CU9: 37.852677 | CV9: 76 | CW9: 38 | CX9: 5.7 | CY9: 33.898305 | CZ9: 238 | DA9: 21 | DB9: 4.8 | DC9: 39.215686 | DD9: 220 | DE9: 39 | DF9: 3.9 | DG9: 53.571429 | DH9: 306 | DI9: -33 | DJ9: 507.6938 | DK9: 27.89422 | DL9: 388 | DM9: -13 | DN9: 11.9711 | DO9: 89.271831 | DP9: 129 | DQ9: 41 | DR9: 0.2142857 | DS9: 77.040817 | DT9: 268 | DU9: -267 | DV9: 55.99731 | DW9: 83.520724 | DX9: 174 | DY9: -110 | DZ9: 15.23594 | EA9: 88.385082 | EB9: 199 | EC9: -31 | ED9: 10.875974 | EE9: 88.226347 | EF9: 190 | EG9: 22 | EH9: 0.5057 | EI9: 46.405725 | EJ9: 390 | EK9: -7 | EL9: 0.4064 | EM9: 59.887006 | EN9: 249 | EO9: 141 | EP9: 0.7437 | EQ9: 16.435809 | ER9: 380 | ES9: 5 | ET9: .n | EU9: 0 | EV9: 387 | EW9: -8 | EX9: .n | EY9: 0 | EZ9: 368 | FA9: -4 | FB9: 0.9638 | FC9: 94.530896 | FD9: 282 | FE9: 89 | FF9: 1 | FG9: 0 | FH9: 327 | FI9: 29 | FJ9: 1.328862 | FK9: 77.110924 | FL9: 410 | FM9: -14 | FN9: 0.8843438 | FO9: 96.416542 | FP9: 7 | FQ9: -1 | FR9: 0.0023611 | FS9: 87.731869 | FT9: 390 | FU9: -17 | FV9: 0.0119788 | FW9: 98.55413 | FX9: 300 | FY9: -6 | FZ9: 0.0003175 | GA9: 2.1671615 | GB9: 330 | GC9: -26 | GD9: 0.6125612 | GE9: 25.438331 | GF9: 376 | GG9: -19 | GH9: 0.1936676 | GI9: 11.705228 | GJ9: 350 | GK9: -21 | GL9: 0.0360447 | GM9: 27.163338 | GN9: 278 | GO9: -240 | GP9: 0.5869976 | GQ9: 0.36921385 | GR9: 167 | GS9: -5 | GT9: 0.0075431 | GU9: 5.4940793 | GV9: 284 | GW9: -2 | GX9: 8603.149 | GY9: 5.5483818 | GZ9: 253 | HA9: -3 | HB9: 22934.83 | HC9: 4.206573 | HD9: 318 | HE9: -10 | HF9: 0.139076 | HG9: 12.255099 | HH9: 186 | HI9: -6 | HJ9: 1.083336 | HK9: 33.602762 | HL9: 352 | HM9: 20 | HN9: 1542.0764 | HO9: 7.8751636 | HP9: 413 | HQ9: -28 | HR9: -0.3092499 | HS9: 29.711117 | HT9: 396 | HU9: -41 | HV9: 0.0890882 | HW9: 20.950108 | HX9: 183 | HY9: -98 | HZ9: 0.5239994 | IA9: 18.789869 | IB9: 237 | IC9: -23 | ID9: 0.2131312 | IE9: 43.676962 | IF9: 117 | IG9: -63 | IH9: 93.32297 | II9: 40.174922 | IJ9: 333 | IK9: -21 | IL9: 0.8685371 | IM9: 76.537741 | IN9: 59 | IO9: -10 | IP9: 13.43945 | IQ9: 18.697856 | IR9: 373 | IS9: -3 | IT9: 0.9363939 | IU9: 92.787312 | IV9: 188 | IW9: 3 | IX9: 0.9814703 | IY9: 98.233871 | IZ9: 24 | JA9: 289
A10: Rio Branco | B10: 0.6617177 | C10: 40.033997 | D10: 200 | E10: 3 | F10: 0.1441634 | G10: 43.078027 | H10: 56 | I10: 204 | J10: 0.538 | K10: 37.588652 | L10: 356 | M10: -240 | N10: -0.0641 | O10: 33.333333 | P10: 110 | Q10: -61 | R10: 0.1112195 | S10: 73.307414 | T10: 243 | U10: -43 | V10: 0.0359157 | W10: 53.943606 | X10: 380 | Y10: -43 | Z10: 0.95140333 | AA10: 94.415574 | AB10: 44 | AC10: 100 | AD10: 7.3 | AE10: 96.72323 | AF10: 46 | AG10: 58 | AH10: 0.6836066 | AI10: 74.266309 | AJ10: 33 | AK10: 0 | AL10: 9.7 | AM10: 95.923913 | AN10: 24 | AO10: 0 | AP10: 0.9503 | AQ10: 45.431409 | AR10: 159 | AS10: 125 | AT10: 0.1026938 | AU10: 14.898672 | AV10: 343 | AW10: -10 | AX10: 0.8733273 | AY10: 57.103845 | AZ10: 193 | BA10: 7 | BB10: 0.610604 | BC10: 46.977024 | BD10: 398 | BE10: 1 | BF10: 19.421246 | BG10: 92.26387 | BH10: 162 | BI10: 27 | BJ10: 0.0232 | BK10: 79.585492 | BL10: 267 | BM10: -60 | BN10: 0.0575 | BO10: 73.28 | BP10: 270 | BQ10: -8 | BR10: 19.03282 | BS10: 54.166017 | BT10: 371 | BU10: -46 | BV10: 176.96449 | BW10: 55.237917 | BX10: 260 | BY10: -176 | BZ10: 0.4114841 | CA10: 16.949411 | CB10: 361 | CC10: -46 | CD10: 0.9134371 | CE10: 47.634651 | CF10: 332 | CG10: -84 | CH10: 0.7369477 | CI10: 36.808824 | CJ10: 254 | CK10: -51 | CL10: 0.270613 | CM10: 31.335645 | CN10: 233 | CO10: 3 | CP10: 0.1298716 | CQ10: 14.047559 | CR10: 138 | CS10: 52 | CT10: 0.2709792 | CU10: 31.013281 | CV10: 109 | CW10: 23 | CX10: 6.2 | CY10: 42.372881 | CZ10: 129 | DA10: 62 | DB10: 4.9 | DC10: 41.176471 | DD10: 184 | DE10: 75 | DF10: 4.1 | DG10: 60.714286 | DH10: 250 | DI10: -12 | DJ10: 537.2197 | DK10: 46.590562 | DL10: 286 | DM10: -11 | DN10: 33.44702 | DO10: 68.66346 | DP10: 315 | DQ10: -8 | DR10: 0.1223022 | DS10: 86.896192 | DT10: 194 | DU10: -94 | DV10: 84.83719 | DW10: 74.073721 | DX10: 269 | DY10: -62 | DZ10: 19.190912 | EA10: 85.28692 | EB10: 259 | EC10: -63 | ED10: 28.000372 | EE10: 69.555156 | EF10: 385 | EG10: -136 | EH10: 0.5313 | EI10: 49.181394 | EJ10: 386 | EK10: -9 | EL10: 0.5606 | EM10: 44.330105 | EN10: 351 | EO10: 5 | EP10: 0.5998 | EQ10: 25.663717 | ER10: 337 | ES10: 16 | ET10: 0.1991 | EU10: 19.547966 | EV10: 329 | EW10: -10 | EX10: 0.4049 | EY10: 21.255709 | EZ10: 222 | FA10: 137 | FB10: 0.9455 | FC10: 91.766128 | FD10: 303 | FE10: 9 | FF10: 0 | FG10: 100 | FH10: 1 | FI10: 0 | FJ10: 0.6662948 | FK10: 83.003018 | FL10: 404 | FM10: -14 | FN10: 0.646836 | FO10: 70.521996 | FP10: 47 | FQ10: -10 | FR10: 0.0045936 | FS10: 76.131935 | FT10: 408 | FU10: -24 | FV10: 0.0204394 | FW10: 97.532916 | FX10: 331 | FY10: -2 | FZ10: 0.0003983 | GA10: 2.7186785 | GB10: 316 | GC10: 48 | GD10: 0.4927343 | GE10: 42.603977 | GF10: 287 | GG10: -10 | GH10: 0.4558377 | GI10: 40.413301 | GJ10: 68 | GK10: 26 | GL10: 0.1487949 | GM10: 38.775936 | GN10: 51 | GO10: 253 | GP10: 6.787928 | GQ10: 4.2695184 | GR10: 84 | GS10: -3 | GT10: 0.0125928 | GU10: 9.2604996 | GV10: 175 | GW10: 45 | GX10: 15818.73 | GY10: 10.368314 | GZ10: 121 | HA10: 0 | HB10: 26119.02 | HC10: 5.1391837 | HD10: 288 | HE10: -10 | HF10: 0.1533337 | HG10: 13.031697 | HH10: 159 | HI10: -6 | HJ10: 1.953236 | HK10: 56.307567 | HL10: 172 | HM10: -2 | HN10: 3781.3842 | HO10: 46.083696 | HP10: 33 | HQ10: 52 | HR10: 0.0115654 | HS10: 62.172652 | HT10: 49 | HU10: 350 | HV10: 0.086631 | HW10: 20.330705 | HX10: 188 | HY10: -109 | HZ10: 0.5715849 | IA10: 20.618219 | IB10: 214 | IC10: -23 | ID10: 0.362137 | IE10: 85.654328 | IF10: 5 | IG10: 3 | IH10: 113.9223 | II10: 59.017536 | IJ10: 100 | IK10: -40 | IL10: 0.6636754 | IM10: 30.877266 | IN10: 351 | IO10: 26 | IP10: 25.30708 | IQ10: 37.01598 | IR10: 235 | IS10: -9 | IT10: 0.8332314 | IU10: 80.067558 | IV10: 282 | IW10: -21 | IX10: 0.980826 | IY10: 98.109333 | IZ10: 30 | JA10: -1
A11: Itacoatiara | B11: 0.8344244 | C11: 13.595088 | D11: 378 | E11: -21 | F11: 0.0848186 | G11: 24.627887 | H11: 204 | I11: -22 | J11: 0.4799 | K11: 47.890071 | L11: 244 | M11: 100 | N11: -0.0656 | O11: 33.369132 | P11: 109 | Q11: 32 | R11: 0.0797883 | S11: 82.957029 | T11: 137 | U11: 7 | V11: 0.0233506 | W11: 71.285781 | X11: 220 | Y11: 62 | Z11: 0.8522869 | AA11: 82.892219 | AB11: 226 | AC11: 79 | AD11: 10.3 | AE11: 94.967817 | AF11: 80 | AG11: 21 | AH11: 0.3448091 | AI11: 36.997907 | AJ11: 368 | AK11: -68 | AL11: 5.82 | AM11: 43.206522 | AN11: 294 | AO11: -8 | AP11: 1.0818 | AQ11: 53.594041 | AR11: 87 | AS11: 109 | AT11: 0.0231337 | AU11: 2.5099444 | AV11: 406 | AW11: -14 | AX11: 0.9762546 | AY11: 69.98498 | AZ11: 46 | BA11: 8 | BB11: 0.6644295 | BC11: 55.027987 | BD11: 360 | BE11: 31 | BF11: 167.78523 | BG11: 33.165549 | BH11: 398 | BI11: -397 | BJ11: 0.0256 | BK11: 77.098446 | BL11: 294 | BM11: -25 | BN11: 0.0617 | BO11: 71.04 | BP11: 295 | BQ11: 35 | BR11: 16.77852 | BS11: 61.287882 | BT11: 323 | BU11: -157 | BV11: 169.6721 | BW11: 58.933983 | BX11: 237 | BY11: -147 | BZ11: 0.3395849 | CA11: 8.0562721 | CB11: 404 | CC11: -19 | CD11: 0.8432092 | CE11: 34.509688 | CF11: 395 | CG11: -34 | CH11: 0.6563786 | CI11: 29.602887 | CJ11: 344 | CK11: -26 | CL11: 0.0117365 | CM11: 1.3590286 | CN11: 415 | CO11: -27 | CP11: 0.0428197 | CQ11: 4.1042923 | CR11: 330 | CS11: 52 | CT11: 0.1312617 | CU11: 14.808465 | CV11: 268 | CW11: -18 | CX11: 5.6 | CY11: 32.20339 | CZ11: 260 | DA11: -18 | DB11: 4.7 | DC11: 37.254902 | DD11: 251 | DE11: 30 | DF11: 3.6 | DG11: 42.857143 | DH11: 364 | DI11: -65 | DJ11: 482.8874 | DK11: 12.186351 | DL11: 413 | DM11: -14 | DN11: 30.88863 | DO11: 71.1185 | DP11: 294 | DQ11: -10 | DR11: 0.1578947 | DS11: 83.08271 | DT11: 226 | DU11: -16 | DV11: 74.67463 | DW11: 77.402644 | DX11: 239 | DY11: 59 | DZ11: 9.6526957 | EA11: 92.758765 | EB11: 98 | EC11: 60 | ED11: 1.1553502 | EE11: 98.825005 | EF11: 33 | EG11: 25 | EH11: 0.7317 | EI11: 70.909682 | EJ11: 357 | EK11: 15 | EL11: 0.731 | EM11: 27.138822 | EN11: 396 | EO11: -336 | EP11: 0.0491 | EQ11: 60.978582 | ER11: 14 | ES11: 385 | ET11: .n | EU11: 0 | EV11: 387 | EW11: -8 | EX11: .n | EY11: 0 | EZ11: 368 | FA11: -4 | FB11: 0.3381 | FC11: 0 | FD11: 406 | FE11: -11 | FF11: 1 | FG11: 0 | FH11: 327 | FI11: -326 | FJ11: 0.3328776 | FK11: 85.96804 | FL11: 390 | FM11: -14 | FN11: 0.6816339 | FO11: 74.315875 | FP11: 37 | FQ11: -7 | FR11: 0.0005842 | FS11: 96.964533 | FT11: 340 | FU11: -11 | FV11: 0.0167439 | FW11: 97.978971 | FX11: 317 | FY11: 9 | FZ11: 0.0005136 | GA11: 3.5056824 | GB11: 298 | GC11: -47 | GD11: 0.6654639 | GE11: 17.859824 | GF11: 397 | GG11: -13 | GH11: 0.1467845 | GI11: 6.5714491 | GJ11: 390 | GK11: -30 | GL11: -0.0653561 | GM11: 16.719661 | GN11: 411 | GO11: -362 | GP11: 0 | GQ11: 0 | GR11: 232 | GS11: -7 | GT11: 0.0024583 | GU11: 1.7014789 | GV11: 398 | GW11: -20 | GX11: 2442.44 | GY11: 1.4330925 | GZ11: 409 | HA11: -17 | HB11: 22590.61 | HC11: 4.1057551 | HD11: 325 | HE11: -10 | HF11: 0.0204858 | HG11: 5.7956471 | HH11: 399 | HI11: -13 | HJ11: 0.7294732 | HK11: 24.366774 | HL11: 394 | HM11: -14 | HN11: 1470.6859 | HO11: 6.6570522 | HP11: 415 | HQ11: -97 | HR11: -0.4163254 | HS11: 18.876737 | HT11: 412 | HU11: -126 | HV11: 0.0559871 | HW11: 12.606087 | HX11: 316 | HY11: 17 | HZ11: 0.4959947 | IA11: 17.713861 | IB11: 244 | IC11: -2 | ID11: 0.2200674 | IE11: 45.631002 | IF11: 99 | IG11: -57 | IH11: 72.7995 | II11: 21.401698 | IJ11: 403 | IK11: -26 | IL11: 0.8886149 | IM11: 81.012769 | IN11: 51 | IO11: 85 | IP11: 12.70796 | IQ11: 17.568774 | IR11: 381 | IS11: 2 | IT11: 0.9337716 | IU11: 92.463987 | IV11: 190 | IW11: -41 | IX11: 0.9669907 | IY11: 95.435079 | IZ11: 128 | JA11: 57
A12: Manacapuru | B12: 0.9221046 | C12: 0.17251216 | D12: 410 | E12: -14 | F12: 0.1222506 | G12: 36.265396 | H12: 93 | I12: -55 | J12: 0.5947 | K12: 27.535461 | L12: 396 | M12: -27 | N12: 0.1863 | O12: 27.357342 | P12: 285 | Q12: -28 | R12: 0.1949118 | S12: 47.613247 | T12: 369 | U12: -17 | V12: 0.0217754 | W12: 73.45985 | X12: 180 | Y12: 11 | Z12: 0.78044872 | AA12: 74.540254 | AB12: 279 | AC12: 11 | AD12: 9 | AE12: 95.728496 | AF12: 66 | AG12: -26 | AH12: 0.2658949 | AI12: 28.317187 | AJ12: 397 | AK12: -30 | AL12: 6.8 | AM12: 56.521739 | AN12: 218 | AO12: -4 | AP12: 1.0596 | AQ12: 52.216015 | AR12: 101 | AS12: -100 | AT12: 0.0074261 | AU12: 0.064030146 | AV12: 416 | AW12: -12 | AX12: 0.8119273 | AY12: 49.419764 | AZ12: 283 | BA12: -67 | BB12: 0.6580153 | BC12: 54.068581 | BD12: 364 | BE12: 24 | BF12: 152.67177 | BG12: 39.185744 | BH12: 387 | BI12: -168 | BJ12: 0.0231 | BK12: 79.689119 | BL12: 265 | BM12: 28 | BN12: 0.0673 | BO12: 68.053333 | BP12: 327 | BQ12: 12 | BR12: 11.70483 | BS12: 77.316866 | BT12: 116 | BU12: 242 | BV12: 177.49663 | BW12: 54.968208 | BX12: 262 | BY12: -198 | BZ12: 0.390354 | CA12: 14.335851 | CB12: 381 | CC12: -22 | CD12: 0.9054219 | CE12: 46.136682 | CF12: 346 | CG12: -90 | CH12: 0.6663232 | CI12: 30.492312 | CJ12: 333 | CK12: -31 | CL12: 0.02789 | CM12: 3.2295238 | CN12: 402 | CO12: -24 | CP12: 0.082472 | CQ12: 8.6334686 | CR12: 225 | CS12: 32 | CT12: 0.029154 | CU12: 2.9657362 | CV12: 394 | CW12: -20 | CX12: 5.2 | CY12: 25.423729 | CZ12: 331 | DA12: -37 | DB12: 4.9 | DC12: 41.176471 | DD12: 184 | DE12: 75 | DF12: 3.5 | DG12: 39.285714 | DH12: 380 | DI12: -94 | DJ12: 463.6423 | DK12: 0 | DL12: 418 | DM12: -14 | DN12: 22.57491 | DO12: 79.096376 | DP12: 230 | DQ12: 27 | DR12: 0.2333333 | DS12: 75.000003 | DT12: 283 | DU12: -194 | DV12: 45.93478 | DW12: 86.81688 | DX12: 136 | DY12: 11 | DZ12: 11.778217 | EA12: 91.093719 | EB12: 139 | EC12: -62 | ED12: 14.093287 | EE12: 84.718424 | EF12: 250 | EG12: -82 | EH12: 1 | EI12: 100 | EJ12: 1 | EK12: 259 | EL12: 0.3056 | EM12: 70.056497 | EN12: 139 | EO12: -134 | EP12: 0.6944 | EQ12: 19.597281 | ER12: 372 | ES12: -350 | ET12: .n | EU12: 0 | EV12: 387 | EW12: -8 | EX12: .n | EY12: 0 | EZ12: 368 | FA12: -4 | FB12: 0.9717 | FC12: 95.72443 | FD12: 272 | FE12: 101 | FF12: 1 | FG12: 0 | FH12: 327 | FI12: -326 | FJ12: 0.3582712 | FK12: 85.742219 | FL12: 392 | FM12: -14 | FN12: 0.7036604 | FO12: 76.717338 | FP12: 33 | FQ12: -8 | FR12: 0.00022 | FS12: 98.856893 | FT12: 299 | FU12: 18 | FV12: 0.0098277 | FW12: 98.813773 | FX12: 287 | FY12: -1 | FZ12: 0.0009637 | GA12: 6.5779325 | GB12: 229 | GC12: -163 | GD12: 0.7579478 | GE12: 4.6111644 | GF12: 415 | GG12: -13 | GH12: 0.1367534 | GI12: 5.4730266 | GJ12: 396 | GK12: -21 | GL12: 0.0397698 | GM12: 27.547001 | GN12: 263 | GO12: -262 | GP12: 0 | GQ12: 0 | GR12: 232 | GS12: -7 | GT12: 0.002617 | GU12: 1.8198485 | GV12: 395 | GW12: -8 | GX12: 2030.558 | GY12: 1.1579597 | GZ12: 414 | HA12: -13 | HB12: 15506.76 | HC12: 2.0309813 | HD12: 382 | HE12: -13 | HF12: 0.0664913 | HG12: 8.3015059 | HH12: 351 | HI12: -11 | HJ12: 0.2682243 | HK12: 12.327957 | HL12: 412 | HM12: -13 | HN12: 2125.7385 | HO12: 17.833988 | HP12: 376 | HQ12: 8 | HR12: -0.0485018 | HS12: 56.094782 | HT12: 173 | HU12: 223 | HV12: 0.0352777 | HW12: 7.385726 | HX12: 384 | HY12: -5 | HZ12: 0.2746448 | IA12: 9.2090643 | IB12: 337 | IC12: -6 | ID12: 0.1818822 | IE12: 34.873608 | IF12: 200 | IG12: -89 | IH12: 73.65007 | II12: 22.179731 | IJ12: 400 | IK12: -16 | IL12: 0.7692336 | IM12: 54.404541 | IN12: 147 | IO12: 33 | IP12: 8.766747 | IQ12: 11.485366 | IR12: 403 | IS12: -22 | IT12: 0.8917972 | IU12: 87.288618 | IV12: 239 | IW12: -104 | IX12: 0.9501237 | IY12: 92.174822 | IZ12: 245 | JA12: -25
A13: Manaus | B13: 0.6328933 | C13: 44.446598 | D13: 161 | E13: 6 | F13: 0.1407747 | G13: 42.024489 | H13: 63 | I13: -23 | J13: 0.3669 | K13: 67.925532 | L13: 40 | M13: -2 | N13: 0.3347 | O13: 23.815661 | P13: 347 | Q13: -11 | R13: 0.0611462 | S13: 88.680294 | T13: 59 | U13: 44 | V13: 0.0277012 | W13: 65.281144 | X13: 303 | Y13: 10 | Z13: 0.92945253 | AA13: 91.863556 | AB13: 80 | AC13: -9 | AD13: 8.3 | AE13: 96.138092 | AF13: 55 | AG13: -14 | AH13: 0.5902622 | AI13: 63.998238 | AJ13: 103 | AK13: -28 | AL13: 7.64 | AM13: 67.934783 | AN13: 171 | AO13: -2 | AP13: 0.7205 | AQ13: 31.166977 | AR13: 300 | AS13: -79 | AT13: 0.2905738 | AU13: 44.15447 | AV13: 163 | AW13: 7 | AX13: 0.9592819 | AY13: 67.860882 | AZ13: 65 | BA13: 8 | BB13: 0.623346 | BC13: 48.882912 | BD13: 389 | BE13: -24 | BF13: 56.751995 | BG13: 77.393788 | BH13: 240 | BI13: 28 | BJ13: 0.0133 | BK13: 89.84456 | BL13: 129 | BM13: 6 | BN13: 0.0486 | BO13: 78.026667 | BP13: 190 | BQ13: 23 | BR13: 18.42946 | BS13: 56.072173 | BT13: 359 | BU13: -65 | BV13: 207.24667 | BW13: 39.889735 | BX13: 348 | BY13: -19 | BZ13: 0.3152012 | CA13: 5.0402768 | CB13: 411 | CC13: -16 | CD13: 0.9590107 | CE13: 56.151948 | CF13: 228 | CG13: -152 | CH13: 0.7586353 | CI13: 38.748519 | CJ13: 232 | CK13: -63 | CL13: 0.0878235 | CM13: 10.169526 | CN13: 346 | CO13: -26 | CP13: 0.0871704 | CQ13: 9.1701306 | CR13: 215 | CS13: 22 | CT13: 0.1131426 | CU13: 12.706962 | CV13: 292 | CW13: -23 | CX13: 6.2 | CY13: 42.372881 | CZ13: 129 | DA13: 62 | DB13: 5.1 | DC13: 45.098039 | DD13: 130 | DE13: 69 | DF13: 4 | DG13: 57.142857 | DH13: 286 | DI13: -13 | DJ13: 512.2936 | DK13: 30.806898 | DL13: 379 | DM13: -12 | DN13: 48.45691 | DO13: 54.259915 | DP13: 369 | DQ13: 8 | DR13: 0.0215264 | DS13: 97.6936 | DT13: 49 | DU13: 70 | DV13: 111.3553 | DW13: 65.387255 | DX13: 328 | DY13: 19 | DZ13: 15.167014 | EA13: 88.439076 | EB13: 195 | EC13: -4 | ED13: 2.9872534 | EE13: 96.827631 | EF13: 70 | EG13: 47 | EH13: 0.9798 | EI13: 97.809823 | EJ13: 100 | EK13: 11 | EL13: 0.4749 | EM13: 52.97619 | EN13: 308 | EO13: 41 | EP13: 0.6512 | EQ13: 22.367577 | ER13: 360 | ES13: 3 | ET13: 0.2846 | EU13: 28.136615 | EV13: 310 | EW13: -5 | EX13: 0.2231 | EY13: 11.711901 | EZ13: 277 | FA13: 5 | FB13: 0.987 | FC13: 98.035957 | FD13: 246 | FE13: 46 | FF13: 0 | FG13: 100 | FH13: 1 | FI13: 0 | FJ13: 0.0687542 | FK13: 88.316843 | FL13: 231 | FM13: -11 | FN13: 0.8158144 | FO13: 88.945049 | FP13: 19 | FQ13: -6 | FR13: 0.0002564 | FS13: 98.667761 | FT13: 309 | FU13: -36 | FV13: 0.0195376 | FW13: 97.641765 | FX13: 329 | FY13: -55 | FZ13: 0.0001583 | GA13: 1.0805092 | GB13: 362 | GC13: -40 | GD13: 0.4913071 | GE13: 42.808428 | GF13: 286 | GG13: 0 | GH13: 0.383453 | GI13: 32.487053 | GJ13: 138 | GK13: -16 | GL13: 0.0384328 | GM13: 27.409298 | GN13: 270 | GO13: -94 | GP13: 11.58176 | GQ13: 7.2847764 | GR13: 66 | GS13: -18 | GT13: 0.0217928 | GU13: 16.122505 | GV13: 75 | GW13: -4 | GX13: 12446.41 | GY13: 8.1156399 | GZ13: 169 | HA13: 3 | HB13: 45782.75 | HC13: 10.898452 | HD13: 153 | HE13: -4 | HF13: 0.1072742 | HG13: 10.522897 | HH13: 264 | HI13: -10 | HJ13: 3.627245 | HK13: 100 | HL13: 1 | HM13: 0 | HN13: 3549.8273 | HO13: 42.132721 | HP13: 61 | HQ13: 26 | HR13: -0.0434757 | HS13: 56.603346 | HT13: 159 | HU13: 159 | HV13: 0.0551332 | HW13: 12.390838 | HX13: 324 | HY13: -29 | HZ13: 0.5958689 | IA13: 21.551269 | IB13: 197 | IC13: 7 | ID13: 0.2412444 | IE13: 51.596909 | IF13: 60 | IG13: -11 | IH13: 108.807 | II13: 54.33847 | IJ13: 158 | IK13: -78 | IL13: 0.6761857 | IM13: 33.665617 | IN13: 326 | IO13: 16 | IP13: 22.68628 | IQ13: 32.970678 | IR13: 276 | IS13: -29 | IT13: 0.6865361 | IU13: 61.980286 | IV13: 358 | IW13: -18 | IX13: 0.9746237 | IY13: 96.910478 | IZ13: 75 | JA13: -40
A14: Parintins | B14: 0.8541189 | C14: 10.580144 | D14: 390 | E14: 5 | F14: 0.137973 | G14: 41.153448 | H14: 70 | I14: 159 | J14: 0.4757 | K14: 48.634752 | L14: 230 | M14: -23 | N14: -0.0308 | O14: 32.538603 | P14: 132 | Q14: -10 | R14: 0.1307248 | S14: 67.31914 | T14: 284 | U14: -97 | V14: 0.018122 | W14: 78.502222 | X14: 127 | Y14: -17 | Z14: 0.90357762 | AA14: 88.855319 | AB14: 142 | AC14: -107 | AD14: 10.7 | AE14: 94.733762 | AF14: 86 | AG14: 41 | AH14: 0.2980894 | AI14: 31.858647 | AJ14: 387 | AK14: -29 | AL14: 7.16 | AM14: 61.413043 | AN14: 197 | AO14: -4 | AP14: 1.1645 | AQ14: 58.727498 | AR14: 61 | AS14: 197 | AT14: 0.0071698 | AU14: 0.024120306 | AV14: 417 | AW14: -15 | AX14: 0.7936546 | AY14: 47.132974 | AZ14: 303 | BA14: -5 | BB14: 0.6219854 | BC14: 48.6794 | BD14: 392 | BE14: -6 | BF14: 112.1705 | BG14: 55.31875 | BH14: 355 | BI14: -129 | BJ14: 0.0282 | BK14: 74.404145 | BL14: 318 | BM14: 57 | BN14: 0.0498 | BO14: 77.386667 | BP14: 206 | BQ14: 69 | BR14: 21.3124 | BS14: 46.964285 | BT14: 401 | BU14: -19 | BV14: 159.01863 | BW14: 64.333575 | BX14: 164 | BY14: -71 | BZ14: 0.432873 | CA14: 19.594983 | CB14: 340 | CC14: -30 | CD14: 0.9656761 | CE14: 57.397651 | CF14: 203 | CG14: -49 | CH14: 0.7403781 | CI14: 37.115632 | CJ14: 248 | CK14: -42 | CL14: 0.043911 | CM14: 5.0846763 | CN14: 391 | CO14: -21 | CP14: 0.109555 | CQ14: 11.726951 | CR14: 174 | CS14: -15 | CT14: 0.1473974 | CU14: 16.679927 | CV14: 232 | CW14: 17 | CX14: 5.9 | CY14: 37.288136 | CZ14: 196 | DA14: 46 | DB14: 4.8 | DC14: 39.215686 | DD14: 220 | DE14: 8 | DF14: 3.9 | DG14: 53.571429 | DH14: 306 | DI14: -47 | DJ14: 472.0836 | DK14: 5.3451863 | DL14: 417 | DM14: -14 | DN14: 24.9035 | DO14: 76.861853 | DP14: 244 | DQ14: 28 | DR14: 0.0769231 | DS14: 91.758239 | DT14: 137 | DU14: -136 | DV14: 47.27788 | DW14: 86.376924 | DX14: 145 | DY14: 15 | DZ14: 11.414104 | EA14: 91.378951 | EB14: 132 | EC14: -4 | ED14: 0.39232609 | EE14: 99.65695 | EF14: 6 | EG14: 33 | EH14: 0.7808 | EI14: 76.23333 | EJ14: 341 | EK14: -235 | EL14: .n | EM14: 0 | EN14: 401 | EO14: -4 | EP14: .n | EQ14: 0 | ER14: 402 | ES14: -13 | ET14: .n | EU14: 0 | EV14: 387 | EW14: -8 | EX14: .n | EY14: 0 | EZ14: 368 | FA14: -4 | FB14: 1 | FC14: 100 | FD14: 1 | FE14: 393 | FF14: 1 | FG14: 0 | FH14: 327 | FI14: -326 | FJ14: 0.0199848 | FK14: 88.750541 | FL14: 34 | FM14: -3 | FN14: 0.4979272 | FO14: 54.287053 | FP14: 95 | FQ14: -3 | FR14: 0.0002064 | FS14: 98.927558 | FT14: 294 | FU14: 4 | FV14: 0.0070171 | FW14: 99.153019 | FX14: 270 | FY14: 3 | FZ14: 0.0001736 | GA14: 1.1849425 | GB14: 358 | GC14: -105 | GD14: 0.7693416 | GE14: 2.9789605 | GF14: 417 | GG14: -16 | GH14: 0.1550185 | GI14: 7.4730861 | GJ14: 383 | GK14: 8 | GL14: 0.3614031 | GM14: 60.673313 | GN14: 5 | GO14: 84 | GP14: 0 | GQ14: 0 | GR14: 232 | GS14: -7 | GT14: 0.0058599 | GU14: 4.2386307 | GV14: 318 | GW14: 38 | GX14: 2994.104 | GY14: 1.8015983 | GZ14: 398 | HA14: -11 | HB14: 12255.21 | HC14: 1.0786417 | HD14: 407 | HE14: -14 | HF14: 0.0707594 | HG14: 8.5339837 | HH14: 342 | HI14: -11 | HJ14: 0.3832605 | HK14: 15.330457 | HL14: 408 | HM14: -14 | HN14: 1898.03 | HO14: 13.948676 | HP14: 405 | HQ14: -13 | HR14: -0.1383388 | HS14: 47.004671 | HT14: 321 | HU14: -125 | HV14: 0.0629962 | HW14: 14.372918 | HX14: 280 | HY14: -44 | HZ14: 0.5403792 | IA14: 19.419221 | IB14: 228 | IC14: 13 | ID14: 0.2313273 | IE14: 48.8031 | IF14: 77 | IG14: -17 | IH14: 86.3755 | II14: 33.819934 | IJ14: 372 | IK14: -31 | IL14: 0.7833418 | IM14: 57.549038 | IN14: 125 | IO14: 7 | IP14: 8.443838 | IQ14: 10.986945 | IR14: 404 | IS14: 0 | IT14: 0.9153212 | IU14: 90.189085 | IV14: 214 | IW14: 190 | IX14: 0.9254269 | IY14: 87.401126 | IZ14: 323 | JA14: 81
A15: Boa Vista | B15: 0.7485116 | C15: 26.747101 | D15: 307 | E15: -26 | F15: 0.0848929 | G15: 24.650987 | H15: 203 | I15: 59 | J15: 0.4682 | K15: 49.964539 | L15: 210 | M15: 182 | N15: -0.0695 | O15: 33.462209 | P15: 107 | Q15: 81 | R15: 0.0952951 | S15: 78.196325 | T15: 202 | U15: 31 | V15: 0.0290539 | W15: 63.414166 | X15: 324 | Y15: 22 | Z15: 0.88997748 | AA15: 87.274156 | AB15: 176 | AC15: -115 | AD15: 13.3 | AE15: 93.212405 | AF15: 121 | AG15: -56 | AH15: 0.5209163 | AI15: 56.370051 | AJ15: 178 | AK15: 191 | AL15: 6.49 | AM15: 52.309783 | AN15: 245 | AO15: -5 | AP15: 1.2815 | AQ15: 65.990068 | AR15: 30 | AS15: 178 | AT15: 0.0635559 | AU15: 8.8043009 | AV15: 388 | AW15: -21 | AX15: 0.7610545 | AY15: 43.053141 | AZ15: 349 | BA15: -59 | BB15: 0.5910494 | BC15: 44.05214 | BD15: 403 | BE15: -9 | BF15: 115.74074 | BG15: 53.896604 | BH15: 360 | BI15: 27 | BJ15: 0.0123 | BK15: 90.880829 | BL15: 113 | BM15: -36 | BN15: 0.0332 | BO15: 86.24 | BP15: 50 | BQ15: 0 | BR15: 23.01955 | BS15: 41.570996 | BT15: 405 | BU15: -62 | BV15: 189.3811 | BW15: 48.944698 | BX15: 305 | BY15: 8 | BZ15: 0.3830641 | CA15: 13.43417 | CB15: 388 | CC15: -20 | CD15: 0.8661128 | CE15: 38.790165 | CF15: 383 | CG15: -78 | CH15: 0.686987 | CI15: 32.340441 | CJ15: 312 | CK15: -98 | CL15: 0.146365 | CM15: 16.948342 | CN15: 298 | CO15: -53 | CP15: 0.0155872 | CQ15: 0.99373388 | CR15: 411 | CS15: -76 | CT15: 0.0650008 | CU15: 7.1233455 | CV15: 361 | CW15: -40 | CX15: 5.7 | CY15: 33.898305 | CZ15: 238 | DA15: 4 | DB15: 4.4 | DC15: 31.372549 | DD15: 313 | DE15: 88 | DF15: 3.7 | DG15: 46.428571 | DH15: 347 | DI15: -19 | DJ15: 534.9054 | DK15: 45.125105 | DL15: 298 | DM15: -11 | DN15: 28.77969 | DO15: 73.142247 | DP15: 275 | DQ15: 3 | DR15: 0.2608696 | DS15: 72.049685 | DT15: 295 | DU15: -28 | DV15: 78.33988 | DW15: 76.202028 | DX15: 251 | DY15: -21 | DZ15: 22.733538 | EA15: 82.511773 | EB15: 292 | EC15: 28 | ED15: 26.352226 | EE15: 71.352174 | EF15: 378 | EG15: -52 | EH15: 0.7987 | EI15: 78.17413 | EJ15: 330 | EK15: -152 | EL15: 0.524 | EM15: 48.022599 | EN15: 338 | EO15: -8 | EP15: 0.6151 | EQ15: 24.68257 | ER15: 348 | ES15: -16 | ET15: 0.9243 | EU15: 92.395781 | EV15: 89 | EW15: 4 | EX15: 1.1126 | EY15: 58.407265 | EZ15: 12 | FA15: 26 | FB15: 1 | FC15: 100 | FD15: 1 | FE15: 254 | FF15: 1 | FG15: 0 | FH15: 327 | FI15: 44 | FJ15: 0.169361 | FK15: 87.422164 | FL15: 352 | FM15: -14 | FN15: 0.0443125 | FO15: 4.8312184 | FP15: 409 | FQ15: -28 | FR15: 5.85e-05 | FS15: 99.696038 | FT15: 247 | FU15: 9 | FV15: 0.0910959 | FW15: 89.004507 | FX15: 395 | FY15: -11 | FZ15: 0.002209 | GA15: 15.077984 | GB15: 112 | GC15: 190 | GD15: 0.4338419 | GE15: 51.04053 | GF15: 248 | GG15: 3 | GH15: 0.345109 | GI15: 28.28832 | GJ15: 194 | GK15: 36 | GL15: 0.1980776 | GM15: 43.851761 | GN15: 30 | GO15: 370 | GP15: 4.886478 | GQ15: 3.0735311 | GR15: 102 | GS15: -23 | GT15: 0.0090207 | GU15: 6.596177 | GV15: 235 | GW15: -36 | GX15: 16384.9 | GY15: 10.74651 | GZ15: 117 | HA15: -5 | HB15: 30906.19 | HC15: 6.5412878 | HD15: 252 | HE15: -10 | HF15: 0.0964516 | HG15: 9.9334039 | HH15: 291 | HI15: -10 | HJ15: 1.553447 | HK15: 45.872883 | HL15: 253 | HM15: 13 | HN15: 2987.9172 | HO15: 32.545044 | HP15: 175 | HQ15: -43 | HR15: -0.1333877 | HS15: 47.505645 | HT15: 316 | HU15: 85 | HV15: 0.0539711 | HW15: 12.0979 | HX15: 329 | HY15: -3 | HZ15: 0.5347507 | IA15: 19.20296 | IB15: 232 | IC15: -16 | ID15: 0.2519059 | IE15: 54.600428 | IF15: 48 | IG15: 10 | IH15: 105.6814 | II15: 51.479422 | IJ15: 197 | IK15: -103 | IL15: 0.6738374 | IM15: 33.142217 | IN15: 330 | IO15: 29 | IP15: 19.60487 | IQ15: 28.214409 | IR15: 323 | IS15: 8 | IT15: 0.9505728 | IU15: 94.535545 | IV15: 161 | IW15: -14 | IX15: 0.9776406 | IY15: 97.49362 | IZ15: 54 | JA15: 48
A16: Abaetetuba | B16: 0.8712149 | C16: 7.9629925 | D16: 396 | E16: -15 | F16: 0.0561803 | G16: 15.724316 | H16: 301 | I16: -42 | J16: 0.5645 | K16: 32.890071 | L16: 384 | M16: 6 | N16: 0.0286 | O16: 31.120976 | P16: 178 | Q16: 32 | R16: 0.0855111 | S16: 81.200086 | T16: 160 | U16: -8 | V16: 0.021339 | W16: 74.062164 | X16: 171 | Y16: 31 | Z16: 0.8795045 | AA16: 86.056559 | AB16: 192 | AC16: -25 | AD16: 31.6 | AE16: 82.504389 | AF16: 330 | AG16: 15 | AH16: 0.2402916 | AI16: 25.500773 | AJ16: 402 | AK16: -105 | AL16: 7.84 | AM16: 70.652174 | AN16: 162 | AO16: -2 | AP16: 0.978 | AQ16: 47.150838 | AR16: 140 | AS16: 164 | AT16: 0.0654097 | AU16: 9.0929659 | AV16: 386 | AW16: -12 | AX16: 0.6954364 | AY16: 34.841174 | AZ16: 378 | BA16: 16 | BB16: 0.6155728 | BC16: 47.720234 | BD16: 396 | BE16: -24 | BF16: 122.29923 | BG16: 51.284139 | BH16: 364 | BI16: 4 | BJ16: 0.024 | BK16: 78.756477 | BL16: 278 | BM16: -7 | BN16: 0.0809 | BO16: 60.8 | BP16: 371 | BQ16: -26 | BR16: 14.67591 | BS16: 67.930523 | BT16: 245 | BU16: 153 | BV16: 135.52242 | BW16: 76.242364 | BX16: 67 | BY16: 86 | BZ16: 0.4806728 | CA16: 25.507292 | CB16: 296 | CC16: -17 | CD16: 0.9226392 | CE16: 49.354441 | CF16: 317 | CG16: -72 | CH16: 0.6807161 | CI16: 31.779584 | CJ16: 319 | CK16: -4 | CL16: 0.1074825 | CM16: 12.445941 | CN16: 328 | CO16: -26 | CP16: 0.1506899 | CQ16: 16.425473 | CR16: 119 | CS16: 15 | CT16: 0.1714893 | CU16: 19.474171 | CV16: 203 | CW16: -35 | CX16: 4.4 | CY16: 11.864407 | CZ16: 405 | DA16: -10 | DB16: 4.5 | DC16: 33.333333 | DD16: 291 | DE16: 85 | DF16: 4.2 | DG16: 64.285714 | DH16: 217 | DI16: 99 | DJ16: 522.0231 | DK16: 36.967796 | DL16: 347 | DM16: -12 | DN16: 20.86125 | DO16: 80.740811 | DP16: 210 | DQ16: 103 | DR16: 0.0833333 | DS16: 91.071432 | DT16: 152 | DU16: -151 | DV16: 50.8647 | DW16: 85.201999 | DX16: 155 | DY16: 104 | DZ16: 11.378866 | EA16: 91.406555 | EB16: 131 | EC16: 19 | ED16: 2.1637554 | EE16: 97.725513 | EF16: 55 | EG16: 15 | EH16: 0.1692 | EI16: 9.92085 | EJ16: 410 | EK16: -9 | EL16: 0.5672 | EM16: 43.664245 | EN16: 354 | EO16: -226 | EP16: 0.5612 | EQ16: 28.139028 | ER16: 322 | ES16: -141 | ET16: .n | EU16: 0 | EV16: 387 | EW16: -8 | EX16: .n | EY16: 0 | EZ16: 368 | FA16: -4 | FB16: 0.84 | FC16: 75.827164 | FD16: 358 | FE16: 31 | FF16: 1 | FG16: 0 | FH16: 327 | FI16: 33 | FJ16: 0.1803522 | FK16: 87.324422 | FL16: 361 | FM16: -14 | FN16: 0.6086597 | FO16: 66.359784 | FP16: 59 | FQ16: -9 | FR16: 6.04e-05 | FS16: 99.686165 | FT16: 249 | FU16: 19 | FV16: 0.0053315 | FW16: 99.356475 | FX16: 254 | FY16: 18 | FZ16: 0.0005131 | GA16: 3.5022695 | GB16: 299 | GC16: -200 | GD16: 0.7589869 | GE16: 4.4623095 | GF16: 416 | GG16: -13 | GH16: 0.124736 | GI16: 4.1571008 | GJ16: 404 | GK16: -14 | GL16: 0.086714 | GM16: 32.381974 | GN16: 108 | GO16: -25 | GP16: 0 | GQ16: 0 | GR16: 232 | GS16: -7 | GT16: 0.0026665 | GU16: 1.8567691 | GV16: 394 | GW16: -12 | GX16: 5436.417 | GY16: 3.4330379 | GZ16: 337 | HA16: -18 | HB16: 12150.04 | HC16: 1.0478386 | HD16: 408 | HE16: -14 | HF16: 0.1645703 | HG16: 13.643739 | HH16: 139 | HI16: -6 | HJ16: 0.164912 | HK16: 9.6314571 | HL16: 413 | HM16: -18 | HN16: 2365.3548 | HO16: 21.922477 | HP16: 322 | HQ16: 27 | HR16: -0.0252698 | HS16: 58.445501 | HT16: 105 | HU16: 117 | HV16: 0.0628417 | HW16: 14.333973 | HX16: 281 | HY16: -140 | HZ16: 0.3677079 | IA16: 12.784773 | IB16: 299 | IC16: -14 | ID16: 0.1644557 | IE16: 29.964278 | IF16: 258 | IG16: -215 | IH16: 72.26241 | II16: 20.910411 | IJ16: 406 | IK16: -18 | IL16: 0.7716561 | IM16: 54.944478 | IN16: 141 | IO16: 44 | IP16: 14.27143 | IQ16: 19.982047 | IR16: 368 | IS16: -4 | IT16: 0.9711933 | IU16: 97.078017 | IV16: 88 | IW16: -56 | IX16: 0.9829536 | IY16: 98.520581 | IZ16: 17 | JA16: 4
A17: Altamira | B17: 0.7893075 | C17: 20.501836 | D17: 343 | E17: -3 | F17: 0.0534777 | G17: 14.884085 | H17: 308 | I17: -41 | J17: 0.4586 | K17: 51.666667 | L17: 190 | M17: 130 | N17: 0.0351 | O17: 30.965848 | P17: 186 | Q17: -32 | R17: 0.2857486 | S17: 19.725664 | T17: 404 | U17: -12 | V17: 0.0133299 | W17: 85.116212 | X17: 53 | Y17: 6 | Z17: 0.48536036 | AA17: 40.233045 | AB17: 391 | AC17: -238 | AD17: 11.3 | AE17: 94.38268 | AF17: 96 | AG17: -74 | AH17: 0.3492296 | AI17: 37.484171 | AJ17: 364 | AK17: 21 | AL17: 5.4 | AM17: 37.5 | AN17: 336 | AO17: -10 | AP17: 0.6859 | AQ17: 29.019243 | AR17: 321 | AS17: -320 | AT17: 0.0495321 | AU17: 6.6205801 | AV17: 395 | AW17: -16 | AX17: 0.7795182 | AY17: 45.363834 | AZ17: 324 | BA17: -1 | BB17: 0.6226415 | BC17: 48.777536 | BD17: 390 | BE17: -6 | BF17: 0 | BG17: 100 | BH17: 1 | BI17: 201 | BJ17: 0.0209 | BK17: 81.968912 | BL17: 236 | BM17: 88 | BN17: 0.0493 | BO17: 77.653333 | BP17: 197 | BQ17: 160 | BR17: 15.27403 | BS17: 66.040921 | BT17: 271 | BU17: -9 | BV17: 217.94719 | BW17: 34.466297 | BX17: 372 | BY17: 21 | BZ17: 0.4347765 | CA17: 19.830425 | CB17: 336 | CC17: -14 | CD17: 0.8971813 | CE17: 44.596588 | CF17: 352 | CG17: -84 | CH17: 0.6029013 | CI17: 24.819986 | CJ17: 379 | CK17: -11 | CL17: 0.2754747 | CM17: 31.898606 | CN17: 230 | CO17: -2 | CP17: 0.0739884 | CQ17: 7.6644524 | CR17: 244 | CS17: 67 | CT17: 0.2557599 | CU17: 29.248105 | CV17: 126 | CW17: 207 | CX17: 5.1 | CY17: 23.728814 | CZ17: 344 | DA17: -61 | DB17: 4.4 | DC17: 31.372549 | DD17: 313 | DE17: -85 | DF17: 4.7 | DG17: 82.142857 | DH17: 45 | DI17: 274 | DJ17: 527.6929 | DK17: 40.558017 | DL17: 326 | DM17: -12 | DN17: 64.93558 | DO17: 38.446923 | DP17: 400 | DQ17: -2 | DR17: 0.0465116 | DS17: 95.016614 | DT17: 92 | DU17: 138 | DV17: 186.2311 | DW17: 40.860389 | DX17: 394 | DY17: -10 | DZ17: 45.930046 | EA17: 64.340586 | EB17: 396 | EC17: -24 | ED17: 16.57152 | EE17: 82.01634 | EF17: 293 | EG17: 28 | EH17: 0.5139 | EI17: 47.294806 | EJ17: 388 | EK17: -3 | EL17: 0.363 | EM17: 64.265537 | EN17: 212 | EO17: 116 | EP17: 1 | EQ17: 0 | ER17: 402 | ES17: 0 | ET17: 0.4763 | EU17: 47.39327 | EV17: 256 | EW17: -2 | EX17: 0.7752 | EY17: 40.69505 | EZ17: 96 | FA17: -95 | FB17: 0.8987 | FC17: 84.695573 | FD17: 336 | FE17: 0 | FF17: 0 | FG17: 100 | FH17: 1 | FI17: 0 | FJ17: 17.37041 | FK17: 0 | FL17: 418 | FM17: -14 | FN17: 0.9131558 | FO17: 99.557801 | FP17: 2 | FQ17: 0 | FR17: 0.0006533 | FS17: 96.605493 | FT17: 350 | FU17: 1 | FV17: 0.032338 | FW17: 96.096726 | FX17: 363 | FY17: 7 | FZ17: 0.0001801 | GA17: 1.2293096 | GB17: 355 | GC17: -61 | GD17: 0.5507585 | GE17: 34.291796 | GF17: 336 | GG17: -13 | GH17: 0.1794087 | GI17: 10.143855 | GJ17: 363 | GK17: -19 | GL17: 0.0333742 | GM17: 26.888293 | GN17: 290 | GO17: -30 | GP17: 0.1686353 | GQ17: 0.10606941 | GR17: 205 | GS17: 9 | GT17: 0.0133926 | GU17: 9.8570465 | GV17: 167 | GW17: 23 | GX17: 8202.996 | GY17: 5.2810837 | GZ17: 263 | HA17: -27 | HB17: 26595.8 | HC17: 5.2788268 | HD17: 285 | HE17: -10 | HF17: 0.204815 | HG17: 15.835815 | HH17: 91 | HI17: -4 | HJ17: 0.7201047 | HK17: 24.122251 | HL17: 396 | HM17: -25 | HN17: 2679.9413 | HO17: 27.290158 | HP17: 248 | HQ17: 1 | HR17: -0.0443773 | HS17: 56.512118 | HT17: 162 | HU17: 211 | HV17: 0.0207612 | HW17: 3.7264522 | HX17: 408 | HY17: -40 | HZ17: 0.6518171 | IA17: 23.700933 | IB17: 167 | IC17: 13 | ID17: 0.1554963 | IE17: 27.440269 | IF17: 291 | IG17: -5 | IH17: 89.09711 | II17: 36.309444 | IJ17: 359 | IK17: -15 | IL17: 0.8196269 | IM17: 65.636421 | IN17: 78 | IO17: -57 | IP17: 11.06642 | IQ17: 15.034996 | IR17: 390 | IS17: -80 | IT17: 0.8336961 | IU17: 80.124854 | IV17: 281 | IW17: -117 | IX17: 0.9121974 | IY17: 84.843969 | IZ17: 347 | JA17: -72
A18: Ananindeua | B18: 0.7109654 | C18: 32.494883 | D18: 258 | E18: -7 | F18: 0.2506335 | G18: 76.179296 | H18: 6 | I18: -4 | J18: 0.3518 | K18: 70.602837 | L18: 27 | M18: 8 | N18: 0.3685 | O18: 23.008997 | P18: 358 | Q18: 12 | R18: 0.0489112 | S18: 92.436532 | T18: 26 | U18: 1 | V18: 0.0179831 | W18: 78.69393 | X18: 123 | Y18: 9 | Z18: 0.81644144 | AA18: 78.724797 | AB18: 255 | AC18: -63 | AD18: 8.5 | AE18: 96.021065 | AF18: 60 | AG18: 76 | AH18: 0.3563531 | AI18: 38.26777 | AJ18: 356 | AK18: -24 | AL18: 3.19 | AM18: 7.4728261 | AN18: 411 | AO18: -13 | AP18: 0.9635 | AQ18: 46.250776 | AR18: 149 | AS18: 120 | AT18: 0.1832868 | AU18: 27.448238 | AV18: 266 | AW18: -10 | AX18: 0.7461 | AY18: 41.181616 | AZ18: 359 | BA18: -34 | BB18: 0.531423 | BC18: 35.133506 | BD18: 411 | BE18: -11 | BF18: 97.688049 | BG18: 61.087593 | BH18: 333 | BI18: -180 | BJ18: 0.0302 | BK18: 72.331606 | BL18: 333 | BM18: -75 | BN18: 0.0418 | BO18: 81.653333 | BP18: 127 | BQ18: 120 | BR18: 14.49039 | BS18: 68.516625 | BT18: 239 | BU18: 57 | BV18: 179.55768 | BW18: 53.923588 | BX18: 268 | BY18: 3 | BZ18: 0.3594224 | CA18: 10.509952 | CB18: 395 | CC18: -8 | CD18: 0.9111106 | CE18: 47.199849 | CF18: 335 | CG18: -46 | CH18: 0.7188719 | CI18: 35.192162 | CJ18: 277 | CK18: 5 | CL18: 0.1076266 | CM18: 12.462627 | CN18: 327 | CO18: -16 | CP18: 0.0814464 | CQ18: 8.5163222 | CR18: 229 | CS18: 107 | CT18: 0.1281621 | CU18: 14.448965 | CV18: 275 | CW18: 74 | CX18: 5.9 | CY18: 37.288136 | CZ18: 196 | DA18: 63 | DB18: 5.1 | DC18: 45.098039 | DD18: 130 | DE18: 182 | DF18: 4.4 | DG18: 71.428571 | DH18: 146 | DI18: 176 | DJ18: 532.1034 | DK18: 43.350827 | DL18: 305 | DM18: -11 | DN18: 42.81734 | DO18: 59.671667 | DP18: 352 | DQ18: -4 | DR18: 0.0238095 | DS18: 97.448982 | DT18: 52 | DU18: 180 | DV18: 148.8237 | DW18: 53.113831 | DX18: 372 | DY18: -8 | DZ18: 40.519825 | EA18: 68.57873 | EB18: 388 | EC18: 3 | ED18: 24.259705 | EE18: 73.633706 | EF18: 367 | EG18: -18 | EH18: 0.416 | EI18: 36.680039 | EJ18: 396 | EK18: -6 | EL18: 0.4609 | EM18: 54.38862 | EN18: 294 | EO18: -119 | EP18: 0.4105 | EQ18: 37.803001 | ER18: 237 | ES18: -52 | ET18: 0.3739 | EU18: 37.106981 | EV18: 286 | EW18: -5 | EX18: 0.3922 | EY18: 20.589007 | EZ18: 228 | FA18: 47 | FB18: 0.9975 | FC18: 99.622299 | FD18: 172 | FE18: -171 | FF18: 0 | FG18: 100 | FH18: 1 | FI18: 0 | FJ18: 0.1016322 | FK18: 88.024465 | FL18: 294 | FM18: -12 | FN18: 0.5205867 | FO18: 56.757529 | FP18: 87 | FQ18: -12 | FR18: 0 | FS18: 100 | FT18: 1 | FU18: 0 | FV18: 0 | FW18: 100 | FX18: 1 | FY18: 0 | FZ18: 0.0002016 | GA18: 1.3760623 | GB18: 350 | GC18: -122 | GD18: 0.4642563 | GE18: 46.683555 | GF18: 272 | GG18: -1 | GH18: 0.2142139 | GI18: 13.955083 | GJ18: 328 | GK18: -16 | GL18: 0.0517758 | GM18: 28.783548 | GN18: 212 | GO18: -56 | GP18: 4.844229 | GQ18: 3.046957 | GR18: 103 | GS18: 18 | GT18: 0.0050602 | GU18: 3.6421584 | GV18: 347 | GW18: 8 | GX18: 6941.918 | GY18: 4.4386968 | GZ18: 298 | HA18: -25 | HB18: 16542.68 | HC18: 2.3343897 | HD18: 373 | HE18: -12 | HF18: 0.0914367 | HG18: 9.6602489 | HH18: 301 | HI18: -10 | HJ18: 1.739031 | HK18: 50.716714 | HL18: 219 | HM18: 5 | HN18: 2250.3292 | HO18: 19.959836 | HP18: 351 | HQ18: -22 | HR18: -0.0962944 | HS18: 51.258912 | HT18: 265 | HU18: -127 | HV18: 0.0261522 | HW18: 5.0853986 | HX18: 400 | HY18: -46 | HZ18: 0.4244283 | IA18: 14.964108 | IB18: 267 | IC18: 9 | ID18: 0.147462 | IE18: 25.176876 | IF18: 328 | IG18: -61 | IH18: 99.66584 | II18: 45.97687 | IJ18: 286 | IK18: -65 | IL18: 0.7380947 | IM18: 47.464166 | IN18: 211 | IO18: 69 | IP18: 16.33493 | IQ18: 23.167136 | IR18: 351 | IS18: -4 | IT18: 0.8294979 | IU18: 79.607224 | IV18: 283 | IW18: -17 | IX18: 0.9831475 | IY18: 98.55806 | IZ18: 15 | JA18: -9
A19: Barcarena | B19: 0.4753611 | C19: 68.562509 | D19: 33 | E19: 58 | F19: 0.2006155 | G19: 60.628833 | H19: 18 | I19: 3 | J19: 0.3662 | K19: 68.049645 | L19: 38 | M19: 103 | N19: -0.132 | O19: 34.95382 | P19: 75 | Q19: 104 | R19: 0.1323303 | S19: 66.826239 | T19: 289 | U19: 47 | V19: 0.0337525 | W19: 56.929224 | X19: 372 | Y19: -11 | Z19: 0.87927928 | AA19: 86.030374 | AB19: 193 | AC19: -86 | AD19: 43.9 | AE19: 75.307197 | AF19: 382 | AG19: -18 | AH19: 0.2461896 | AI19: 26.149565 | AJ19: 401 | AK19: -25 | AL19: 9.33 | AM19: 90.896739 | AN19: 58 | AO19: 0 | AP19: 1.0643 | AQ19: 52.507759 | AR19: 99 | AS19: 6 | AT19: 0.2402954 | AU19: 36.325352 | AV19: 210 | AW19: 32 | AX19: 0.9103273 | AY19: 61.734317 | AZ19: 129 | BA19: -12 | BB19: 0.7138219 | BC19: 62.415868 | BD19: 311 | BE19: -45 | BF19: 46.382187 | BG19: 81.524428 | BH19: 213 | BI19: -212 | BJ19: 0.0176 | BK19: 85.388601 | BL19: 198 | BM19: 23 | BN19: 0.0473 | BO19: 78.72 | BP19: 174 | BQ19: 28 | BR19: 17.16141 | BS19: 60.078242 | BT19: 333 | BU19: -29 | BV19: 161.12961 | BW19: 63.263648 | BX19: 180 | BY19: -110 | BZ19: 0.4932406 | CA19: 27.06179 | CB19: 277 | CC19: 0 | CD19: 0.9162592 | CE19: 48.162076 | CF19: 324 | CG19: -115 | CH19: 0.5958927 | CI19: 24.193151 | CJ19: 382 | CK19: -13 | CL19: 0.1083708 | CM19: 12.548802 | CN19: 325 | CO19: 26 | CP19: 0.0369398 | CQ19: 3.4326766 | CR19: 360 | CS19: -9 | CT19: 0.0682451 | CU19: 7.4996283 | CV19: 357 | CW19: -23 | CX19: 4.5 | CY19: 13.559322 | CZ19: 397 | DA19: -36 | DB19: 3.9 | DC19: 21.568627 | DD19: 378 | DE19: -23 | DF19: 4.2 | DG19: 64.285714 | DH19: 217 | DI19: 111 | DJ19: 517.789 | DK19: 34.286686 | DL19: 364 | DM19: -12 | DN19: 36.32057 | DO19: 65.905991 | DP19: 326 | DQ19: -63 | DR19: 0.08 | DS19: 91.428571 | DT19: 147 | DU19: -146 | DV19: 91.92539 | DW19: 71.751859 | DX19: 287 | DY19: -65 | DZ19: 15.791552 | EA19: 87.949838 | EB19: 208 | EC19: -53 | ED19: 13.471103 | EE19: 85.396808 | EF19: 233 | EG19: -12 | EH19: 0.3635 | EI19: 30.987748 | EJ19: 401 | EK19: -7 | EL19: 0.3883 | EM19: 61.713075 | EN19: 238 | EO19: 66 | EP19: 0.6473 | EQ19: 22.617673 | ER19: 359 | ES19: -79 | ET19: 0.1308 | EU19: 12.687092 | EV19: 348 | EW19: -31 | EX19: 0.3905 | EY19: 20.499764 | EZ19: 231 | FA19: 62 | FB19: 0.759 | FC19: 63.589666 | FD19: 382 | FE19: 14 | FF19: 1 | FG19: 0 | FH19: 327 | FI19: 32 | FJ19: 0.367773 | FK19: 85.657721 | FL19: 394 | FM19: -14 | FN19: 0.4751599 | FO19: 51.804823 | FP19: 101 | FQ19: -13 | FR19: 0.0008399 | FS19: 95.635931 | FT19: 360 | FU19: -60 | FV19: 0.0167504 | FW19: 97.978187 | FX19: 318 | FY19: -70 | FZ19: 0.0002489 | GA19: 1.6989181 | GB19: 342 | GC19: -259 | GD19: 0.5960854 | GE19: 27.79855 | GF19: 360 | GG19: -9 | GH19: 0.3885649 | GI19: 33.046815 | GJ19: 132 | GK19: 20 | GL19: 0.1227985 | GM19: 36.098462 | GN19: 64 | GO19: 54 | GP19: 0 | GQ19: 0 | GR19: 232 | GS19: -7 | GT19: 0.0007327 | GU19: 0.41440544 | GV19: 417 | GW19: -31 | GX19: 3928.013 | GY19: 2.4254398 | GZ19: 373 | HA19: -16 | HB19: 71473.92 | HC19: 18.423085 | HD19: 52 | HE19: -2 | HF19: 0.2213548 | HG19: 16.736716 | HH19: 76 | HI19: -3 | HJ19: 2.116755 | HK19: 60.57549 | HL19: 136 | HM19: -5 | HN19: 3295.6814 | HO19: 37.796318 | HP19: 97 | HQ19: 40 | HR19: -0.0364075 | HS19: 57.318538 | HT19: 136 | HU19: 83 | HV19: 0.0765481 | HW19: 17.789039 | HX19: 228 | HY19: 59 | HZ19: 0.3065425 | IA19: 10.434651 | IB19: 327 | IC19: -22 | ID19: 0.1297492 | IE19: 20.186891 | IF19: 379 | IG19: -29 | IH19: 107.3144 | II19: 52.973159 | IJ19: 176 | IK19: -52 | IL19: 0.7515606 | IM19: 50.465505 | IN19: 181 | IO19: 1 | IP19: 13.27231 | IQ19: 18.439869 | IR19: 374 | IS19: -11 | IT19: 0.9743238 | IU19: 97.464002 | IV19: 78 | IW19: -57 | IX19: 0.9784935 | IY19: 97.658479 | IZ19: 49 | JA19: -17
A20: Belém | B20: 0.5648265 | C20: 54.866645 | D20: 82 | E20: 23 | F20: 0.1743211 | G20: 52.453975 | H20: 34 | I20: 144 | J20: 0.4323 | K20: 56.329787 | L20: 132 | M20: 105 | N20: 0.2191 | O20: 26.574545 | P20: 302 | Q20: -15 | R20: 0.0393146 | S20: 95.38276 | T20: 3 | U20: 3 | V20: 0.0268766 | W20: 66.419245 | X20: 287 | Y20: 18 | Z20: 0.6920738 | AA20: 64.265715 | AB20: 337 | AC20: -31 | AD20: 52.5 | AE20: 70.275015 | AF20: 396 | AG20: -11 | AH20: 0.4323331 | AI20: 46.625722 | AJ20: 293 | AK20: -49 | AL20: 7.52 | AM20: 66.304348 | AN20: 179 | AO20: -3 | AP20: 0.6093 | AQ20: 24.264432 | AR20: 351 | AS20: 48 | AT20: 0.2913042 | AU20: 44.268204 | AV20: 160 | AW20: -13 | AX20: 0.6877909 | AY20: 33.884355 | AZ20: 382 | BA20: -23 | BB20: 0.5693913 | BC20: 40.812624 | BD20: 406 | BE20: -21 | BF20: 33.012016 | BG20: 86.850213 | BH20: 191 | BI20: 71 | BJ20: 0.0216 | BK20: 81.243523 | BL20: 244 | BM20: -63 | BN20: 0.0601 | BO20: 71.893333 | BP20: 285 | BQ20: 16 | BR20: 18.55275 | BS20: 55.682671 | BT20: 363 | BU20: -53 | BV20: 175.76929 | BW20: 55.843691 | BX20: 257 | BY20: 19 | BZ20: 0.3368909 | CA20: 7.7230539 | CB20: 406 | CC20: -22 | CD20: 0.8933188 | CE20: 43.874722 | CF20: 359 | CG20: -56 | CH20: 0.7508489 | CI20: 38.05212 | CJ20: 236 | CK20: 11 | CL20: 0.244003 | CM20: 28.254339 | CN20: 247 | CO20: -23 | CP20: 0.0827125 | CQ20: 8.660939 | CR20: 224 | CS20: 104 | CT20: 0.1378023 | CU20: 15.567062 | CV20: 253 | CW20: 61 | CX20: 5.4 | CY20: 28.813559 | CZ20: 299 | DA20: 22 | DB20: 4.8 | DC20: 39.215686 | DD20: 220 | DE20: 135 | DF20: 4.5 | DG20: 75 | DH20: 107 | DI20: 212 | DJ20: 555.2243 | DK20: 57.991406 | DL20: 195 | DM20: -3 | DN20: 20.71501 | DO20: 80.881143 | DP20: 208 | DQ20: -1 | DR20: 0.1373802 | DS20: 85.280692 | DT20: 208 | DU20: -60 | DV20: 54.41446 | DW20: 84.039214 | DX20: 166 | DY20: 17 | DZ20: 6.5213904 | EA20: 95.2117 | EB20: 54 | EC20: 22 | ED20: 17.818697 | EE20: 80.65651 | EF20: 309 | EG20: -34 | EH20: 0.9462 | EI20: 94.166757 | EJ20: 183 | EK20: 13 | EL20: 0.6191 | EM20: 38.428168 | EN20: 369 | EO20: -193 | EP20: 0.592 | EQ20: 26.163909 | ER20: 335 | ES20: -147 | ET20: 0.1934 | EU20: 18.975389 | EV20: 330 | EW20: -9 | EX20: 0.2751 | EY20: 14.441703 | EZ20: 260 | FA20: 87 | FB20: 0.8744 | FC20: 81.024324 | FD20: 349 | FE20: 7 | FF20: 0 | FG20: 100 | FH20: 1 | FI20: 0 | FJ20: 0.0502334 | FK20: 88.481545 | FL20: 158 | FM20: -7 | FN20: 0.2846716 | FO20: 31.03663 | FP20: 196 | FQ20: -18 | FR20: 0 | FS20: 100 | FT20: 1 | FU20: 206 | FV20: 0 | FW20: 100 | FX20: 1 | FY20: 223 | FZ20: 0.0001392 | GA20: 0.95013822 | GB20: 365 | GC20: -118 | GD20: 0.4957337 | GE20: 42.174302 | GF20: 289 | GG20: 15 | GH20: 0.3933533 | GI20: 33.571153 | GJ20: 128 | GK20: -44 | GL20: -0.031558 | GM20: 20.200663 | GN20: 402 | GO20: -136 | GP20: 37.38894 | GQ20: 23.517157 | GR20: 24 | GS20: 2 | GT20: 0.0197141 | GU20: 14.572064 | GV20: 95 | GW20: 3 | GX20: 19351.44 | GY20: 12.728128 | GZ20: 81 | HA20: -4 | HB20: 22216.33 | HC20: 3.9961331 | HD20: 328 | HE20: -10 | HF20: 0.081756 | HG20: 9.132954 | HH20: 322 | HI20: -11 | HJ20: 2.141728 | HK20: 61.227298 | HL20: 127 | HM20: -49 | HN20: 3073.8083 | HO20: 34.010574 | HP20: 146 | HQ20: -124 | HR20: -0.3610241 | HS20: 24.472371 | HT20: 405 | HU20: -338 | HV20: 0.0793503 | HW20: 18.495409 | HX20: 218 | HY20: -46 | HZ20: 0.7715304 | IA20: 28.300607 | IB20: 99 | IC20: -17 | ID20: 0.2958668 | IE20: 66.984931 | IF20: 19 | IG20: 1 | IH20: 120.8137 | II20: 65.321236 | IJ20: 49 | IK20: -26 | IL20: 0.6937613 | IM20: 37.582944 | IN20: 295 | IO20: 40 | IP20: 22.45142 | IQ20: 32.608163 | IR20: 285 | IS20: -17 | IT20: 0.6869423 | IU20: 62.030369 | IV20: 357 | IW20: -18 | IX20: 0.9676964 | IY20: 95.571485 | IZ20: 122 | JA20: -33
A21: Bragança | B21: 0.8949907 | C21: 4.3232598 | D21: 404 | E21: -11 | F21: 0.0483019 | G21: 13.274943 | H21: 330 | I21: -225 | J21: 0.6699 | K21: 14.202128 | L21: 407 | M21: -7 | N21: 0.3114 | O21: 24.371733 | P21: 334 | Q21: 6 | R21: 0.0792535 | S21: 83.121217 | T21: 134 | U21: 35 | V21: 0.012079 | W21: 86.842686 | X21: 32 | Y21: 34 | Z21: 0.85585586 | AA21: 83.307149 | AB21: 221 | AC21: -153 | AD21: 16 | AE21: 91.632534 | AF21: 157 | AG21: -33 | AH21: 0.3949819 | AI21: 42.517015 | AJ21: 324 | AK21: 54 | AL21: 6.62 | AM21: 54.076087 | AN21: 233 | AO21: -5 | AP21: 1.8294 | AQ21: 100 | AR21: 1 | AS21: 141 | AT21: 0.0133279 | AU21: 0.98303092 | AV21: 412 | AW21: -14 | AX21: 0.8215455 | AY21: 50.623462 | AZ21: 273 | BA21: -106 | BB21: 0.7105971 | BC21: 61.933517 | BD21: 314 | BE21: 34 | BF21: 161.37709 | BG21: 35.718125 | BH21: 397 | BI21: -16 | BJ21: 0.0172 | BK21: 85.803109 | BL21: 194 | BM21: -18 | BN21: 0.0559 | BO21: 74.133333 | BP21: 255 | BQ21: -26 | BR21: 15.06186 | BS21: 66.711216 | BT21: 263 | BU21: -158 | BV21: 172.95403 | BW21: 57.270574 | BX21: 249 | BY21: -5 | BZ21: 0.3356826 | CA21: 7.5736005 | CB21: 407 | CC21: -18 | CD21: 0.8859246 | CE21: 42.492812 | CF21: 366 | CG21: -72 | CH21: 0.5918103 | CI21: 23.828029 | CJ21: 384 | CK21: -5 | CL21: 0.0570766 | CM21: 6.6091875 | CN21: 374 | CO21: -3 | CP21: 0.1404096 | CQ21: 15.251234 | CR21: 127 | CS21: 168 | CT21: 0.3507996 | CU21: 40.271068 | CV21: 62 | CW21: 25 | CX21: 4.6 | CY21: 15.254237 | CZ21: 386 | DA21: -6 | DB21: 4.6 | DC21: 35.294118 | DD21: 268 | DE21: 123 | DF21: 4 | DG21: 57.142857 | DH21: 286 | DI21: 40 | DJ21: 509.483 | DK21: 29.027174 | DL21: 383 | DM21: -12 | DN21: 17.87426 | DO21: 83.607137 | DP21: 183 | DQ21: 65 | DR21: 0.1538462 | DS21: 83.516478 | DT21: 219 | DU21: -218 | DV21: 56.20609 | DW21: 83.452334 | DX21: 176 | DY21: -7 | DZ21: 14.624397 | EA21: 88.864139 | EB21: 185 | EC21: 58 | ED21: 4.3287086 | EE21: 95.365007 | EF21: 91 | EG21: 52 | EH21: 0.1607 | EI21: 8.999241 | EJ21: 411 | EK21: -9 | EL21: 0.6498 | EM21: 35.330912 | EN21: 377 | EO21: -165 | EP21: 0.6445 | EQ21: 22.79723 | ER21: 357 | ES21: -111 | ET21: .n | EU21: 0 | EV21: 387 | EW21: -8 | EX21: .n | EY21: 0 | EZ21: 368 | FA21: -4 | FB21: 1 | FC21: 100 | FD21: 1 | FE21: 389 | FF21: 1 | FG21: 0 | FH21: 327 | FI21: 56 | FJ21: 0.3621126 | FK21: 85.708058 | FL21: 393 | FM21: -14 | FN21: 0.5412675 | FO21: 59.012276 | FP21: 78 | FQ21: -18 | FR21: 8.35e-05 | FS21: 99.566139 | FT21: 259 | FU21: -10 | FV21: 0.0243151 | FW21: 97.065109 | FX21: 350 | FY21: -71 | FZ21: 0.0018749 | GA21: 12.797515 | GB21: 127 | GC21: 35 | GD21: 0.683374 | GE21: 15.294136 | GF21: 405 | GG21: -17 | GH21: 0.1143706 | GI21: 3.0220718 | GJ21: 411 | GK21: -7 | GL21: 0.7425889 | GM21: 99.933177 | GN21: 2 | GO21: 402 | GP21: 0.4883877 | GQ21: 0.30718951 | GR21: 173 | GS21: -46 | GT21: 0.0051035 | GU21: 3.6744545 | GV21: 346 | GW21: -72 | GX21: 4616.752 | GY21: 2.8855102 | GZ21: 356 | HA21: -16 | HB21: 10679 | HC21: 0.61698884 | HD21: 412 | HE21: -14 | HF21: -0.0022975 | HG21: 4.5546709 | HH21: 410 | HI21: -13 | HJ21: 0.5186697 | HK21: 18.864702 | HL21: 403 | HM21: -38 | HN21: 2512.4607 | HO21: 24.432494 | HP21: 289 | HQ21: 112 | HR21: 0.19706 | HS21: 80.941829 | HT21: 2 | HU21: 399 | HV21: 0.0537055 | HW21: 12.030948 | HX21: 330 | HY21: 26 | HZ21: 0.4296306 | IA21: 15.163992 | IB21: 265 | IC21: -11 | ID21: 0.2133069 | IE21: 43.726459 | IF21: 116 | IG21: 272 | IH21: 70.19495 | II21: 19.019265 | IJ21: 410 | IK21: -19 | IL21: 0.9156244 | IM21: 87.032765 | IN21: 37 | IO21: 13 | IP21: 9.401651 | IQ21: 12.465364 | IR21: 398 | IS21: -6 | IT21: 0.9651858 | IU21: 96.337303 | IV21: 120 | IW21: 32 | IX21: 0.9757674 | IY21: 97.131546 | IZ21: 71 | JA21: 118
A22: Breves | B22: 0.8985162 | C22: 3.7835566 | D22: 405 | E22: -9 | F22: 0.1080858 | G22: 31.861597 | H22: 136 | I22: 261 | J22: 0.7235 | K22: 4.6985816 | L22: 410 | M22: -10 | N22: -0.0125 | O22: 32.101859 | P22: 143 | Q22: 257 | R22: 0.0640057 | S22: 87.802406 | T22: 70 | U22: 324 | V22: 0.0112156 | W22: 88.034339 | X22: 21 | Y22: 367 | Z22: 0.2088964 | AA22: 8.0911239 | AB22: 415 | AC22: -26 | AD22: 32.6 | AE22: 81.919251 | AF22: 338 | AG22: -86 | AH22: 0.4424057 | AI22: 47.733728 | AJ22: 278 | AK22: 18 | AL22: 5.27 | AM22: 35.733696 | AN22: 344 | AO22: -10 | AP22: 0.7744 | AQ22: 34.512725 | AR22: 272 | AS22: 98 | AT22: 0.0086831 | AU22: 0.25976432 | AV22: 415 | AW22: -14 | AX22: 0.5837272 | AY22: 20.861002 | AZ22: 413 | BA22: -15 | BB22: 0.2965345 | BC22: 0 | BD22: 418 | BE22: -14 | BF22: 142.90817 | BG22: 43.074911 | BH22: 383 | BI22: -4 | BJ22: 0.0789 | BK22: 21.865285 | BL22: 414 | BM22: -50 | BN22: 0.0496 | BO22: 77.493333 | BP22: 203 | BQ22: 28 | BR22: 18.22079 | BS22: 56.731411 | BT22: 354 | BU22: 32 | BV22: 120.34599 | BW22: 83.934367 | BX22: 28 | BY22: -12 | BZ22: 0.4366063 | CA22: 20.056751 | CB22: 334 | CC22: 20 | CD22: 0.9243097 | CE22: 49.666642 | CF22: 310 | CG22: -59 | CH22: 0.3253907 | CI22: 0 | CJ22: 418 | CK22: -14 | CL22: 0.1223493 | CM22: 14.167443 | CN22: 317 | CO22: 13 | CP22: 0.1288822 | CQ22: 13.934548 | CR22: 141 | CS22: -26 | CT22: 0.0739261 | CU22: 8.1585261 | CV22: 347 | CW22: -8 | CX22: 3.7 | CY22: 0 | CZ22: 418 | DA22: -18 | DB22: 2.8 | DC22: 0 | DD22: 418 | DE22: -159 | DF22: 4.2 | DG22: 64.285714 | DH22: 217 | DI22: 111 | DJ22: 490.5181 | DK22: 17.018251 | DL22: 406 | DM22: -14 | DN22: 21.50176 | DO22: 80.126175 | DP22: 216 | DQ22: -52 | DR22: 0.2580645 | DS22: 72.350231 | DT22: 294 | DU22: -67 | DV22: 41.35386 | DW22: 88.31744 | DX22: 115 | DY22: 59 | DZ22: 1.8697181 | EA22: 98.855629 | EB22: 9 | EC22: 75 | ED22: 1.0430157 | EE22: 98.947486 | EF22: 27 | EG22: 33 | EH22: 0.2217 | EI22: 15.613141 | EJ22: 408 | EK22: -9 | EL22: 1 | EM22: 0 | EN22: 401 | EO22: -162 | EP22: 1 | EQ22: 0 | ER22: 402 | ES22: 0 | ET22: .n | EU22: 0 | EV22: 387 | EW22: -8 | EX22: .n | EY22: 0 | EZ22: 368 | FA22: -4 | FB22: 0.6434 | FC22: 46.124792 | FD22: 393 | FE22: 7 | FF22: 1 | FG22: 0 | FH22: 327 | FI22: 63 | FJ22: -1.245019 | FK22: 100 | FL22: 1 | FM22: 0 | FN22: 0.8856034 | FO22: 96.553871 | FP22: 6 | FQ22: 1 | FR22: 5.03e-05 | FS22: 99.738644 | FT22: 242 | FU22: -9 | FV22: 0.0048818 | FW22: 99.410755 | FX22: 247 | FY22: -31 | FZ22: 6.54e-06 | GA22: 0.044640115 | GB22: 413 | GC22: -34 | GD22: 0.7901366 | GE22: 0 | GF22: 418 | GG22: -14 | GH22: 0.125014 | GI22: 4.1875423 | GJ22: 403 | GK22: -20 | GL22: 0.0141515 | GM22: 24.908469 | GN22: 351 | GO22: -346 | GP22: 0 | GQ22: 0 | GR22: 232 | GS22: -7 | GT22: 0.0018977 | GU22: 1.2833441 | GV22: 407 | GW22: -19 | GX22: 2880.265 | GY22: 1.7255551 | GZ22: 401 | HA22: -19 | HB22: 8572.43 | HC22: 0 | HD22: 418 | HE22: -14 | HF22: 0.0448339 | HG22: 7.121856 | HH22: 382 | HI22: -12 | HJ22: 0.3407307 | HK22: 14.220409 | HL22: 411 | HM22: -19 | HN22: 2458.6516 | HO22: 23.514368 | HP22: 300 | HQ22: -81 | HR22: -0.1762893 | HS22: 43.164669 | HT22: 357 | HU22: 31 | HV22: 0.0576512 | HW22: 13.025568 | HX22: 308 | HY22: -8 | HZ22: 0.3767128 | IA22: 13.130763 | IB22: 296 | IC22: -9 | ID22: 0.3361241 | IE22: 78.32607 | IF22: 8 | IG22: 1 | IH22: 63.14243 | II22: 12.568185 | IJ22: 415 | IK22: -15 | IL22: 0.9646643 | IM22: 97.962993 | IN22: 6 | IO22: 40 | IP22: 4.316347 | IQ22: 4.6160102 | IR22: 415 | IS22: -21 | IT22: 0.1838502 | IU22: 0 | IV22: 418 | IW22: -29 | IX22: 0.5132903 | IY22: 7.73839 | IZ22: 417 | JA22: -16
A23: Cametá | B23: 0.9164951 | C23: 1.0312458 | D23: 409 | E23: -13 | F23: 0.1072094 | G23: 31.589127 | H23: 139 | I23: 258 | J23: 0.7085 | K23: 7.358156 | L23: 408 | M23: -11 | N23: 0.0731 | O23: 30.058948 | P23: 216 | Q23: -35 | R23: 0.0725538 | S23: 85.178075 | T23: 105 | U23: 289 | V23: 0.0133738 | W23: 85.055621 | X23: 54 | Y23: 334 | Z23: 0.30894837 | AA23: 19.723246 | AB23: 411 | AC23: -75 | AD23: 43.2 | AE23: 75.716793 | AF23: 378 | AG23: -29 | AH23: 0.3525841 | AI23: 37.853172 | AJ23: 359 | AK23: -104 | AL23: 5.92 | AM23: 44.565217 | AN23: 284 | AO23: -8 | AP23: 1.0774 | AQ23: 53.320919 | AR23: 92 | AS23: 183 | AT23: 0.0070149 | AU23: 0 | AV23: 418 | AW23: -15 | AX23: 0.8477728 | AY23: 53.905753 | AZ23: 230 | BA23: 123 | BB23: 0.5898597 | BC23: 43.87419 | BD23: 404 | BE23: -11 | BF23: 181.07742 | BG23: 27.870826 | BH23: 404 | BI23: -198 | BJ23: 0.0295 | BK23: 73.056995 | BL23: 329 | BM23: -57 | BN23: 0.078 | BO23: 62.346667 | BP23: 362 | BQ23: -54 | BR23: 18.56043 | BS23: 55.658408 | BT23: 364 | BU23: 28 | BV23: 124.68452 | BW23: 81.735432 | BX23: 39 | BY23: 24 | BZ23: 0.4362348 | CA23: 20.010801 | CB23: 335 | CC23: -18 | CD23: 0.8724254 | CE23: 39.969933 | CF23: 381 | CG23: -64 | CH23: 0.5121239 | CI23: 16.701039 | CJ23: 406 | CK23: -14 | CL23: 0.0158849 | CM23: 1.8393927 | CN23: 411 | CO23: -15 | CP23: 0.061383 | CQ23: 6.2246348 | CR23: 278 | CS23: 90 | CT23: 0.027127 | CU23: 2.7306392 | CV23: 397 | CW23: -27 | CX23: 4.1 | CY23: 6.779661 | CZ23: 416 | DA23: -21 | DB23: 3.5 | DC23: 13.72549 | DD23: 408 | DE23: -32 | DF23: 4 | DG23: 57.142857 | DH23: 286 | DI23: 36 | DJ23: 510.5808 | DK23: 29.722321 | DL23: 380 | DM23: -12 | DN23: 18.63113 | DO23: 82.880842 | DP23: 188 | DQ23: 4 | DR23: 0.0384615 | DS23: 95.879125 | DT23: 78 | DU23: -77 | DV23: 39.08591 | DW23: 89.060346 | DX23: 98 | DY23: -47 | DZ23: 8.1976986 | EA23: 93.89855 | EB23: 75 | EC23: -9 | ED23: 10.011333 | EE23: 89.169089 | EF23: 175 | EG23: -2 | EH23: 0.3246 | EI23: 26.770031 | EJ23: 404 | EK23: -300 | EL23: .n | EM23: 0 | EN23: 401 | EO23: -368 | EP23: .n | EQ23: 0 | ER23: 402 | ES23: -176 | ET23: .n | EU23: 0 | EV23: 387 | EW23: -8 | EX23: .n | EY23: 0 | EZ23: 368 | FA23: -4 | FB23: 0.61 | FC23: 41.078713 | FD23: 395 | FE23: 3 | FF23: 1 | FG23: 0 | FH23: 327 | FI23: 31 | FJ23: 0.0773415 | FK23: 88.240478 | FL23: 250 | FM23: -12 | FN23: 0.5903717 | FO23: 64.365915 | FP23: 61 | FQ23: -8 | FR23: 8.99e-05 | FS23: 99.532885 | FT23: 266 | FU23: 87 | FV23: 0.0084292 | FW23: 98.982575 | FX23: 281 | FY23: 55 | FZ23: 0.0002719 | GA23: 1.8559094 | GB23: 338 | GC23: -282 | GD23: 0.7483471 | GE23: 5.9865001 | GF23: 414 | GG23: -15 | GH23: 0.0867722 | GI23: 0 | GJ23: 418 | GK23: -15 | GL23: 0.0854896 | GM23: 32.255868 | GN23: 113 | GO23: -102 | GP23: 0 | GQ23: 0 | GR23: 232 | GS23: -7 | GT23: 0.0021033 | GU23: 1.436695 | GV23: 405 | GW23: -6 | GX23: 3706.62 | GY23: 2.2775516 | GZ23: 381 | HA23: -11 | HB23: 9897.383 | HC23: 0.38806269 | HD23: 416 | HE23: -14 | HF23: 0.0338469 | HG23: 6.5234086 | HH23: 389 | HI23: -13 | HJ23: 0.1208183 | HK23: 8.4805905 | HL23: 415 | HM23: -12 | HN23: 3398.346 | HO23: 39.548048 | HP23: 83 | HQ23: 62 | HR23: 0.0105311 | HS23: 62.067997 | HT23: 53 | HU23: 105 | HV23: 0.0443217 | HW23: 9.6655091 | HX23: 361 | HY23: -33 | HZ23: 0.3849423 | IA23: 13.44696 | IB23: 292 | IC23: -17 | ID23: 0.3045104 | IE23: 69.419974 | IF23: 13 | IG23: -9 | IH23: 55.69151 | II23: 5.7526817 | IJ23: 417 | IK23: -15 | IL23: 0.9508271 | IM23: 94.878897 | IN23: 19 | IO23: 143 | IP23: 1.325806 | IQ23: 0 | IR23: 418 | IS23: -15 | IT23: 0.7960147 | IU23: 75.478804 | IV23: 302 | IW23: -20 | IX23: 0.7514421 | IY23: 53.771244 | IZ23: 411 | JA23: -13
A24: Canaã dos Carajás | B24: 0.784613 | C24: 21.220496 | D24: 338 | E24: Novo município | F24: 0.2629625 | G24: 80.012349 | H24: 4 | I24: Novo município | J24: 0.2119 | K24: 95.407801 | L24: 3 | M24: Novo município | N24: -0.3197 | O24: 39.433426 | P24: 20 | Q24: Novo município | R24: 0.048461 | S24: 92.574746 | T24: 22 | U24: Novo município | V24: 0.03123 | W24: 60.410743 | X24: 355 | Y24: Novo município | Z24: 0.89132883 | AA24: 87.431265 | AB24: 172 | AC24: Novo município | AD24: 38.6 | AE24: 78.408426 | AF24: 367 | AG24: Novo município | AH24: 0.3335724 | AI24: 35.761847 | AJ24: 375 | AK24: Novo município | AL24: .n | AM24: 0 | AN24: 417 | AO24: Novo município | AP24: 0.8741 | AQ24: 40.701428 | AR24: 217 | AS24: Novo município | AT24: 0.3897656 | AU24: 59.600154 | AV24: 74 | AW24: Novo município | AX24: 0.8094182 | AY24: 49.105756 | AZ24: 284 | BA24: Novo município | BB24: 0.8236025 | BC24: 78.836328 | BD24: 143 | BE24: Novo município | BF24: 0 | BG24: 100 | BH24: 1 | BI24: Novo município | BJ24: 0.0067 | BK24: 96.683938 | BL24: 14 | BM24: Novo município | BN24: 0.0306 | BO24: 87.626667 | BP24: 30 | BQ24: Novo município | BR24: 21.11801 | BS24: 47.578409 | BT24: 397 | BU24: Novo município | BV24: 136.01205 | BW24: 75.994201 | BX24: 73 | BY24: Novo município | BZ24: 0.4678549 | CA24: 23.921859 | CB24: 310 | CC24: Novo município | CD24: 1.103941 | CE24: 83.238119 | CF24: 14 | CG24: Novo município | CH24: 0.7857561 | CI24: 41.174149 | CJ24: 198 | CK24: Novo município | CL24: 0.0412825 | CM24: 4.780309 | CN24: 393 | CO24: Novo município | CP24: 0.0457887 | CQ24: 4.4434182 | CR24: 321 | CS24: Novo município | CT24: 0.00481 | CU24: 0.14225281 | CV24: 417 | CW24: Novo município | CX24: 5.2 | CY24: 25.423729 | CZ24: 331 | DA24: Novo município | DB24: 4.4 | DC24: 31.372549 | DD24: 313 | DE24: Novo município | DF24: 4.1 | DG24: 60.714286 | DH24: 250 | DI24: Novo município | DJ24: 539.1047 | DK24: 47.784179 | DL24: 275 | DM24: Novo município | DN24: 32.43426 | DO24: 69.635308 | DP24: 309 | DQ24: Novo município | DR24: 0 | DS24: 100 | DT24: 1 | DU24: Novo município | DV24: 70.48541 | DW24: 78.774896 | DX24: 226 | DY24: Novo município | DZ24: 31.136887 | EA24: 75.928936 | EB24: 352 | EC24: Novo município | ED24: 7.1569567 | EE24: 92.281292 | EF24: 129 | EG24: Novo município | EH24: 0.8046 | EI24: 78.813835 | EJ24: 329 | EK24: Novo município | EL24: 0.7455 | EM24: 25.675948 | EN24: 398 | EO24: Novo município | EP24: 0.7502 | EQ24: 16.018982 | ER24: 382 | ES24: Novo município | ET24: 0.4757 | EU24: 47.332998 | EV24: 257 | EW24: Novo município | EX24: 0.0004 | EY24: 0.020998478 | EZ24: 367 | FA24: Novo município | FB24: 0.8476 | FC24: 76.975374 | FD24: 356 | FE24: Novo município | FF24: 1 | FG24: 0 | FH24: 327 | FI24: Novo município | FJ24: 0.0341663 | FK24: 88.624427 | FL24: 87 | FM24: Novo município | FN24: 0.4919616 | FO24: 53.636647 | FP24: 97 | FQ24: Novo município | FR24: 0.0002382 | FS24: 98.762327 | FT24: 305 | FU24: Novo município | FV24: 0.1026849 | FW24: 87.605687 | FX24: 400 | FY24: Novo município | FZ24: 0.000781 | GA24: 5.3308761 | GB24: 254 | GC24: Novo município | GD24: 0.5553452 | GE24: 33.634734 | GF24: 338 | GG24: Novo município | GH24: 0.5724235 | GI24: 53.179645 | GJ24: 19 | GK24: Novo município | GL24: 0.3523397 | GM24: 59.739837 | GN24: 6 | GO24: Novo município | GP24: 0 | GQ24: 0 | GR24: 232 | GS24: Novo município | GT24: 0.0024582 | GU24: 1.7014043 | GV24: 399 | GW24: Novo município | GX24: 5519.924 | GY24: 3.4888197 | GZ24: 335 | HA24: Novo município | HB24: 894806.3 | HC24: 100 | HD24: 1 | HE24: Novo município | HF24: 0.515093 | HG24: 32.736248 | HH24: 12 | HI24: Novo município | HJ24: 1.287274 | HK24: 38.925641 | HL24: 305 | HM24: Novo município | HN24: 3736.7102 | HO24: 45.321439 | HP24: 40 | HQ24: Novo município | HR24: -0.2011152 | HS24: 40.652672 | HT24: 366 | HU24: Novo município | HV24: 0.0497886 | HW24: 11.043588 | HX24: 345 | HY24: Novo município | HZ24: 0.3952508 | IA24: 13.843038 | IB24: 288 | IC24: Novo município | ID24: 0.1240004 | IE24: 18.56736 | IF24: 392 | IG24: Novo município | IH24: 141.0475 | II24: 83.829493 | IJ24: 5 | IK24: Novo município | IL24: 0.7483059 | IM24: 49.740083 | IN24: 189 | IO24: Novo município | IP24: 31.61297 | IQ24: 46.749353 | IR24: 150 | IS24: Novo município | IT24: 0.9476375 | IU24: 94.173628 | IV24: 167 | IW24: Novo município | IX24: 0.8761776 | IY24: 77.881627 | IZ24: 386 | JA24: Novo município
A25: Castanhal | B25: 0.8224509 | C25: 15.428059 | D25: 374 | E25: -15 | F25: 0.0428621 | G25: 11.583723 | H25: 344 | I25: -43 | J25: 0.5953 | K25: 27.429078 | L25: 397 | M25: -11 | N25: 0.3152 | O25: 24.281043 | P25: 337 | Q25: 5 | R25: 0.0742693 | S25: 84.651404 | T25: 112 | U25: -2 | V25: 0.0227105 | W25: 72.169238 | X25: 206 | Y25: 25 | Z25: 0.90315315 | AA25: 88.805969 | AB25: 144 | AC25: 14 | AD25: 20.5 | AE25: 88.999415 | AF25: 204 | AG25: -16 | AH25: 0.0476964 | AI25: 4.3149164 | AJ25: 416 | AK25: -17 | AL25: 6.05 | AM25: 46.331522 | AN25: 270 | AO25: -8 | AP25: 1.1287 | AQ25: 56.505276 | AR25: 68 | AS25: 22 | AT25: 0.078785 | AU25: 11.175705 | AV25: 369 | AW25: -13 | AX25: 0.8674091 | AY25: 56.363195 | AZ25: 198 | BA25: 3 | BB25: 0.7602881 | BC25: 69.366061 | BD25: 247 | BE25: 30 | BF25: 68.587105 | BG25: 72.679469 | BH25: 270 | BI25: 72 | BJ25: 0.0342 | BK25: 68.186528 | BL25: 358 | BM25: -185 | BN25: 0.0545 | BO25: 74.88 | BP25: 248 | BQ25: -3 | BR25: 17.14678 | BS25: 60.124462 | BT25: 332 | BU25: -82 | BV25: 173.39287 | BW25: 57.048153 | BX25: 250 | BY25: 59 | BZ25: 0.4070163 | CA25: 16.396794 | CB25: 368 | CC25: -16 | CD25: 0.968655 | CE25: 57.954381 | CF25: 196 | CG25: -129 | CH25: 0.708735 | CI25: 34.285538 | CJ25: 293 | CK25: 2 | CL25: 0.0611674 | CM25: 7.0828819 | CN25: 361 | CO25: -15 | CP25: 0.1205726 | CQ25: 12.985406 | CR25: 158 | CS25: -6 | CT25: 0.1714688 | CU25: 19.471794 | CV25: 204 | CW25: 57 | CX25: 4.6 | CY25: 15.254237 | CZ25: 386 | DA25: 1 | DB25: 4.4 | DC25: 31.372549 | DD25: 313 | DE25: 78 | DF25: 4.5 | DG25: 75 | DH25: 107 | DI25: 221 | DJ25: 559.5318 | DK25: 60.718994 | DL25: 176 | DM25: -2 | DN25: 32.24867 | DO25: 69.813401 | DP25: 306 | DQ25: 34 | DR25: 0.0606061 | DS25: 93.506489 | DT25: 113 | DU25: 5 | DV25: 85.54668 | DW25: 73.841316 | DX25: 271 | DY25: 5 | DZ25: 19.765314 | EA25: 84.836957 | EB25: 266 | EC25: -71 | ED25: 5.154068 | EE25: 94.465095 | EF25: 101 | EG25: 60 | EH25: 0.265 | EI25: 20.307926 | EJ25: 406 | EK25: -9 | EL25: 0.6997 | EM25: 30.29661 | EN25: 386 | EO25: -192 | EP25: 0.6826 | EQ25: 20.353982 | ER25: 368 | ES25: -195 | ET25: 0.0077 | EU25: 0.32144651 | EV25: 385 | EW25: -10 | EX25: 0.0333 | EY25: 1.7481233 | EZ25: 351 | FA25: -27 | FB25: 1 | FC25: 100 | FD25: 1 | FE25: 322 | FF25: 1 | FG25: 0 | FH25: 327 | FI25: 70 | FJ25: 0.0875699 | FK25: 88.149518 | FL25: 273 | FM25: -12 | FN25: 0.3564287 | FO25: 38.860025 | FP25: 160 | FQ25: -18 | FR25: 0.0006877 | FS25: 96.426753 | FT25: 351 | FU25: -112 | FV25: 0.0242431 | FW25: 97.0738 | FX25: 349 | FY25: -2 | FZ25: 0.0007076 | GA25: 4.8298693 | GB25: 261 | GC25: -240 | GD25: 0.5337158 | GE25: 36.733226 | GF25: 324 | GG25: -5 | GH25: 0.2611181 | GI25: 19.091173 | GJ25: 282 | GK25: -11 | GL25: 0.0543987 | GM25: 29.053691 | GN25: 205 | GO25: 75 | GP25: 0.0829468 | GQ25: 0.052172458 | GR25: 220 | GS25: -1 | GT25: 0.0076801 | GU25: 5.5962635 | GV25: 280 | GW25: 6 | GX25: 11690.77 | GY25: 7.6108803 | GZ25: 182 | HA25: 0 | HB25: 22897.75 | HC25: 4.1957127 | HD25: 320 | HE25: -10 | HF25: 0.0822478 | HG25: 9.1597417 | HH25: 321 | HI25: -11 | HJ25: 1.213511 | HK25: 37.000391 | HL25: 326 | HM25: -15 | HN25: 2158.0666 | HO25: 18.385591 | HP25: 370 | HQ25: 8 | HR25: -0.0425464 | HS25: 56.697376 | HT25: 154 | HU25: 73 | HV25: 0.0564167 | HW25: 12.714379 | HX25: 314 | HY25: -31 | HZ25: 0.7668599 | IA25: 28.121155 | IB25: 100 | IC25: 27 | ID25: 0.0920086 | IE25: 9.5547473 | IF25: 412 | IG25: -9 | IH25: 101.2476 | II25: 47.423738 | IJ25: 268 | IK25: -100 | IL25: 0.7763674 | IM25: 55.994554 | IN25: 135 | IO25: 124 | IP25: 22.76942 | IQ25: 33.099008 | IR25: 273 | IS25: 16 | IT25: 0.9794796 | IU25: 98.099703 | IV25: 57 | IW25: -35 | IX25: 0.9796277 | IY25: 97.877711 | IZ25: 39 | JA25: -26
A26: Itaituba | B26: 0.8136435 | C26: 16.776345 | D26: 366 | E26: -19 | F26: .n | G26: 0 | H26: 408 | I26: -293 | J26: .n | K26: 0 | L26: 412 | M26: -107 | N26: .n | O26: 0 | P26: 413 | Q26: -91 | R26: .n | S26: 0 | T26: 407 | U26: -29 | V26: .n | W26: 0 | X26: 402 | Y26: -162 | Z26: 0.78814969 | AA26: 75.435575 | AB26: 272 | AC26: 127 | AD26: 26.8 | AE26: 85.313049 | AF26: 290 | AG26: -136 | AH26: 0.3776985 | AI26: 40.615807 | AJ26: 340 | AK26: -60 | AL26: 9.44 | AM26: 92.391304 | AN26: 44 | AO26: 0 | AP26: 0.8614 | AQ26: 39.913097 | AR26: 225 | AS26: -114 | AT26: 0.1286915 | AU26: 18.946913 | AV26: 322 | AW26: -11 | AX26: 0.6356273 | AY26: 27.356191 | AZ26: 405 | BA26: -28 | BB26: 0.6346154 | BC26: 50.568536 | BD26: 381 | BE26: 9 | BF26: 128.20514 | BG26: 48.931618 | BH26: 369 | BI26: -2 | BJ26: 0.0356 | BK26: 66.735751 | BL26: 366 | BM26: -16 | BN26: 0.0631 | BO26: 70.293333 | BP26: 305 | BQ26: -5 | BR26: 32.05128 | BS26: 13.03763 | BT26: 417 | BU26: -27 | BV26: 213.78172 | BW26: 36.577519 | BX26: 366 | BY26: 28 | BZ26: 0.4595541 | CA26: 22.895141 | CB26: 317 | CC26: -21 | CD26: 0.9483824 | CE26: 54.165614 | CF26: 250 | CG26: -120 | CH26: 0.5101128 | CI26: 16.52117 | CJ26: 409 | CK26: -15 | CL26: 0.0313046 | CM26: 3.6249176 | CN26: 398 | CO26: 2 | CP26: 0.0554055 | CQ26: 5.5418711 | CR26: 291 | CS26: 21 | CT26: 0.0948257 | CU26: 10.582519 | CV26: 311 | CW26: 56 | CX26: 5.4 | CY26: 28.813559 | CZ26: 299 | DA26: 62 | DB26: 4.9 | DC26: 41.176471 | DD26: 184 | DE26: 128 | DF26: 4.2 | DG26: 64.285714 | DH26: 217 | DI26: 109 | DJ26: 535.9575 | DK26: 45.791314 | DL26: 292 | DM26: -11 | DN26: 60.00941 | DO26: 43.174094 | DP26: 394 | DQ26: 1 | DR26: 0.0632911 | DS26: 93.21881 | DT26: 116 | DU26: -115 | DV26: 149.4068 | DW26: 52.922826 | DX26: 373 | DY26: 7 | DZ26: 60.009407 | EA26: 53.311395 | EB26: 407 | EC26: -8 | ED26: 45.480385 | EE26: 50.496228 | EF26: 408 | EG26: -11 | EH26: 0.0777 | EI26: 0 | EJ26: 413 | EK26: -9 | EL26: 0.1517 | EM26: 85.583132 | EN26: 18 | EO26: 229 | EP26: 0.1417 | EQ26: 55.0404 | ER26: 40 | ES26: 175 | ET26: .n | EU26: 0 | EV26: 387 | EW26: -8 | EX26: .n | EY26: 0 | EZ26: 368 | FA26: -4 | FB26: .n | FC26: 0 | FD26: 406 | FE26: -5 | FF26: .n | FG26: 0 | FH26: 327 | FI26: -326 | FJ26: 6.025485 | FK26: 35.344671 | FL26: 417 | FM26: -14 | FN26: 0.8995954 | FO26: 98.079364 | FP26: 3 | FQ26: 1 | FR26: 0.0013953 | FS26: 92.750107 | FT26: 376 | FU26: -55 | FV26: 0.0386284 | FW26: 95.33746 | FX26: 371 | FY26: -44 | FZ26: 0.0003162 | GA26: 2.1582881 | GB26: 332 | GC26: -57 | GD26: 0.5941699 | GE26: 28.072953 | GF26: 358 | GG26: -4 | GH26: 0.2201917 | GI26: 14.609663 | GJ26: 321 | GK26: 4 | GL26: 0.1333258 | GM26: 37.182711 | GN26: 60 | GO26: -20 | GP26: 0 | GQ26: 0 | GR26: 232 | GS26: -7 | GT26: 0.0047652 | GU26: 3.4221267 | GV26: 354 | GW26: -24 | GX26: 6024.931 | GY26: 3.8261591 | GZ26: 316 | HA26: -12 | HB26: 30318.37 | HC26: 6.3691224 | HD26: 255 | HE26: -10 | HF26: 0.1691011 | HG26: 13.890526 | HH26: 127 | HI26: -5 | HJ26: 1.090035 | HK26: 33.777609 | HL26: 349 | HM26: -10 | HN26: 2922.8337 | HO26: 31.434547 | HP26: 190 | HQ26: 33 | HR26: -0.0059038 | HS26: 60.40504 | HT26: 70 | HU26: 236 | HV26: 0.0714891 | HW26: 16.513782 | HX26: 245 | HY26: -13 | HZ26: 0.29825 | IA26: 10.116033 | IB26: 329 | IC26: -22 | ID26: 0.16986 | IE26: 31.486758 | IF26: 238 | IG26: -98 | IH26: 89.25002 | II26: 36.449314 | IJ26: 357 | IK26: -17 | IL26: 0.9642705 | IM26: 97.875221 | IN26: 7 | IO26: 7 | IP26: 9.369857 | IQ26: 12.416289 | IR26: 399 | IS26: -21 | IT26: 0.6108894 | IU26: 52.653181 | IV26: 389 | IW26: -52 | IX26: 0.4732556 | IY26: 0 | IZ26: 418 | JA26: -19
A27: Marabá | B27: 0.6862314 | C27: 36.281303 | D27: 233 | E27: -50 | F27: 0.1328147 | G27: 39.549746 | H27: 77 | I27: 24 | J27: 0.5002 | K27: 44.29078 | L27: 290 | M27: -2 | N27: 0.0322 | O27: 31.035059 | P27: 183 | Q27: -32 | R27: 0.0709002 | S27: 85.685743 | T27: 99 | U27: -16 | V27: 0.034104 | W27: 56.444089 | X27: 374 | Y27: -17 | Z27: 0.8705648 | AA27: 85.017222 | AB27: 208 | AC27: 71 | AD27: 30.6 | AE27: 83.089526 | AF27: 317 | AG27: -107 | AH27: 0.3009008 | AI27: 32.167906 | AJ27: 386 | AK27: -31 | AL27: 7.17 | AM27: 61.548913 | AN27: 195 | AO27: -4 | AP27: 0.563 | AQ27: 21.390441 | AR27: 371 | AS27: -40 | AT27: 0.099843 | AU27: 14.454759 | AV27: 347 | AW27: -11 | AX27: 0.7631727 | AY27: 43.318229 | AZ27: 346 | BA27: -81 | BB27: 0.5994031 | BC27: 45.301647 | BD27: 401 | BE27: -20 | BF27: 0 | BG27: 100 | BH27: 1 | BI27: 214 | BJ27: 0.0206 | BK27: 82.279793 | BL27: 230 | BM27: -20 | BN27: 0.0409 | BO27: 82.133333 | BP27: 119 | BQ27: -25 | BR27: 16.98806 | BS27: 60.625896 | BT27: 329 | BU27: 59 | BV27: 216.35416 | BW27: 35.273706 | BX27: 370 | BY27: -28 | BZ27: 0.4188799 | CA27: 17.86419 | CB27: 355 | CC27: -24 | CD27: 0.8998535 | CE27: 45.095998 | CF27: 350 | CG27: -58 | CH27: 0.648557 | CI27: 28.903339 | CJ27: 348 | CK27: -12 | CL27: 0.0298123 | CM27: 3.4521167 | CN27: 400 | CO27: -19 | CP27: 0.0851019 | CQ27: 8.9338618 | CR27: 220 | CS27: 47 | CT27: 0.158978 | CU27: 18.023077 | CV27: 216 | CW27: -33 | CX27: 5.4 | CY27: 28.813559 | CZ27: 299 | DA27: 22 | DB27: 4.6 | DC27: 35.294118 | DD27: 268 | DE27: 64 | DF27: 4.3 | DG27: 67.857143 | DH27: 189 | DI27: 133 | DJ27: 540.8069 | DK27: 48.862043 | DL27: 259 | DM27: -8 | DN27: 81.04063 | DO27: 22.992458 | DP27: 413 | DQ27: -25 | DR27: 0.0608696 | DS27: 93.478257 | DT27: 114 | DU27: 135 | DV27: 202.3751 | DW27: 35.572142 | DX27: 401 | DY27: -31 | DZ27: 49.149639 | EA27: 61.818489 | EB27: 399 | EC27: -16 | ED27: 23.257185 | EE27: 74.72678 | EF27: 364 | EG27: 1 | EH27: 0.3882 | EI27: 33.665835 | EJ27: 399 | EK27: -7 | EL27: 0.4564 | EM27: 54.842615 | EN27: 291 | EO27: -11 | EP27: 0.4342 | EQ27: 36.283186 | ER27: 246 | ES27: 16 | ET27: 0.0074 | EU27: 0.2913109 | EV27: 386 | EW27: -11 | EX27: 0.0272 | EY27: 1.4278965 | EZ27: 355 | FA27: -18 | FB27: 0.7429 | FC27: 61.157275 | FD27: 386 | FE27: -83 | FF27: 1 | FG27: 0 | FH27: 327 | FI27: -326 | FJ27: 0.4693635 | FK27: 84.754294 | FL27: 397 | FM27: -14 | FN27: 0.4465794 | FO27: 48.688803 | FP27: 111 | FQ27: -13 | FR27: 0.0007886 | FS27: 95.902483 | FT27: 359 | FU27: -21 | FV27: 0.0289228 | FW27: 96.508949 | FX27: 357 | FY27: -7 | FZ27: 0.0003618 | GA27: 2.4695403 | GB27: 320 | GC27: -54 | GD27: 0.5048265 | GE27: 40.871724 | GF27: 294 | GG27: 1 | GH27: 0.3225916 | GI27: 25.822626 | GJ27: 221 | GK27: 0 | GL27: 0.080766 | GM27: 31.769365 | GN27: 120 | GO27: 117 | GP27: 5.210438 | GQ27: 3.2772977 | GR27: 96 | GS27: 6 | GT27: 0.0083155 | GU27: 6.0701894 | GV27: 261 | GW27: -10 | GX27: 14440.52 | GY27: 9.4476846 | GZ27: 140 | HA27: -8 | HB27: 47010.21 | HC27: 11.25796 | HD27: 145 | HE27: -4 | HF27: 0.031024 | HG27: 6.369649 | HH27: 394 | HI27: -13 | HJ27: 1.855272 | HK27: 53.750659 | HL27: 191 | HM27: 12 | HN27: 3181.9234 | HO27: 35.855304 | HP27: 122 | HQ27: 32 | HR27: -0.0431678 | HS27: 56.6345 | HT27: 157 | HU27: -21 | HV27: 0.0558752 | HW27: 12.577879 | HX27: 318 | HY27: -125 | HZ27: 0.6014684 | IA27: 21.766415 | IB27: 193 | IC27: 0 | ID27: 0.151388 | IE27: 26.282894 | IF27: 308 | IG27: -29 | IH27: 104.1818 | II27: 50.107708 | IJ27: 227 | IK27: -87 | IL27: 0.7255421 | IM27: 44.666388 | IN27: 247 | IO27: 27 | IP27: 16.72368 | IQ27: 23.767186 | IR27: 347 | IS27: -30 | IT27: 0.9672124 | IU27: 96.587179 | IV27: 109 | IW27: -67 | IX27: 0.9729326 | IY27: 96.583601 | IZ27: 85 | JA27: -21
A28: Marituba | B28: 0.8695049 | C28: 8.2247689 | D28: 395 | E28: -8 | F28: 0.0585725 | G28: 16.468045 | H28: 291 | I28: -22 | J28: 0.5998 | K28: 26.631206 | L28: 398 | M28: -9 | N28: 0.1432 | O28: 28.385957 | P28: 265 | Q28: 19 | R28: 0.078465 | S28: 83.363292 | T28: 130 | U28: -16 | V28: 0.0203868 | W28: 75.376377 | X28: 159 | Y28: 45 | Z28: 0.47297297 | AA28: 38.792877 | AB28: 395 | AC28: -348 | AD28: 62.6 | AE28: 64.365126 | AF28: 401 | AG28: -33 | AH28: 0.2267081 | AI28: 24.006561 | AJ28: 404 | AK28: -71 | AL28: 5.6 | AM28: 40.217391 | AN28: 318 | AO28: -8 | AP28: 1.3319 | AQ28: 69.11856 | AR28: 28 | AS28: 251 | AT28: 0.0562194 | AU28: 7.6618953 | AV28: 390 | AW28: -13 | AX28: 0.8479636 | AY28: 53.929631 | AZ28: 229 | BA28: 82 | BB28: 0.5205026 | BC28: 33.500085 | BD28: 412 | BE28: -16 | BF28: 0 | BG28: 100 | BH28: 1 | BI28: 0 | BJ28: 0.0207 | BK28: 82.176166 | BL28: 232 | BM28: -24 | BN28: 0.0514 | BO28: 76.533333 | BP28: 222 | BQ28: 0 | BR28: 18.51852 | BS28: 55.790812 | BT28: 361 | BU28: -143 | BV28: 186.97943 | BW28: 50.161958 | BX28: 297 | BY28: 68 | BZ28: 0.5319749 | CA28: 31.852797 | CB28: 238 | CC28: -2 | CD28: 0.9144503 | CE28: 47.824009 | CF28: 327 | CG28: -91 | CH28: 0.6741182 | CI28: 31.189481 | CJ28: 327 | CK28: 54 | CL28: 0.2307416 | CM28: 26.718734 | CN28: 254 | CO28: -55 | CP28: 0.2580861 | CQ28: 28.692512 | CR28: 59 | CS28: 4 | CT28: 0.0851659 | CU28: 9.4621487 | CV28: 327 | CW28: 36 | CX28: 5.5 | CY28: 30.508475 | CZ28: 276 | DA28: 77 | DB28: 4.8 | DC28: 39.215686 | DD28: 220 | DE28: 112 | DF28: 4.6 | DG28: 78.571429 | DH28: 69 | DI28: 230 | DJ28: 507.0614 | DK28: 27.493772 | DL28: 389 | DM28: -13 | DN28: 26.83723 | DO28: 75.006239 | DP28: 261 | DQ28: 80 | DR28: 0.0322581 | DS28: 96.543775 | DT28: 64 | DU28: 63 | DV28: 48.12815 | DW28: 86.098404 | DX28: 147 | DY28: 139 | DZ28: 10.734894 | EA28: 91.911016 | EB28: 115 | EC28: -14 | ED28: 24.538227 | EE28: 73.330026 | EF28: 368 | EG28: -96 | EH28: 0.4524 | EI28: 40.626694 | EJ28: 395 | EK28: -9 | EL28: 0.6105 | EM28: 39.295803 | EN28: 365 | EO28: -260 | EP28: 0.5847 | EQ28: 26.632038 | ER28: 332 | ES28: -190 | ET28: 0.1368 | EU28: 13.289804 | EV28: 346 | EW28: -15 | EX28: 0.3103 | EY28: 16.289569 | EZ28: 251 | FA28: 65 | FB28: 0.9901 | FC28: 98.504306 | FD28: 191 | FE28: -53 | FF28: 0 | FG28: 100 | FH28: 1 | FI28: 0 | FJ28: 0.1483738 | FK28: 87.6088 | FL28: 340 | FM28: -14 | FN28: 0.5611364 | FO28: 61.178504 | FP28: 68 | FQ28: -10 | FR28: 0 | FS28: 100 | FT28: 1 | FU28: 0 | FV28: 0 | FW28: 100 | FX28: 1 | FY28: 0 | FZ28: 6.06e-05 | GA28: 0.41363776 | GB28: 393 | GC28: -263 | GD28: 0.6563892 | GE28: 19.159809 | GF28: 394 | GG28: -16 | GH28: 0.1715211 | GI28: 9.2801489 | GJ28: 368 | GK28: -25 | GL28: -0.0136596 | GM28: 22.044092 | GN28: 391 | GO28: -332 | GP28: 0 | GQ28: 0 | GR28: 232 | GS28: -7 | GT28: 0.0057815 | GU28: 4.1801545 | GV28: 323 | GW28: 6 | GX28: 3961.641 | GY28: 2.4479029 | GZ28: 371 | HA28: -15 | HB28: 18986.11 | HC28: 3.0500407 | HD28: 349 | HE28: -12 | HF28: 0.2151218 | HG28: 16.397213 | HH28: 82 | HI28: -3 | HJ28: 1.858964 | HK28: 53.847022 | HL28: 190 | HM28: 7 | HN28: 2689.5282 | HO28: 27.453736 | HP28: 246 | HQ28: 19 | HR28: -0.0244883 | HS28: 58.524576 | HT28: 104 | HU28: 282 | HV28: 0.1326813 | HW28: 31.93892 | HX28: 71 | HY28: 84 | HZ28: 0.2419367 | IA28: 7.9523402 | IB28: 360 | IC28: -15 | ID28: 0.1169748 | IE28: 16.588134 | IF28: 403 | IG28: -39 | IH28: 100.0882 | II28: 46.363211 | IJ28: 280 | IK28: -42 | IL28: 0.8028261 | IM28: 61.891785 | IN28: 96 | IO28: 76 | IP28: 10.82959 | IQ28: 14.669441 | IR28: 391 | IS28: 4 | IT28: 0.9692714 | IU28: 96.84105 | IV28: 98 | IW28: -80 | IX28: 0.9521223 | IY28: 92.561135 | IZ28: 234 | JA28: 101
A29: Moju | B29: 0.9232315 | C29: 0 | D29: 411 | E29: -15 | F29: 0.1766135 | G29: 53.166676 | H29: 32 | I29: 365 | J29: 0.5491 | K29: 35.620567 | L29: 376 | M29: 24 | N29: -0.025 | O29: 32.400181 | P29: 135 | Q29: 265 | R29: 0.2313124 | S29: 36.437988 | T29: 391 | U29: 3 | V29: 0.0208314 | W29: 74.762746 | X29: 162 | Y29: 226 | Z29: 0.23423423 | AA29: 11.03692 | AB29: 414 | AC29: -10 | AD29: 30.6 | AE29: 83.089526 | AF29: 317 | AG29: 73 | AH29: 0.1606944 | AI29: 16.744922 | AJ29: 411 | AK29: -24 | AL29: 6.3 | AM29: 49.728261 | AN29: 254 | AO29: -5 | AP29: 0.5514 | AQ29: 20.670391 | AR29: 377 | AS29: 15 | AT29: 0.0099675 | AU29: 0.4597651 | AV29: 414 | AW29: -14 | AX29: 0.4170364 | AY29: 0 | AZ29: 418 | BA29: -18 | BB29: 0.4049236 | BC29: 16.212327 | BD29: 416 | BE29: -13 | BF29: 169.77928 | BG29: 32.371252 | BH29: 399 | BI29: -76 | BJ29: 0.0891 | BK29: 11.295337 | BL29: 415 | BM29: -21 | BN29: 0.0863 | BO29: 57.92 | BP29: 388 | BQ29: 15 | BR29: 17.82683 | BS29: 57.976023 | BT29: 345 | BU29: -294 | BV29: 147.49496 | BW29: 70.174217 | BX29: 113 | BY29: -33 | BZ29: 0.4088725 | CA29: 16.626385 | CB29: 366 | CC29: -8 | CD29: 0.8260109 | CE29: 31.29548 | CF29: 404 | CG29: -29 | CH29: 0.5118074 | CI29: 16.672732 | CJ29: 407 | CK29: -9 | CL29: 0.0490566 | CM29: 5.6805113 | CN29: 385 | CO29: -20 | CP29: 0.1047722 | CQ29: 11.180648 | CR29: 184 | CS29: 55 | CT29: 0.0977989 | CU29: 10.927358 | CV29: 309 | CW29: -37 | CX29: 4.9 | CY29: 20.338983 | CZ29: 364 | DA29: -24 | DB29: 4.2 | DC29: 27.45098 | DD29: 348 | DE29: -16 | DF29: 3.4 | DG29: 35.714286 | DH29: 391 | DI29: -66 | DJ29: 480.6415 | DK29: 10.764206 | DL29: 414 | DM29: -14 | DN29: 34.48522 | DO29: 67.667199 | DP29: 319 | DQ29: 16 | DR29: 0.0333333 | DS29: 96.428575 | DT29: 67 | DU29: 35 | DV29: 72.24819 | DW29: 78.197467 | DX29: 232 | DY29: 51 | DZ29: 13.080601 | EA29: 90.073486 | EB29: 166 | EC29: -67 | ED29: 18.833635 | EE29: 79.549896 | EF29: 322 | EG29: 15 | EH29: 0.1516 | EI29: 8.0125773 | EJ29: 412 | EK29: -9 | EL29: 0.5431 | EM29: 46.095642 | EN29: 343 | EO29: -198 | EP29: 0.5393 | EQ29: 29.543414 | ER29: 314 | ES29: -177 | ET29: .n | EU29: 0 | EV29: 387 | EW29: -8 | EX29: .n | EY29: 0 | EZ29: 368 | FA29: -4 | FB29: 0.8169 | FC29: 72.337211 | FD29: 364 | FE29: 33 | FF29: 1 | FG29: 0 | FH29: 327 | FI29: -326 | FJ29: 4.104756 | FK29: 52.425381 | FL29: 416 | FM29: -14 | FN29: 0.6430835 | FO29: 70.112876 | FP29: 48 | FQ29: -12 | FR29: 0.0055294 | FS29: 71.269576 | FT29: 410 | FU29: -17 | FV29: 0.0348776 | FW29: 95.79019 | FX29: 367 | FY29: -25 | FZ29: 0.0005353 | GA29: 3.6538002 | GB29: 296 | GC29: -250 | GD29: 0.6504213 | GE29: 20.014732 | GF29: 390 | GG29: -5 | GH29: 0.1857122 | GI29: 10.834099 | GJ29: 359 | GK29: -25 | GL29: 0.0092071 | GM29: 24.399225 | GN29: 362 | GO29: -14 | GP29: 0 | GQ29: 0 | GR29: 232 | GS29: -7 | GT29: 0.0001771 | GU29: 0 | GV29: 418 | GW29: -14 | GX29: 2070.177 | GY29: 1.1844248 | GZ29: 413 | HA29: -15 | HB29: 16005.52 | HC29: 2.177062 | HD29: 377 | HE29: -13 | HF29: 0.0505348 | HG29: 7.4323765 | HH29: 380 | HI29: -12 | HJ29: -0.2041026 | HK29: 0 | HL29: 418 | HM29: -16 | HN29: 2341.7172 | HO29: 21.519157 | HP29: 328 | HQ29: 60 | HR29: 0.0589455 | HS29: 66.966783 | HT29: 10 | HU29: 263 | HV29: 0.0087658 | HW29: 0.70268946 | HX29: 416 | HY29: -14 | HZ29: 0.1013416 | IA29: 2.5503375 | IB29: 405 | IC29: -21 | ID29: 0.0841453 | IE29: 7.3395273 | IF29: 415 | IG29: -14 | IH29: 49.4025 | II29: 0 | IJ29: 418 | IK29: -14 | IL29: 0.9002118 | IM29: 83.597537 | IN29: 46 | IO29: 141 | IP29: 5.795473 | IQ29: 6.8990956 | IR29: 413 | IS29: -14 | IT29: 0.8665907 | IU29: 84.1807 | IV29: 260 | IW29: -43 | IX29: 0.9562904 | IY29: 93.366796 | IZ29: 200 | JA29: 64
A30: Paragominas | B30: 0.6964961 | C30: 34.709925 | D30: 242 | E30: -54 | F30: 0.1487059 | G30: 44.490278 | H30: 50 | I30: 2 | J30: 0.5253 | K30: 39.840426 | L30: 342 | M30: -41 | N30: 0.0755 | O30: 30.001671 | P30: 220 | Q30: -2 | R30: 0.0944345 | S30: 78.460535 | T30: 197 | U30: 11 | V30: 0.0191869 | W30: 77.032462 | X30: 143 | Y30: -21 | Z30: 0.89177928 | AA30: 87.483634 | AB30: 170 | AC30: -38 | AD30: 9.4 | AE30: 95.494441 | AF30: 71 | AG30: -9 | AH30: 0.3126879 | AI30: 33.464511 | AJ30: 384 | AK30: -10 | AL30: 6.32 | AM30: 50 | AN30: 252 | AO30: -5 | AP30: 1.3989 | AQ30: 73.277467 | AR30: 22 | AS30: 206 | AT30: 0.0992618 | AU30: 14.364257 | AV30: 348 | AW30: -9 | AX30: 0.8987 | AY30: 60.279185 | AZ30: 147 | BA30: 111 | BB30: 0.3575388 | BC30: 9.1247335 | BD30: 417 | BE30: -127 | BF30: 55.432373 | BG30: 77.919438 | BH30: 238 | BI30: -5 | BJ30: 0.0186 | BK30: 84.352332 | BL30: 211 | BM30: 80 | BN30: 0.047 | BO30: 78.88 | BP30: 171 | BQ30: 24 | BR30: 16.07539 | BS30: 63.509236 | BT30: 303 | BU30: 46 | BV30: 206.5231 | BW30: 40.256469 | BX30: 346 | BY30: -115 | BZ30: 0.4235674 | CA30: 18.443983 | CB30: 351 | CC30: -19 | CD30: 0.9349155 | CE30: 51.648771 | CF30: 283 | CG30: -112 | CH30: 0.6434032 | CI30: 28.442394 | CJ30: 351 | CK30: 5 | CL30: 0.0595668 | CM30: 6.8975404 | CN30: 366 | CO30: 14 | CP30: 0.1144585 | CQ30: 12.28704 | CR30: 168 | CS30: 78 | CT30: 0.0741817 | CU30: 8.1881713 | CV30: 346 | CW30: 53 | CX30: 5.4 | CY30: 28.813559 | CZ30: 299 | DA30: -40 | DB30: 4.6 | DC30: 35.294118 | DD30: 268 | DE30: -69 | DF30: 4.4 | DG30: 71.428571 | DH30: 146 | DI30: 182 | DJ30: 530.6536 | DK30: 42.432787 | DL30: 312 | DM30: -11 | DN30: 49.26575 | DO30: 53.483749 | DP30: 371 | DQ30: 5 | DR30: 0.037037 | DS30: 96.03175 | DT30: 74 | DU30: -73 | DV30: 114.7228 | DW30: 64.284172 | DX30: 333 | DY30: 12 | DZ30: 39.791565 | EA30: 69.149218 | EB30: 385 | EC30: -34 | ED30: 3.0130358 | EE30: 96.79952 | EF30: 72 | EG30: 16 | EH30: 0.7817 | EI30: 76.330912 | EJ30: 340 | EK30: -153 | EL30: 0.6872 | EM30: 31.557708 | EN30: 384 | EO30: -86 | EP30: 0.6713 | EQ30: 21.07862 | ER30: 364 | ES30: -175 | ET30: 0.1293 | EU30: 12.536414 | EV30: 349 | EW30: -8 | EX30: 0.0624 | EY30: 3.2757625 | EZ30: 341 | FA30: -5 | FB30: 0.92 | FC30: 87.913582 | FD30: 323 | FE30: 44 | FF30: 1 | FG30: 0 | FH30: 327 | FI30: -326 | FJ30: 1.405904 | FK30: 76.425802 | FL30: 411 | FM30: -14 | FN30: 0.6576549 | FO30: 71.701538 | FP30: 44 | FQ30: -12 | FR30: 0.001063 | FS30: 94.476717 | FT30: 367 | FU30: -24 | FV30: 0.122455 | FW30: 85.219389 | FX30: 402 | FY30: -27 | FZ30: 0.0001901 | GA30: 1.2975666 | GB30: 354 | GC30: -231 | GD30: 0.5904753 | GE30: 28.602218 | GF30: 356 | GG30: -7 | GH30: 0.323631 | GI30: 25.936442 | GJ30: 218 | GK30: 1 | GL30: 0.082215 | GM30: 31.918604 | GN30: 118 | GO30: -65 | GP30: 0 | GQ30: 0 | GR30: 232 | GS30: -7 | GT30: 0.0069063 | GU30: 5.0191092 | GV30: 296 | GW30: 69 | GX30: 20101.06 | GY30: 13.228866 | GZ30: 75 | HA30: 1 | HB30: 36952.54 | HC30: 8.3121905 | HD30: 203 | HE30: -8 | HF30: 0.1202358 | HG30: 11.228898 | HH30: 231 | HI30: -6 | HJ30: 0.9393736 | HK30: 29.845274 | HL30: 373 | HM30: -30 | HN30: 2899.752 | HO30: 31.040712 | HP30: 195 | HQ30: 1 | HR30: -0.0678981 | HS30: 54.132178 | HT30: 215 | HU30: -69 | HV30: 0.1231299 | HW30: 29.531233 | HX30: 93 | HY30: 18 | HZ30: 0.5853176 | IA30: 21.145862 | IB30: 205 | IC30: -4 | ID30: 0.1378512 | IE30: 22.469356 | IF30: 361 | IG30: 4 | IH30: 92.92203 | II30: 39.808174 | IJ30: 336 | IK30: -20 | IL30: 0.7916285 | IM30: 59.396015 | IN30: 114 | IO30: 33 | IP30: 19.01757 | IQ30: 27.307889 | IR30: 333 | IS30: -22 | IT30: 0.8636999 | IU30: 83.82427 | IV30: 261 | IW30: -24 | IX30: 0.8835508 | IY30: 79.306808 | IZ30: 383 | JA30: -28
A31: Parauapebas | B31: 0.791673 | C31: 20.139712 | D31: 346 | E31: 10 | F31: 0.2447383 | G31: 74.346494 | H31: 7 | I31: 2 | J31: 0.4383 | K31: 55.265957 | L31: 147 | M31: -106 | N31: 0.4325 | O31: 21.481588 | P31: 371 | Q31: -101 | R31: 0.1907215 | S31: 48.8997 | T31: 367 | U31: -2 | V31: 0.0244129 | W31: 69.81961 | X31: 238 | Y31: -27 | Z31: 0.91385135 | AA31: 90.049751 | AB31: 116 | AC31: -39 | AD31: 10.2 | AE31: 95.026331 | AF31: 78 | AG31: -32 | AH31: 0.4490989 | AI31: 48.469993 | AJ31: 276 | AK31: -64 | AL31: 6.37 | AM31: 50.679348 | AN31: 250 | AO31: -5 | AP31: 0.7019 | AQ31: 30.012415 | AR31: 308 | AS31: -307 | AT31: 0.3588006 | AU31: 54.778429 | AV31: 94 | AW31: 1 | AX31: 0.8348818 | AY31: 52.292472 | AZ31: 253 | BA31: 24 | BB31: 0.722994 | BC31: 63.787787 | BD31: 295 | BE31: -45 | BF31: 62.20195 | BG31: 75.222889 | BH31: 253 | BI31: 91 | BJ31: 0.0148 | BK31: 88.290155 | BL31: 152 | BM31: -28 | BN31: 0.0269 | BO31: 89.6 | BP31: 9 | BQ31: 57 | BR31: 14.30645 | BS31: 69.097735 | BT31: 233 | BU31: -66 | BV31: 157.59053 | BW31: 65.057391 | BX31: 156 | BY31: 82 | BZ31: 0.3796583 | CA31: 13.01291 | CB31: 389 | CC31: -39 | CD31: 0.8887516 | CE31: 43.021153 | CF31: 364 | CG31: -136 | CH31: 0.6739922 | CI31: 31.178212 | CJ31: 328 | CK31: -4 | CL31: 0.0156928 | CM31: 1.8171485 | CN31: 412 | CO31: -18 | CP31: 0.0513756 | CQ31: 5.0815667 | CR31: 304 | CS31: -17 | CT31: 0.0716984 | CU31: 7.9001514 | CV31: 352 | CW31: 29 | CX31: 5.2 | CY31: 25.423729 | CZ31: 331 | DA31: -72 | DB31: 4.5 | DC31: 33.333333 | DD31: 291 | DE31: -63 | DF31: 4.4 | DG31: 71.428571 | DH31: 146 | DI31: 182 | DJ31: 539.85 | DK31: 48.256117 | DL31: 267 | DM31: -9 | DN31: 31.36248 | DO31: 70.663792 | DP31: 297 | DQ31: 53 | DR31: 0.0967742 | DS31: 89.631335 | DT31: 166 | DU31: -16 | DV31: 80.14371 | DW31: 75.611152 | DX31: 257 | DY31: 103 | DZ31: 20.534954 | EA31: 84.234053 | EB31: 271 | EC31: 1 | ED31: 44.469875 | EE31: 51.598015 | EF31: 407 | EG31: -84 | EH31: 0.7962 | EI31: 77.903068 | EJ31: 331 | EK31: 51 | EL31: 0.6246 | EM31: 37.873285 | EN31: 371 | EO31: 1 | EP31: 0.4418 | EQ31: 35.795819 | ER31: 254 | ES31: 129 | ET31: 0.2079 | EU31: 20.431944 | EV31: 327 | EW31: 12 | EX31: 0.3096 | EY31: 16.252822 | EZ31: 252 | FA31: 20 | FB31: 0.9451 | FC31: 91.705696 | FD31: 304 | FE31: -70 | FF31: 1 | FG31: 0 | FH31: 327 | FI31: -326 | FJ31: 0.0222764 | FK31: 88.730162 | FL31: 37 | FM31: -3 | FN31: 0.8289815 | FO31: 90.380607 | FP31: 15 | FQ31: -4 | FR31: 0.0001128 | FS31: 99.413898 | FT31: 277 | FU31: -41 | FV31: 0.0193474 | FW31: 97.664723 | FX31: 328 | FY31: 11 | FZ31: 0.0003968 | GA31: 2.70844 | GB31: 317 | GC31: 30 | GD31: 0.4496209 | GE31: 48.78013 | GF31: 260 | GG31: 0 | GH31: 0.3842728 | GI31: 32.576823 | GJ31: 136 | GK31: 1 | GL31: 0.0677603 | GM31: 30.429856 | GN31: 154 | GO31: 238 | GP31: 0 | GQ31: 0 | GR31: 232 | GS31: -7 | GT31: 0.0083813 | GU31: 6.1192676 | GV31: 257 | GW31: -36 | GX31: 5976.447 | GY31: 3.7937723 | GZ31: 318 | HA31: -13 | HB31: 227449.7 | HC31: 64.106501 | HD31: 6 | HE31: -1 | HF31: 0.2779512 | HG31: 19.819447 | HH31: 49 | HI31: -1 | HJ31: 1.922283 | HK31: 55.499678 | HL31: 175 | HM31: -18 | HN31: 3756.2167 | HO31: 45.654272 | HP31: 36 | HQ31: 17 | HR31: -0.0698099 | HS31: 53.938733 | HT31: 221 | HU31: -112 | HV31: 0.0531649 | HW31: 11.894675 | HX31: 334 | HY31: -68 | HZ31: 0.5889075 | IA31: 21.283795 | IB31: 203 | IC31: -8 | ID31: 0.1188031 | IE31: 17.103196 | IF31: 401 | IG31: -15 | IH31: 100.0378 | II31: 46.31711 | IJ31: 281 | IK31: -106 | IL31: 0.729609 | IM31: 45.572836 | IN31: 238 | IO31: 3 | IP31: 20.9517 | IQ31: 30.29329 | IR31: 307 | IS31: -8 | IT31: 0.9778328 | IU31: 97.896655 | IV31: 60 | IW31: -13 | IX31: 0.8544279 | IY31: 73.677583 | IZ31: 397 | JA31: -12
A32: Redenção | B32: 0.746244 | C32: 27.094238 | D32: 302 | E32: -4 | F32: 0.1011837 | G32: 29.715753 | H32: 156 | I32: -148 | J32: 0.5457 | K32: 36.223404 | L32: 371 | M32: -31 | N32: 0.1114 | O32: 29.144889 | P32: 245 | Q32: -37 | R32: 0.1391789 | S32: 64.723667 | T32: 304 | U32: -15 | V32: .n | W32: 0 | X32: 402 | Y32: -14 | Z32: 0.65682606 | AA32: 60.167785 | AB32: 351 | AC32: -18 | AD32: 11.1 | AE32: 94.499707 | AF32: 92 | AG32: 70 | AH32: 0.3875625 | AI32: 41.700866 | AJ32: 330 | AK32: -38 | AL32: 6.4 | AM32: 51.086957 | AN32: 249 | AO32: -5 | AP32: 0.9813 | AQ32: 47.35568 | AR32: 139 | AS32: -45 | AT32: 0.0492566 | AU32: 6.5776805 | AV32: 396 | AW32: -18 | AX32: 0.8864636 | AY32: 58.747825 | AZ32: 169 | BA32: -101 | BB32: 0.7422879 | BC32: 66.673677 | BD32: 272 | BE32: 75 | BF32: 128.5347 | BG32: 48.800343 | BH32: 370 | BI32: -123 | BJ32: 0.0141 | BK32: 89.015544 | BL32: 140 | BM32: 90 | BN32: 0.0676 | BO32: 67.893333 | BP32: 329 | BQ32: -36 | BR32: 21.8509 | BS32: 45.263037 | BT32: 404 | BU32: -27 | BV32: 285.94968 | BW32: 0 | BX32: 418 | BY32: -29 | BZ32: 0.48842 | CA32: 26.465535 | CB32: 285 | CC32: -9 | CD32: 0.9611574 | CE32: 56.553147 | CF32: 221 | CG32: -55 | CH32: 0.6582527 | CI32: 29.770503 | CJ32: 342 | CK32: -5 | CL32: 0.304886 | CM32: 35.304289 | CN32: 210 | CO32: -1 | CP32: 0.052969 | CQ32: 5.2635685 | CR32: 296 | CS32: 95 | CT32: 0.0526615 | CU32: 5.6922 | CV32: 371 | CW32: 33 | CX32: 4.9 | CY32: 20.338983 | CZ32: 364 | DA32: -24 | DB32: 4.5 | DC32: 33.333333 | DD32: 291 | DE32: 41 | DF32: 4.4 | DG32: 71.428571 | DH32: 146 | DI32: 182 | DJ32: 518.9131 | DK32: 34.998487 | DL32: 359 | DM32: -12 | DN32: 65.42285 | DO32: 37.979337 | DP32: 402 | DQ32: -22 | DR32: 0.0175439 | DS32: 98.120296 | DT32: 45 | DU32: 56 | DV32: 145.0655 | DW32: 54.344895 | DX32: 370 | DY32: 6 | DZ32: 59.581524 | EA32: 53.646581 | EB32: 406 | EC32: -5 | ED32: 21.316628 | EE32: 76.842622 | EF32: 350 | EG32: -3 | EH32: 0.4635 | EI32: 41.830207 | EJ32: 394 | EK32: -15 | EL32: 0.3517 | EM32: 65.405569 | EN32: 197 | EO32: -60 | EP32: 0.2446 | EQ32: 48.441708 | ER32: 101 | ES32: 5 | ET32: 0.0544 | EU32: 5.0125565 | EV32: 369 | EW32: -11 | EX32: 0.129 | EY32: 6.772009 | EZ32: 321 | FA32: 1 | FB32: .n | FC32: 0 | FD32: 406 | FE32: -405 | FF32: .n | FG32: 0 | FH32: 327 | FI32: -326 | FJ32: 0.2496716 | FK32: 86.707976 | FL32: 382 | FM32: -14 | FN32: 0.2599728 | FO32: 28.343816 | FP32: 212 | FQ32: -26 | FR32: 0.0010112 | FS32: 94.745867 | FT32: 366 | FU32: -16 | FV32: 0.0882808 | FW32: 89.344296 | FX32: 393 | FY32: -72 | FZ32: 0.0146505 | GA32: 100 | GB32: 1 | GC32: 3 | GD32: 0.5044645 | GE32: 40.923582 | GF32: 293 | GG32: -3 | GH32: 0.290949 | GI32: 22.357707 | GJ32: 258 | GK32: 7 | GL32: 0.1445761 | GM32: 38.341425 | GN32: 55 | GO32: -35 | GP32: 0 | GQ32: 0 | GR32: 232 | GS32: -7 | GT32: 0.0063715 | GU32: 4.6202179 | GV32: 306 | GW32: -30 | GX32: 25161.99 | GY32: 16.609514 | GZ32: 50 | HA32: 20 | HB32: 29567.91 | HC32: 6.1493218 | HD32: 260 | HE32: -10 | HF32: 0.2458437 | HG32: 18.070594 | HH32: 62 | HI32: -2 | HJ32: 0.8754432 | HK32: 28.17666 | HL32: 380 | HM32: -45 | HN32: 2239.9565 | HO32: 19.78285 | HP32: 355 | HQ32: -53 | HR32: -0.1384578 | HS32: 46.99263 | HT32: 322 | HU32: 27 | HV32: 0.0249672 | HW32: 4.7866875 | HX32: 402 | HY32: -20 | HZ32: 0.6406054 | IA32: 23.270153 | IB32: 174 | IC32: -5 | ID32: 0.1510035 | IE32: 26.174574 | IF32: 316 | IG32: 41 | IH32: 110.7388 | II32: 56.105526 | IJ32: 133 | IK32: -32 | IL32: 0.7655002 | IM32: 53.572424 | IN32: 157 | IO32: -146 | IP32: 23.16008 | IQ32: 33.702006 | IR32: 264 | IS32: 16 | IT32: 0.9682085 | IU32: 96.709996 | IV32: 106 | IW32: -54 | IX32: 0.9716835 | IY32: 96.34216 | IZ32: 93 | JA32: -55
A33: Santarém | B33: 0.8141069 | C33: 16.705405 | D33: 367 | E33: -14 | F33: 0.1847131 | G33: 55.68482 | H33: 29 | I33: 34 | J33: 0.499 | K33: 44.503546 | L33: 284 | M33: -49 | N33: -0.1094 | O33: 34.414453 | P33: 83 | Q33: 154 | R33: 0.058906 | S33: 89.368053 | T33: 47 | U33: 28 | V33: 0.0156993 | W33: 81.845999 | X33: 90 | Y33: -20 | Z33: 0.86339224 | AA33: 84.183334 | AB33: 215 | AC33: 31 | AD33: 14.8 | AE33: 92.334699 | AF33: 138 | AG33: 35 | AH33: 0.393831 | AI33: 42.390414 | AJ33: 327 | AK33: 74 | AL33: 8.07 | AM33: 73.777174 | AN33: 149 | AO33: -1 | AP33: 0.9948 | AQ33: 48.193669 | AR33: 135 | AS33: 24 | AT33: 0.1159466 | AU33: 16.962336 | AV33: 330 | AW33: -13 | AX33: 0.6459364 | AY33: 28.646353 | AZ33: 401 | BA33: -30 | BB33: 0.6434892 | BC33: 51.895836 | BD33: 377 | BE33: -11 | BF33: 31.605562 | BG33: 87.410451 | BH33: 186 | BI33: 146 | BJ33: 0.0307 | BK33: 71.813472 | BL33: 336 | BM33: -85 | BN33: 0.053 | BO33: 75.68 | BP33: 233 | BQ33: -28 | BR33: 21.17573 | BS33: 47.396058 | BT33: 399 | BU33: -46 | BV33: 161.33325 | BW33: 63.160436 | BX33: 182 | BY33: -30 | BZ33: 0.4694459 | CA33: 24.118648 | CB33: 306 | CC33: -13 | CD33: 1.001436 | CE33: 64.080855 | CF33: 97 | CG33: -44 | CH33: 0.7797523 | CI33: 40.637181 | CJ33: 208 | CK33: -9 | CL33: 0.1559226 | CM33: 18.055065 | CN33: 293 | CO33: -1 | CP33: 0.0525496 | CQ33: 5.2156637 | CR33: 298 | CS33: 81 | CT33: 0.0884224 | CU33: 9.8398464 | CV33: 321 | CW33: 58 | CX33: 5.3 | CY33: 27.118644 | CZ33: 314 | DA33: -55 | DB33: 4.7 | DC33: 37.254902 | DD33: 251 | DE33: 8 | DF33: 4.4 | DG33: 71.428571 | DH33: 146 | DI33: 160 | DJ33: 529.6185 | DK33: 41.777343 | DL33: 317 | DM33: -11 | DN33: 21.69054 | DO33: 79.945021 | DP33: 219 | DQ33: -73 | DR33: 0.0136986 | DS33: 98.532293 | DT33: 44 | DU33: -43 | DV33: 75.16772 | DW33: 77.241124 | DX33: 242 | DY33: -57 | DZ33: 21.690536 | EA33: 83.328818 | EB33: 283 | EC33: 8 | ED33: 10.103244 | EE33: 89.068876 | EF33: 176 | EG33: 24 | EH33: 0.4849 | EI33: 44.150493 | EJ33: 392 | EK33: -5 | EL33: 0.4872 | EM33: 51.73527 | EN33: 317 | EO33: -88 | EP33: 0.4765 | EQ33: 33.570604 | ER33: 274 | ES33: -46 | ET33: 0.0377 | EU33: 3.3350075 | EV33: 374 | EW33: -11 | EX33: 0.0861 | EY33: 4.5199223 | EZ33: 336 | FA33: -17 | FB33: 0.7561 | FC33: 63.151533 | FD33: 384 | FE33: -18 | FF33: 1 | FG33: 0 | FH33: 327 | FI33: -326 | FJ33: 0.2079811 | FK33: 87.078723 | FL33: 371 | FM33: -14 | FN33: 0.688541 | FO33: 75.068929 | FP33: 34 | FQ33: -7 | FR33: 0.0007343 | FS33: 96.184622 | FT33: 353 | FU33: 26 | FV33: 0.0232302 | FW33: 97.196059 | FX33: 346 | FY33: 17 | FZ33: 0.0003548 | GA33: 2.4217603 | GB33: 322 | GC33: -105 | GD33: 0.6972889 | GE33: 13.300776 | GF33: 407 | GG33: -14 | GH33: 0.253469 | GI33: 18.253584 | GJ33: 289 | GK33: 32 | GL33: 0.2910177 | GM33: 53.424037 | GN33: 9 | GO33: 126 | GP33: 6.526205 | GQ33: 4.104898 | GR33: 89 | GS33: -7 | GT33: 0.0065808 | GU33: 4.7763285 | GV33: 302 | GW33: -74 | GX33: 7032.245 | GY33: 4.4990343 | GZ33: 296 | HA33: -19 | HB33: 20725.66 | HC33: 3.5595339 | HD33: 338 | HE33: -11 | HF33: 0.1545763 | HG33: 13.099379 | HH33: 156 | HI33: -6 | HJ33: 1.381282 | HK33: 41.379294 | HL33: 289 | HM33: -3 | HN33: 2314.2821 | HO33: 21.051042 | HP33: 335 | HQ33: -182 | HR33: -0.3048487 | HS33: 30.15645 | HT33: 394 | HU33: -366 | HV33: 0.049117 | HW33: 10.874293 | HX33: 346 | HY33: -44 | HZ33: 0.5332497 | IA33: 19.145288 | IB33: 233 | IC33: -12 | ID33: 0.2384676 | IE33: 50.814639 | IF33: 64 | IG33: 302 | IH33: 108.077 | II33: 53.670725 | IJ33: 166 | IK33: -48 | IL33: 0.7498828 | IM33: 50.09155 | IN33: 185 | IO33: 76 | IP33: 8.00843 | IQ33: 10.314876 | IR33: 407 | IS33: -27 | IT33: 0.9100472 | IU33: 89.53881 | IV33: 222 | IW33: -78 | IX33: 0.8667133 | IY33: 76.052253 | IZ33: 390 | JA33: -11
A34: Tucuruí | B34: 0.8757167 | C34: 7.2738317 | D34: 399 | E34: -35 | F34: 0.1265344 | G34: 37.597218 | H34: 85 | I34: -25 | J34: 0.6011 | K34: 26.400709 | L34: 401 | M34: -80 | N34: -0.0088 | O34: 32.013556 | P34: 147 | Q34: 65 | R34: 0.1573852 | S34: 59.134196 | T34: 330 | U34: -23 | V34: 0.0177323 | W34: 79.040081 | X34: 117 | Y34: 41 | Z34: 0.91103604 | AA34: 89.722441 | AB34: 124 | AC34: -11 | AD34: 20.4 | AE34: 89.057929 | AF34: 202 | AG34: 5 | AH34: 0.3525557 | AI34: 37.850048 | AJ34: 360 | AK34: -48 | AL34: 6.95 | AM34: 58.559783 | AN34: 210 | AO34: -4 | AP34: 1.102 | AQ34: 54.847921 | AR34: 78 | AS34: 215 | AT34: 0.0551653 | AU34: 7.4977558 | AV34: 392 | AW34: -7 | AX34: 0.7598909 | AY34: 42.907518 | AZ34: 350 | BA34: 5 | BB34: 0.6630356 | BC34: 54.819494 | BD34: 362 | BE34: -46 | BF34: 72.621643 | BG34: 71.072378 | BH34: 282 | BI34: 118 | BJ34: 0.0196 | BK34: 83.316062 | BL34: 220 | BM34: 39 | BN34: 0.0427 | BO34: 81.173333 | BP34: 134 | BQ34: -27 | BR34: 21.78649 | BS34: 45.466523 | BT34: 403 | BU34: -110 | BV34: 232.36865 | BW34: 27.156942 | BX34: 387 | BY34: -88 | BZ34: 0.468343 | CA34: 23.982231 | CB34: 309 | CC34: 55 | CD34: 0.9003306 | CE34: 45.185164 | CF34: 349 | CG34: -72 | CH34: 0.6257923 | CI34: 26.867311 | CJ34: 360 | CK34: -2 | CL34: 0.5720474 | CM34: 66.240255 | CN34: 51 | CO34: -29 | CP34: 0.8823731 | CQ34: 100 | CR34: 1 | CS34: 149 | CT34: 0.0931249 | CU34: 10.385255 | CV34: 314 | CW34: 73 | CX34: 4.5 | CY34: 13.559322 | CZ34: 397 | DA34: -44 | DB34: 4.1 | DC34: 25.490196 | DD34: 361 | DE34: -49 | DF34: 4.4 | DG34: 71.428571 | DH34: 146 | DI34: 173 | DJ34: 527.8156 | DK34: 40.635713 | DL34: 325 | DM34: -12 | DN34: 47.09439 | DO34: 55.567394 | DP34: 364 | DQ34: 7 | DR34: 0.1886792 | DS34: 79.784371 | DT34: 248 | DU34: 68 | DV34: 190.067 | DW34: 39.603873 | DX34: 397 | DY34: -29 | DZ34: 62.427441 | EA34: 51.417207 | EB34: 408 | EC34: -51 | ED34: 22.236538 | EE34: 75.839619 | EF34: 356 | EG34: -44 | EH34: 0.9435 | EI34: 93.874011 | EJ34: 191 | EK34: -67 | EL34: .n | EM34: 0 | EN34: 401 | EO34: -390 | EP34: .n | EQ34: 0 | ER34: 402 | ES34: 0 | ET34: .n | EU34: 0 | EV34: 387 | EW34: -8 | EX34: .n | EY34: 0 | EZ34: 368 | FA34: -4 | FB34: .n | FC34: 0 | FD34: 406 | FE34: -105 | FF34: .n | FG34: 0 | FH34: 327 | FI34: -326 | FJ34: 0.1165247 | FK34: 87.892028 | FL34: 309 | FM34: -13 | FN34: 0.4078902 | FO34: 44.470671 | FP34: 125 | FQ34: -20 | FR34: 0.0016007 | FS34: 91.682861 | FT34: 379 | FU34: -47 | FV34: 0.0228521 | FW34: 97.241697 | FX34: 342 | FY34: -49 | FZ34: 0.0004395 | GA34: 2.9998976 | GB34: 309 | GC34: -128 | GD34: 0.5988487 | GE34: 27.402697 | GF34: 365 | GG34: -5 | GH34: 0.1980724 | GI34: 12.187562 | GJ34: 349 | GK34: 5 | GL34: 0.2146237 | GM34: 45.55591 | GN34: 22 | GO34: 4 | GP34: 0 | GQ34: 0 | GR34: 232 | GS34: -7 | GT34: 0.0052922 | GU34: 3.8152002 | GV34: 338 | GW34: -51 | GX34: 10656.43 | GY34: 6.919952 | GZ34: 207 | HA34: 12 | HB34: 48149.75 | HC34: 11.591718 | HD34: 141 | HE34: -4 | HF34: 0.2128932 | HG34: 16.275824 | HH34: 84 | HI34: -3 | HJ34: 0.4310908 | HK34: 16.578851 | HL34: 406 | HM34: -9 | HN34: 2824.0752 | HO34: 29.749465 | HP34: 216 | HQ34: -60 | HR34: -0.1441157 | HS34: 46.420138 | HT34: 330 | HU34: 9 | HV34: 0.1423213 | HW34: 34.368941 | HX34: 61 | HY34: -43 | HZ34: 0.6264018 | IA34: 22.724416 | IB34: 188 | IC34: -12 | ID34: 0.247556 | IE34: 53.37499 | IF34: 54 | IG34: 2 | IH34: 83.46495 | II34: 31.157596 | IJ34: 380 | IK34: -19 | IL34: 0.8529847 | IM34: 73.071354 | IN34: 62 | IO34: 56 | IP34: 7.685114 | IQ34: 9.8158261 | IR34: 408 | IS34: -10 | IT34: 0.9364522 | IU34: 92.7945 | IV34: 187 | IW34: 13 | IX34: 0.9429421 | IY34: 90.786676 | IZ34: 273 | JA34: 72
A35: Macapá | B35: 0.7683765 | C35: 23.706071 | D35: 321 | E35: 0 | F35: 0.1665198 | G35: 50.028571 | H35: 39 | I35: -35 | J35: 0.4912 | K35: 45.886525 | L35: 268 | M35: 78 | N35: 0.1407 | O35: 28.445622 | P35: 264 | Q35: 48 | R35: 0.2106116 | S35: 42.79329 | T35: 378 | U35: -1 | V35: 0.0233302 | W35: 71.313937 | X35: 218 | Y35: 9 | Z35: 0.88364518 | AA35: 86.537957 | AB35: 183 | AC35: 72 | AD35: 25.5 | AE35: 86.073727 | AF35: 278 | AG35: -87 | AH35: 0.0592082 | AI35: 5.5812374 | AJ35: 415 | AK35: -50 | AL35: 7.82 | AM35: 70.380435 | AN35: 163 | AO35: -2 | AP35: 1.1381 | AQ35: 57.088765 | AR35: 64 | AS35: 318 | AT35: 0.1076786 | AU35: 15.674882 | AV35: 340 | AW35: -16 | AX35: 0.7152091 | AY35: 37.315685 | AZ35: 373 | BA35: 0 | BB35: 0.4963582 | BC35: 29.88868 | BD35: 414 | BE35: -16 | BF35: 107.90397 | BG35: 57.018251 | BH35: 348 | BI35: -126 | BJ35: 0.0245 | BK35: 78.238342 | BL35: 285 | BM35: 44 | BN35: 0.0574 | BO35: 73.333333 | BP35: 269 | BQ35: 8 | BR35: 26.57135 | BS35: 30.350022 | BT35: 416 | BU35: -21 | BV35: 233.33455 | BW35: 26.667387 | BX35: 389 | BY35: -34 | BZ35: 0.2744516 | CA35: 0 | CB35: 418 | CC35: -16 | CD35: 0.9093264 | CE35: 46.866398 | CF35: 337 | CG35: -102 | CH35: 0.619184 | CI35: 26.276278 | CJ35: 366 | CK35: -25 | CL35: 0.0632348 | CM35: 7.3222766 | CN35: 358 | CO35: -15 | CP35: 0.0584491 | CQ35: 5.889518 | CR35: 285 | CS35: 22 | CT35: 0.1721404 | CU35: 19.549688 | CV35: 202 | CW35: -14 | CX35: 5.1 | CY35: 23.728814 | CZ35: 344 | DA35: -4 | DB35: 4.1 | DC35: 25.490196 | DD35: 361 | DE35: 30 | DF35: 3.7 | DG35: 46.428571 | DH35: 347 | DI35: -19 | DJ35: 526.9763 | DK35: 40.104253 | DL35: 329 | DM35: -12 | DN35: 74.9549 | DO35: 28.832347 | DP35: 411 | DQ35: -42 | DR35: 0.03207 | DS35: 96.563928 | DT35: 63 | DU35: 45 | DV35: 207.1714 | DW35: 34.001031 | DX35: 404 | DY35: -53 | DZ35: 14.223371 | EA35: 89.178287 | EB35: 182 | EC35: 0 | ED35: 17.446634 | EE35: 81.06218 | EF35: 303 | EG35: -106 | EH35: 0.4004 | EI35: 34.988615 | EJ35: 398 | EK35: -22 | EL35: 0.5351 | EM35: 46.902744 | EN35: 339 | EO35: 59 | EP35: -0.3028 | EQ35: 83.544953 | ER35: 2 | ES35: 372 | ET35: 0.0778 | EU35: 7.3631341 | EV35: 362 | EW35: -12 | EX35: 0.1442 | EY35: 7.5699512 | EZ35: 314 | FA35: -35 | FB35: 0.9438 | FC35: 91.509291 | FD35: 307 | FE35: -33 | FF35: 0 | FG35: 100 | FH35: 1 | FI35: 0 | FJ35: 0.0552592 | FK35: 88.436852 | FL35: 179 | FM35: -8 | FN35: 0.3894131 | FO35: 42.456185 | FP35: 132 | FQ35: 9 | FR35: 6.78e-05 | FS35: 99.647715 | FT35: 252 | FU35: -12 | FV35: 0.0152021 | FW35: 98.16507 | FX35: 311 | FY35: -76 | FZ35: 7.34e-05 | GA35: 0.50100679 | GB35: 384 | GC35: -45 | GD35: 0.5506876 | GE35: 34.301953 | GF35: 335 | GG35: 2 | GH35: 0.394172 | GI35: 33.660802 | GJ35: 125 | GK35: 28 | GL35: 0.1393791 | GM35: 37.806165 | GN35: 58 | GO35: 50 | GP35: 10.0789 | GQ35: 6.339497 | GR35: 73 | GS35: -7 | GT35: 0.0060261 | GU35: 4.3625943 | GV35: 313 | GW35: -33 | GX35: 14111.69 | GY35: 9.2280296 | GZ35: 146 | HA35: -8 | HB35: 24768.62 | HC35: 4.7436679 | HD35: 302 | HE35: -10 | HF35: 0.0826855 | HG35: 9.1835826 | HH35: 320 | HI35: -11 | HJ35: 1.489961 | HK35: 44.215868 | HL35: 266 | HM35: -52 | HN35: 2104.6809 | HO35: 17.474689 | HP35: 385 | HQ35: -360 | HR35: -0.5495152 | HS35: 5.3999939 | HT35: 416 | HU35: -68 | HV35: 0.038253 | HW35: 8.1357303 | HX35: 380 | HY35: -62 | HZ35: 0.6374949 | IA35: 23.15064 | IB35: 179 | IC35: -51 | ID35: 0.1878401 | IE35: 36.552046 | IF35: 182 | IG35: -180 | IH35: 105.4534 | II35: 51.270866 | IJ35: 203 | IK35: -66 | IL35: 0.7135678 | IM35: 41.997503 | IN35: 264 | IO35: 56 | IP35: 24.48645 | IQ35: 35.749307 | IR35: 250 | IS35: -55 | IT35: 0.9734027 | IU35: 97.350432 | IV35: 79 | IW35: -51 | IX35: 0.9798488 | IY35: 97.920448 | IZ35: 35 | JA35: -11
A36: Santana | B36: 0.758947 | C36: 25.149591 | D36: 314 | E36: -28 | F36: 0.1159258 | G36: 34.299032 | H36: 108 | I36: -90 | J36: 0.5829 | K36: 29.62766 | L36: 392 | M36: -29 | N36: -0.2453 | O36: 37.657812 | P36: 36 | Q36: -15 | R36: 0.3398491 | S36: 3.1164028 | T36: 406 | U36: -15 | V36: 0.0273771 | W36: 65.728462 | X36: 297 | Y36: -163 | Z36: 0.93229383 | AA36: 92.193888 | AB36: 72 | AC36: 58 | AD36: 33.1 | AE36: 81.626682 | AF36: 342 | AG36: -147 | AH36: 0.5446211 | AI36: 58.977626 | AJ36: 152 | AK36: 244 | AL36: 6 | AM36: 45.652174 | AN36: 276 | AO36: -8 | AP36: 0.9756 | AQ36: 47.001862 | AR36: 143 | AS36: 164 | AT36: 0.055664 | AU36: 7.575411 | AV36: 391 | AW36: -18 | AX36: 0.7969728 | AY36: 47.54824 | AZ36: 297 | BA36: 41 | BB36: 0.5015576 | BC36: 30.666382 | BD36: 413 | BE36: -11 | BF36: 51.921078 | BG36: 79.318104 | BH36: 228 | BI36: 169 | BJ36: 0.0137 | BK36: 89.430052 | BL36: 135 | BM36: 111 | BN36: 0.0543 | BO36: 74.986667 | BP36: 243 | BQ36: 81 | BR36: 23.8837 | BS36: 38.840942 | BT36: 408 | BU36: -15 | BV36: 259.72079 | BW36: 13.293818 | BX36: 411 | BY36: -114 | BZ36: 0.3502555 | CA36: 9.3761078 | CB36: 400 | CC36: -20 | CD36: 0.9493995 | CE36: 54.355701 | CF36: 247 | CG36: -153 | CH36: 0.692683 | CI36: 32.849879 | CJ36: 308 | CK36: -33 | CL36: 0.0115796 | CM36: 1.3408603 | CN36: 416 | CO36: -13 | CP36: 0.051431 | CQ36: 5.0878946 | CR36: 303 | CS36: -9 | CT36: 0.2563247 | CU36: 29.313612 | CV36: 125 | CW36: -36 | CX36: 5 | CY36: 22.033898 | CZ36: 358 | DA36: -5 | DB36: 4.4 | DC36: 31.372549 | DD36: 313 | DE36: 63 | DF36: 3.9 | DG36: 53.571429 | DH36: 306 | DI36: 0 | DJ36: 525.3516 | DK36: 39.075463 | DL36: 338 | DM36: -12 | DN36: 105.001 | DO36: 0 | DP36: 418 | DQ36: -55 | DR36: 0 | DS36: 100 | DT36: 1 | DU36: 80 | DV36: 310.97 | DW36: 0 | DX36: 418 | DY36: -74 | DZ36: 9.2921257 | EA36: 93.041221 | EB36: 97 | EC36: 26 | ED36: 9.7166948 | EE36: 89.490341 | EF36: 169 | EG36: -6 | EH36: 0.4115 | EI36: 36.192128 | EJ36: 397 | EK36: -9 | EL36: 0.5573 | EM36: 44.663035 | EN36: 349 | EO36: 16 | EP36: -0.2676 | EQ36: 81.287675 | ER36: 3 | ES36: 352 | ET36: .n | EU36: 0 | EV36: 387 | EW36: -16 | EX36: .n | EY36: 0 | EZ36: 368 | FA36: -4 | FB36: 0.8011 | FC36: 69.950144 | FD36: 371 | FE36: -370 | FF36: 0 | FG36: 100 | FH36: 1 | FI36: 0 | FJ36: 0.0622325 | FK36: 88.37484 | FL36: 208 | FM36: -8 | FN36: 0.4801119 | FO36: 52.34472 | FP36: 99 | FQ36: 5 | FR36: 1.1e-05 | FS36: 99.942845 | FT36: 208 | FU36: 2 | FV36: 0.0046575 | FW36: 99.437829 | FX36: 244 | FY36: -41 | FZ36: 0.001283 | GA36: 8.7573803 | GB36: 186 | GC36: 45 | GD36: 0.6532492 | GE36: 19.609625 | GF36: 393 | GG36: 2 | GH36: 0.161305 | GI36: 8.1614686 | GJ36: 379 | GK36: 3 | GL36: 0.2676838 | GM36: 51.020784 | GN36: 15 | GO36: 383 | GP36: 0 | GQ36: 0 | GR36: 232 | GS36: -7 | GT36: 0.0090653 | GU36: 6.6294428 | GV36: 234 | GW36: -53 | GX36: 7716.096 | GY36: 4.9558396 | GZ36: 276 | HA36: 7 | HB36: 20132.66 | HC36: 3.3858514 | HD36: 342 | HE36: -12 | HF36: 0.0564234 | HG36: 7.7531207 | HH36: 371 | HI36: -12 | HJ36: 1.223185 | HK36: 37.252887 | HL36: 322 | HM36: 2 | HN36: 2524.5933 | HO36: 24.639509 | HP36: 284 | HQ36: -111 | HR36: -0.2119441 | HS36: 39.556956 | HT36: 369 | HU36: -358 | HV36: 0.0559567 | HW36: 12.598423 | HX36: 317 | HY36: -59 | HZ36: 0.3870246 | IA36: 13.526967 | IB36: 290 | IC36: -25 | ID36: 0.212332 | IE36: 43.451814 | IF36: 121 | IG36: 151 | IH36: 98.82386 | II36: 45.206695 | IJ36: 296 | IK36: -114 | IL36: 0.7590137 | IM36: 52.126685 | IN36: 166 | IO36: 12 | IP36: 19.53225 | IQ36: 28.102317 | IR36: 324 | IS36: -75 | IT36: 0.9717956 | IU36: 97.152279 | IV36: 84 | IW36: -57 | IX36: 0.981226 | IY36: 98.18665 | IZ36: 27 | JA36: -12
A37: Araguaína | B37: 0.6671464 | C37: 39.202941 | D37: 209 | E37: -16 | F37: 0.2099249 | G37: 63.523101 | H37: 15 | I37: 40 | J37: 0.5386 | K37: 37.48227 | L37: 359 | M37: -67 | N37: 0.2546 | O37: 25.72731 | P37: 314 | Q37: -234 | R37: 0.1085374 | S37: 74.130839 | T37: 236 | U37: 16 | V37: 0.0404061 | W37: 47.746018 | X37: 392 | Y37: -47 | Z37: 0.58700624 | AA37: 52.050477 | AB37: 373 | AC37: -7 | AD37: 3.8 | AE37: 98.771211 | AF37: 7 | AG37: -1 | AH37: 0.4086257 | AI37: 44.01786 | AJ37: 313 | AK37: -34 | AL37: 5.86 | AM37: 43.75 | AN37: 289 | AO37: -8 | AP37: 1.2371 | AQ37: 63.234016 | AR37: 38 | AS37: 153 | AT37: 0.1109354 | AU37: 16.182016 | AV37: 336 | AW37: -2 | AX37: 0.8625181 | AY37: 55.751096 | AZ37: 205 | BA37: -64 | BB37: 0.6872385 | BC37: 58.439649 | BD37: 342 | BE37: -86 | BF37: 34.867504 | BG37: 86.111111 | BH37: 196 | BI37: -16 | BJ37: 0.0216 | BK37: 81.243523 | BL37: 244 | BM37: -58 | BN37: 0.0381 | BO37: 83.626667 | BP37: 96 | BQ37: -21 | BR37: 12.20363 | BS37: 75.741039 | BT37: 136 | BU37: -79 | BV37: 178.70343 | BW37: 54.356555 | BX37: 265 | BY37: 57 | BZ37: 0.6089701 | CA37: 41.376255 | CB37: 146 | CC37: -12 | CD37: 0.9868017 | CE37: 61.345836 | CF37: 143 | CG37: -34 | CH37: 0.7609088 | CI37: 38.951857 | CJ37: 230 | CK37: -48 | CL37: 0.0890347 | CM37: 10.309777 | CN37: 344 | CO37: -11 | CP37: 0.2054058 | CQ37: 22.675248 | CR37: 85 | CS37: 29 | CT37: 0.1885602 | CU37: 21.454101 | CV37: 185 | CW37: 0 | CX37: 5.8 | CY37: 35.59322 | CZ37: 223 | DA37: -32 | DB37: 4.9 | DC37: 41.176471 | DD37: 184 | DE37: 44 | DF37: 4.3 | DG37: 67.857143 | DH37: 189 | DI37: -12 | DJ37: 538.6506 | DK37: 47.496634 | DL37: 279 | DM37: -10 | DN37: 24.51825 | DO37: 77.23154 | DP37: 241 | DQ37: 87 | DR37: 0.1923077 | DS37: 79.395603 | DT37: 252 | DU37: 46 | DV37: 105.8582 | DW37: 67.187925 | DX37: 315 | DY37: 37 | DZ37: 42.615047 | EA37: 66.937419 | EB37: 393 | EC37: -7 | ED37: 30.965382 | EE37: 66.322326 | EF37: 393 | EG37: -18 | EH37: 0.952 | EI37: 94.79562 | EJ37: 167 | EK37: 35 | EL37: 0.2979 | EM37: 70.833333 | EN37: 129 | EO37: -20 | EP37: 0.2971 | EQ37: 45.075029 | ER37: 141 | ES37: 6 | ET37: 0.3237 | EU37: 32.064289 | EV37: 300 | EW37: -9 | EX37: 0.2714 | EY37: 14.247467 | EZ37: 262 | FA37: 0 | FB37: 0.849 | FC37: 77.186886 | FD37: 355 | FE37: -72 | FF37: 0 | FG37: 100 | FH37: 1 | FI37: 0 | FJ37: 0.1702837 | FK37: 87.413959 | FL37: 355 | FM37: -14 | FN37: 0.3274923 | FO37: 35.705203 | FP37: 171 | FQ37: -16 | FR37: 0.0013756 | FS37: 92.852467 | FT37: 374 | FU37: -7 | FV37: 0.08878 | FW37: 89.284042 | FX37: 394 | FY37: 0 | FZ37: 0.0009309 | GA37: 6.3540493 | GB37: 234 | GC37: -18 | GD37: 0.4602326 | GE37: 47.259965 | GF37: 270 | GG37: -8 | GH37: 0.3365959 | GI37: 27.356121 | GJ37: 199 | GK37: 0 | GL37: 0.0724949 | GM37: 30.917491 | GN37: 141 | GO37: -95 | GP37: 6.892863 | GQ37: 4.3355212 | GR37: 83 | GS37: 22 | GT37: 0.0105187 | GU37: 7.7134904 | GV37: 208 | GW37: -4 | GX37: 23427.17 | GY37: 15.450673 | GZ37: 63 | HA37: 6 | HB37: 28129.88 | HC37: 5.7281402 | HD37: 271 | HE37: -10 | HF37: 0.0854521 | HG37: 9.3342756 | HH37: 315 | HI37: -11 | HJ37: 1.40414 | HK37: 41.975899 | HL37: 282 | HM37: -19 | HN37: 2655.9884 | HO37: 26.881458 | HP37: 253 | HQ37: 55 | HR37: 0.0357097 | HS37: 64.615681 | HT37: 19 | HU37: 349 | HV37: 0.0700841 | HW37: 16.159614 | HX37: 250 | HY37: 47 | HZ37: 0.7462806 | IA37: 27.330449 | IB37: 109 | IC37: -23 | ID37: 0.1633219 | IE37: 29.644868 | IF37: 266 | IG37: 3 | IH37: 105.5291 | II37: 51.34011 | IJ37: 202 | IK37: -29 | IL37: 0.7435206 | IM37: 48.673515 | IN37: 199 | IO37: 52 | IP37: 24.36788 | IQ37: 35.56629 | IR37: 255 | IS37: -84 | IT37: 0.9448288 | IU37: 93.82732 | IV37: 174 | IW37: 52 | IX37: 0.9292724 | IY37: 88.144431 | IZ37: 318 | JA37: 32
A38: Gurupi | B38: 0.6366567 | C38: 43.870475 | D38: 167 | E38: 229 | F38: 0.1410045 | G38: 42.095933 | H38: 62 | I38: 335 | J38: 0.5146 | K38: 41.737589 | L38: 326 | M38: -83 | N38: -0.0262 | O38: 32.42882 | P38: 134 | Q38: 71 | R38: 0.0598028 | S38: 89.092728 | T38: 51 | U38: 343 | V38: 0.0252979 | W38: 68.598145 | X38: 252 | Y38: 136 | Z38: 0.38056133 | AA38: 28.049026 | AB38: 406 | AC38: -30 | AD38: 18.2 | AE38: 90.345231 | AF38: 177 | AG38: -86 | AH38: 0.3739074 | AI38: 40.198778 | AJ38: 344 | AK38: -46 | AL38: 6.7 | AM38: 55.163043 | AN38: 227 | AO38: -4 | AP38: 1.4395 | AQ38: 75.797641 | AR38: 16 | AS38: 104 | AT38: 0.1249916 | AU38: 18.370782 | AV38: 324 | AW38: -14 | AX38: 0.7800454 | AY38: 45.429812 | AZ38: 321 | BA38: -67 | BB38: 0.7644306 | BC38: 69.985677 | BD38: 240 | BE38: -29 | BF38: 0 | BG38: 100 | BH38: 1 | BI38: 309 | BJ38: 0.0643 | BK38: 36.994819 | BL38: 412 | BM38: -12 | BN38: 0.0346 | BO38: 85.493333 | BP38: 61 | BQ38: 27 | BR38: 15.60063 | BS38: 65.009115 | BT38: 283 | BU38: -250 | BV38: 146.94456 | BW38: 70.453181 | BX38: 108 | BY38: 194 | BZ38: 0.5483934 | CA38: 33.883584 | CB38: 225 | CC38: 10 | CD38: 0.9644567 | CE38: 57.169756 | CF38: 206 | CG38: -15 | CH38: 0.7815506 | CI38: 40.798017 | CJ38: 204 | CK38: -19 | CL38: 0.3716232 | CM38: 43.032126 | CN38: 159 | CO38: 18 | CP38: 0.4080805 | CQ38: 45.825215 | CR38: 21 | CS38: -7 | CT38: 0.2937951 | CU38: 33.659531 | CV38: 94 | CW38: -15 | CX38: 6.2 | CY38: 42.372881 | CZ38: 129 | DA38: -12 | DB38: 5.3 | DC38: 49.019608 | DD38: 82 | DE38: 49 | DF38: 4.5 | DG38: 75 | DH38: 107 | DI38: -36 | DJ38: 553.4526 | DK38: 56.869533 | DL38: 209 | DM38: -4 | DN38: 14.09692 | DO38: 87.231886 | DP38: 146 | DQ38: 119 | DR38: 0.1428571 | DS38: 84.693882 | DT38: 211 | DU38: -210 | DV38: 68.30268 | DW38: 79.489887 | DX38: 221 | DY38: 80 | DZ38: 38.766521 | EA38: 69.952196 | EB38: 380 | EC38: 9 | ED38: 4.8004999 | EE38: 94.8506 | EF38: 93 | EG38: -25 | EH38: 0.9771 | EI38: 97.517077 | EJ38: 111 | EK38: 37 | EL38: 0.2981 | EM38: 70.813156 | EN38: 130 | EO38: -19 | EP38: 0.2811 | EQ38: 46.101065 | ER38: 123 | ES38: 27 | ET38: 0.6513 | EU38: 64.972376 | EV38: 219 | EW38: 0 | EX38: 0.3792 | EY38: 19.906557 | EZ38: 236 | FA38: -25 | FB38: 0.5234 | FC38: 27.995165 | FD38: 401 | FE38: -145 | FF38: 0 | FG38: 100 | FH38: 1 | FI38: 0 | FJ38: 0.2040677 | FK38: 87.113524 | FL38: 369 | FM38: -14 | FN38: 0.4174397 | FO38: 45.511816 | FP38: 121 | FQ38: 3 | FR38: 0.0023887 | FS38: 87.588461 | FT38: 391 | FU38: -8 | FV38: 0.1341035 | FW38: 83.813387 | FX38: 404 | FY38: -17 | FZ38: 0.0014211 | GA38: 9.7000102 | GB38: 175 | GC38: -93 | GD38: 0.4083663 | GE38: 54.690004 | GF38: 224 | GG38: 6 | GH38: 0.2949989 | GI38: 22.801178 | GJ38: 250 | GK38: -8 | GL38: 0.0484919 | GM38: 28.445326 | GN38: 223 | GO38: -165 | GP38: 1.07788 | GQ38: 0.6779725 | GR38: 144 | GS38: -6 | GT38: 0.0081112 | GU38: 5.9178081 | GV38: 264 | GW38: -62 | GX38: 27699.87 | GY38: 18.304792 | GZ38: 40 | HA38: 4 | HB38: 29950.02 | HC38: 6.2612372 | HD38: 257 | HE38: -10 | HF38: 0.0307454 | HG38: 6.354474 | HH38: 395 | HI38: -13 | HJ38: 1.195643 | HK38: 36.534028 | HL38: 328 | HM38: -19 | HN38: 2520.4919 | HO38: 24.569528 | HP38: 285 | HQ38: -30 | HR38: -0.0975993 | HS38: 51.126877 | HT38: 268 | HU38: -148 | HV38: 0.0588217 | HW38: 13.320624 | HX38: 299 | HY38: -9 | HZ38: 0.9519467 | IA38: 35.232636 | IB38: 35 | IC38: -7 | ID38: 0.1698322 | IE38: 31.478926 | IF38: 239 | IG38: -29 | IH38: 110.2563 | II38: 55.664173 | IJ38: 138 | IK38: -25 | IL38: 0.8118488 | IM38: 63.902804 | IN38: 83 | IO38: 145 | IP38: 24.83645 | IQ38: 36.289545 | IR38: 243 | IS38: 125 | IT38: 0.9837731 | IU38: 98.629084 | IV38: 37 | IW38: 62 | IX38: 0.9789634 | IY38: 97.749307 | IZ38: 44 | JA38: 142
A39: Palmas | B39: 0.6111303 | C39: 47.7782 | D39: 138 | E39: -39 | F39: 0.0882074 | G39: 25.681456 | H39: 196 | I39: -177 | J39: 0.5286 | K39: 39.255319 | L39: 347 | M39: -65 | N39: 0.1135 | O39: 29.094771 | P39: 247 | Q39: -13 | R39: 0.0755634 | S39: 84.254105 | T39: 117 | U39: -55 | V39: 0.0295867 | W39: 62.678803 | X39: 331 | Y39: -35 | Z39: 0.96683125 | AA39: 96.209236 | AB39: 26 | AC39: 174 | AD39: 6.2 | AE39: 97.366881 | AF39: 23 | AG39: 49 | AH39: 0.3064494 | AI39: 32.778263 | AJ39: 385 | AK39: -72 | AL39: 8.6 | AM39: 80.978261 | AN39: 121 | AO39: -1 | AP39: 0.926 | AQ39: 43.923029 | AR39: 177 | AS39: -95 | AT39: 0.181392 | AU39: 27.153189 | AV39: 270 | AW39: -23 | AX39: 0.8243272 | AY39: 50.971586 | AZ39: 269 | BA39: -41 | BB39: 0.7941411 | BC39: 74.429632 | BD39: 200 | BE39: 2 | BF39: 119.56955 | BG39: 52.371462 | BH39: 362 | BI39: -10 | BJ39: 0.0249 | BK39: 77.823834 | BL39: 288 | BM39: -111 | BN39: 0.0545 | BO39: 74.88 | BP39: 248 | BQ39: -1 | BR39: 12.95337 | BS39: 73.372434 | BT39: 170 | BU39: 2 | BV39: 165.61688 | BW39: 60.989326 | BX39: 211 | BY39: -10 | BZ39: 0.516097 | CA39: 29.888875 | CB39: 260 | CC39: -55 | CD39: 0.9743864 | CE39: 59.025528 | CF39: 175 | CG39: -33 | CH39: 0.8486989 | CI39: 46.803625 | CJ39: 137 | CK39: 1 | CL39: 0.131714 | CM39: 15.251829 | CN39: 310 | CO39: -16 | CP39: 0.3270035 | CQ39: 36.564415 | CR39: 35 | CS39: -6 | CT39: 0.2374524 | CU39: 27.124751 | CV39: 143 | CW39: -6 | CX39: 6.2 | CY39: 42.372881 | CZ39: 129 | DA39: -12 | DB39: 5.4 | DC39: 50.980392 | DD39: 62 | DE39: -3 | DF39: 4.4 | DG39: 71.428571 | DH39: 146 | DI39: 182 | DJ39: 555.0427 | DK39: 57.876414 | DL39: 197 | DM39: -4 | DN39: 49.88569 | DO39: 52.888852 | DP39: 374 | DQ39: -76 | DR39: 0.0679012 | DS39: 92.724871 | DT39: 125 | DU39: 99 | DV39: 158.888 | DW39: 49.817095 | DX39: 379 | DY39: -75 | DZ39: 38.983521 | EA39: 69.782207 | EB39: 382 | EC39: 0 | ED39: 35.843956 | EE39: 61.003086 | EF39: 401 | EG39: -15 | EH39: 0.9792 | EI39: 97.744769 | EJ39: 102 | EK39: 42 | EL39: 0.2936 | EM39: 71.267151 | EN39: 124 | EO39: 8 | EP39: 0.3248 | EQ39: 43.298705 | ER39: 167 | ES39: 2 | ET39: 0.7831 | EU39: 78.211954 | EV39: 180 | EW39: -64 | EX39: 0.6679 | EY39: 35.062208 | EZ39: 147 | FA39: 0 | FB39: 1 | FC39: 100 | FD39: 1 | FE39: 0 | FF39: 0 | FG39: 100 | FH39: 1 | FI39: 0 | FJ39: 0.0772817 | FK39: 88.24101 | FL39: 249 | FM39: -12 | FN39: 0.633536 | FO39: 69.071949 | FP39: 50 | FQ39: 1 | FR39: 0.0033111 | FS39: 82.795727 | FT39: 401 | FU39: -6 | FV39: 0.0612287 | FW39: 92.609549 | FX39: 386 | FY39: -22 | FZ39: 0.0067364 | GA39: 45.980683 | GB39: 16 | GC39: 23 | GD39: 0.4527617 | GE39: 48.330199 | GF39: 263 | GG39: 3 | GH39: 0.8148099 | GI39: 79.721369 | GJ39: 4 | GK39: 6 | GL39: 0.2904637 | GM39: 53.366978 | GN39: 10 | GO39: 94 | GP39: 19.82527 | GQ39: 12.469837 | GR39: 44 | GS39: 0 | GT39: 0.0088181 | GU39: 6.4450637 | GV39: 240 | GW39: -4 | GX39: 37216.36 | GY39: 24.661708 | GZ39: 22 | HA39: 2 | HB39: 32977.35 | HC39: 7.1479055 | HD39: 232 | HE39: -10 | HF39: 0.0159233 | HG39: 5.5471338 | HH39: 404 | HI39: -13 | HJ39: 2.037007 | HK39: 58.49403 | HL39: 153 | HM39: -115 | HN39: 2706.3603 | HO39: 27.740936 | HP39: 242 | HQ39: -211 | HR39: -0.3848838 | HS39: 22.058139 | HT39: 411 | HU39: -17 | HV39: 0.0395278 | HW39: 8.4570779 | HX39: 376 | HY39: -29 | HZ39: 0.8954389 | IA39: 33.06147 | IB39: 50 | IC39: -3 | ID39: 0.3735362 | IE39: 88.865669 | IF39: 4 | IG39: 2 | IH39: 120.5157 | II39: 65.048649 | IJ39: 52 | IK39: -17 | IL39: 0.658273 | IM39: 29.673156 | IN39: 363 | IO39: 1 | IP39: 34.12344 | IQ39: 50.624356 | IR39: 118 | IS39: 20 | IT39: 0.8274866 | IU39: 79.359234 | IV39: 287 | IW39: -14 | IX39: 0.9506302 | IY39: 92.272724 | IZ39: 243 | JA39: -46
A40: Açailândia | B40: 0.7728508 | C40: 23.02112 | D40: 326 | E40: -24 | F40: 0.1889366 | G40: 56.997895 | H40: 25 | I40: 96 | J40: 0.5294 | K40: 39.113475 | L40: 349 | M40: -30 | N40: 0.0739 | O40: 30.039856 | P40: 218 | Q40: -68 | R40: 0.1906106 | S40: 48.933747 | T40: 366 | U40: -12 | V40: 0.0261926 | W40: 67.363293 | X40: 273 | Y40: 19 | Z40: 0.77970374 | AA40: 74.453642 | AB40: 280 | AC40: -20 | AD40: 5.3 | AE40: 97.893505 | AF40: 12 | AG40: 32 | AH40: 0.4059548 | AI40: 43.724056 | AJ40: 315 | AK40: -96 | AL40: 8.98 | AM40: 86.141304 | AN40: 89 | AO40: -1 | AP40: 1.2181 | AQ40: 62.054624 | AR40: 42 | AS40: 132 | AT40: 0.1358931 | AU40: 20.068312 | AV40: 317 | AW40: -8 | AX40: 0.8248182 | AY40: 51.033033 | AZ40: 266 | BA40: -118 | BB40: 0.6688544 | BC40: 55.689843 | BD40: 356 | BE40: 7 | BF40: 0 | BG40: 100 | BH40: 1 | BI40: 363 | BJ40: 0.028 | BK40: 74.611399 | BL40: 316 | BM40: -41 | BN40: 0.0414 | BO40: 81.866667 | BP40: 122 | BQ40: 37 | BR40: 13.12649 | BS40: 72.825507 | BT40: 177 | BU40: 149 | BV40: 224.18018 | BW40: 31.307176 | BX40: 381 | BY40: -49 | BZ40: 0.5244282 | CA40: 30.919353 | CB40: 249 | CC40: 11 | CD40: 0.9141333 | CE40: 47.764765 | CF40: 329 | CG40: -22 | CH40: 0.6638576 | CI40: 30.271794 | CJ40: 335 | CK40: 5 | CL40: 0.2757018 | CM40: 31.924903 | CN40: 229 | CO40: -14 | CP40: 0.3520818 | CQ40: 39.428916 | CR40: 31 | CS40: -8 | CT40: 0.0825096 | CU40: 9.1540638 | CV40: 330 | CW40: -64 | CX40: 5.5 | CY40: 30.508475 | CZ40: 276 | DA40: 7 | DB40: 4.6 | DC40: 35.294118 | DD40: 268 | DE40: 87 | DF40: 4.1 | DG40: 60.714286 | DH40: 250 | DI40: -26 | DJ40: 515.4755 | DK40: 32.821735 | DL40: 375 | DM40: -12 | DN40: 36.60253 | DO40: 65.635421 | DP40: 328 | DQ40: -23 | DR40: 0 | DS40: 100 | DT40: 1 | DU40: 81 | DV40: 110.5298 | DW40: 65.657662 | DX40: 326 | DY40: -60 | DZ40: 29.094322 | EA40: 77.528997 | EB40: 339 | EC40: -110 | ED40: 1.3573923 | EE40: 98.604713 | EF40: 41 | EG40: 20 | EH40: 0.8842 | EI40: 87.444432 | EJ40: 277 | EK40: -276 | EL40: 0.4839 | EM40: 52.0682 | EN40: 314 | EO40: 0 | EP40: 0.4101 | EQ40: 37.828652 | ER40: 236 | ES40: 75 | ET40: 0.0268 | EU40: 2.2400804 | EV40: 376 | EW40: -7 | EX40: 0.0347 | EY40: 1.8216179 | EZ40: 350 | FA40: 6 | FB40: 1 | FC40: 100 | FD40: 1 | FE40: 0 | FF40: 1 | FG40: 0 | FH40: 327 | FI40: 72 | FJ40: 0.2856299 | FK40: 86.388205 | FL40: 385 | FM40: -14 | FN40: 0.256869 | FO40: 28.005421 | FP40: 217 | FQ40: -20 | FR40: 0.0003878 | FS40: 97.985015 | FT40: 324 | FU40: 34 | FV40: 0.0474436 | FW40: 94.273444 | FX40: 379 | FY40: 14 | FZ40: 0.0002881 | GA40: 1.9664858 | GB40: 334 | GC40: -276 | GD40: 0.5621505 | GE40: 32.65985 | GF40: 344 | GG40: -29 | GH40: 0.2551538 | GI40: 18.438072 | GJ40: 288 | GK40: -33 | GL40: -0.0306884 | GM40: 20.290227 | GN40: 401 | GO40: -322 | GP40: 0.038007 | GQ40: 0.023905909 | GR40: 226 | GS40: -20 | GT40: 0.0040664 | GU40: 2.9009126 | GV40: 370 | GW40: -19 | GX40: 11783.12 | GY40: 7.6725691 | GZ40: 181 | HA40: 3 | HB40: 33649.84 | HC40: 7.3448697 | HD40: 225 | HE40: -10 | HF40: 0.4285418 | HG40: 28.021918 | HH40: 19 | HI40: -1 | HJ40: 0.9131768 | HK40: 29.161525 | HL40: 375 | HM40: -19 | HN40: 2759.9325 | HO40: 28.65502 | HP40: 230 | HQ40: -117 | HR40: -0.2208606 | HS40: 38.654744 | HT40: 373 | HU40: -352 | HV40: 0.0914337 | HW40: 21.541354 | HX40: 174 | HY40: -39 | HZ40: 0.4098399 | IA40: 14.403586 | IB40: 282 | IC40: -3 | ID40: 0.1205403 | IE40: 17.592593 | IF40: 397 | IG40: -22 | IH40: 86.71656 | II40: 34.131908 | IJ40: 370 | IK40: -8 | IL40: 0.9695702 | IM40: 99.056441 | IN40: 3 | IO40: 42 | IP40: 47.85984 | IQ40: 71.826995 | IR40: 10 | IS40: 29 | IT40: 0.8588905 | IU40: 83.231279 | IV40: 266 | IW40: -33 | IX40: 0.8582287 | IY40: 74.412247 | IZ40: 393 | JA40: -29
A41: Bacabal | B41: 0.8681571 | C41: 8.4310976 | D41: 394 | E41: -8 | F41: 0.2130247 | G41: 64.48682 | H41: 14 | I41: 23 | J41: 0.423 | K41: 57.978723 | L41: 112 | M41: 108 | N41: 0.1822 | O41: 27.455192 | P41: 282 | Q41: -122 | R41: 0.0760854 | S41: 84.093847 | T41: 122 | U41: 122 | V41: 0.0154377 | W41: 82.207056 | X41: 88 | Y41: 27 | Z41: 0.77653326 | AA41: 74.08504 | AB41: 284 | AC41: 28 | AD41: 7 | AE41: 96.898771 | AF41: 38 | AG41: 12 | AH41: 0.1807967 | AI41: 18.956215 | AJ41: 410 | AK41: -31 | AL41: 6.62 | AM41: 54.076087 | AN41: 233 | AO41: -5 | AP41: 1.7964 | AQ41: 97.951583 | AR41: 2 | AS41: 117 | AT41: 0.0463761 | AU41: 6.1291425 | AV41: 397 | AW41: -15 | AX41: 0.7740636 | AY41: 44.681202 | AZ41: 329 | BA41: -242 | BB41: 0.6278409 | BC41: 49.555238 | BD41: 386 | BE41: -7 | BF41: 142.04546 | BG41: 43.418557 | BH41: 382 | BI41: -381 | BJ41: 0.022 | BK41: 80.829016 | BL41: 253 | BM41: 93 | BN41: 0.0508 | BO41: 76.853333 | BP41: 212 | BQ41: 103 | BR41: 13.49432 | BS41: 71.663445 | BT41: 197 | BU41: -62 | BV41: 200.51089 | BW41: 43.30369 | BX41: 326 | BY41: -12 | BZ41: 0.6214202 | CA41: 42.916196 | CB41: 134 | CC41: 9 | CD41: 0.8645658 | CE41: 38.501044 | CF41: 387 | CG41: -19 | CH41: 0.6987332 | CI41: 33.390997 | CJ41: 301 | CK41: 9 | CL41: 0.0201309 | CM41: 2.3310585 | CN41: 408 | CO41: -21 | CP41: 0.5964423 | CQ41: 67.340331 | CR41: 5 | CS41: -1 | CT41: 0.1874112 | CU41: 21.320837 | CV41: 188 | CW41: 97 | CX41: 5.4 | CY41: 28.813559 | CZ41: 299 | DA41: -5 | DB41: 5 | DC41: 43.137255 | DD41: 159 | DE41: 173 | DF41: 3.8 | DG41: 50 | DH41: 326 | DI41: -27 | DJ41: 517.1198 | DK41: 33.862936 | DL41: 368 | DM41: -12 | DN41: 42.42559 | DO41: 60.047591 | DP41: 350 | DQ41: -49 | DR41: 0.0222222 | DS41: 97.61905 | DT41: 50 | DU41: -49 | DV41: 115.2516 | DW41: 64.110954 | DX41: 335 | DY41: 0 | DZ41: 44.354023 | EA41: 65.575177 | EB41: 395 | EC41: -14 | ED41: 2.6946664 | EE41: 97.146647 | EF41: 62 | EG41: -14 | EH41: 0.9948 | EI41: 99.436192 | EJ41: 54 | EK41: 283 | EL41: .n | EM41: 0 | EN41: 401 | EO41: -393 | EP41: .n | EQ41: 0 | ER41: 402 | ES41: -385 | ET41: 0.0109 | EU41: 0.64289302 | EV41: 382 | EW41: -23 | EX41: .n | EY41: 0 | EZ41: 368 | FA41: -4 | FB41: 1 | FC41: 100 | FD41: 1 | FE41: 0 | FF41: 1 | FG41: 0 | FH41: 327 | FI41: 37 | FJ41: 0.5401707 | FK41: 84.124618 | FL41: 400 | FM41: -14 | FN41: 0.1175898 | FO41: 12.820355 | FP41: 350 | FQ41: -33 | FR41: 0 | FS41: 100 | FT41: 1 | FU41: 0 | FV41: 0 | FW41: 100 | FX41: 1 | FY41: 0 | FZ41: 0.0008837 | GA41: 6.031876 | GB41: 240 | GC41: -221 | GD41: 0.6581212 | GE41: 18.911693 | GF41: 395 | GG41: -12 | GH41: 0.1426775 | GI41: 6.1217256 | GJ41: 394 | GK41: -8 | GL41: 0.2122248 | GM41: 45.308838 | GN41: 24 | GO41: 214 | GP41: 0 | GQ41: 0 | GR41: 232 | GS41: -7 | GT41: 0.0044958 | GU41: 3.2211893 | GV41: 358 | GW41: 2 | GX41: 9766.016 | GY41: 6.3251648 | GZ41: 229 | HA41: 6 | HB41: 14412.92 | HC41: 1.7106088 | HD41: 388 | HE41: -13 | HF41: 0.1145381 | HG41: 10.918552 | HH41: 244 | HI41: -8 | HJ41: 0.6968871 | HK41: 23.516261 | HL41: 399 | HM41: -12 | HN41: 2011.6422 | HO41: 15.887202 | HP41: 395 | HQ41: -31 | HR41: -0.1410642 | HS41: 46.728903 | HT41: 327 | HU41: -90 | HV41: 0.0785328 | HW41: 18.289336 | HX41: 221 | HY41: 29 | HZ41: 0.8453911 | IA41: 31.138513 | IB41: 68 | IC41: 10 | ID41: 0.1176834 | IE41: 16.787758 | IF41: 402 | IG41: -28 | IH41: 74.68965 | II41: 23.130656 | IJ41: 399 | IK41: -13 | IL41: 0.8984586 | IM41: 83.206776 | IN41: 47 | IO41: -23 | IP41: 8.842222 | IQ41: 11.601865 | IR41: 402 | IS41: -17 | IT41: 0.981715 | IU41: 98.375324 | IV41: 49 | IW41: 13 | IX41: 0.956074 | IY41: 93.324968 | IZ41: 203 | JA41: 14
A42: Balsas | B42: 0.7745142 | C42: 22.766477 | D42: 329 | E42: -17 | F42: 0.0923442 | G42: 26.967576 | H42: 185 | I42: -92 | J42: 0.5468 | K42: 36.028369 | L42: 374 | M42: -36 | N42: 0.0832 | O42: 29.817904 | P42: 227 | Q42: -88 | R42: 0.0832819 | S42: 81.884468 | T42: 151 | U42: 15 | V42: 0.0336034 | W42: 57.13501 | X42: 370 | Y42: 9 | Z42: 0.84242897 | AA42: 81.746128 | AB42: 229 | AC42: -13 | AD42: 15.3 | AE42: 92.04213 | AF42: 146 | AG42: -15 | AH42: 0.4887235 | AI42: 52.828778 | AJ42: 228 | AK42: -47 | AL42: 6.97 | AM42: 58.831522 | AN42: 209 | AO42: -4 | AP42: 1.0661 | AQ42: 52.619491 | AR42: 96 | AS42: -95 | AT42: 0.0793824 | AU42: 11.26873 | AV42: 367 | AW42: -4 | AX42: 0.6811364 | AY42: 33.051559 | AZ42: 385 | BA42: -64 | BB42: 0.6998911 | BC42: 60.332165 | BD42: 328 | BE42: -42 | BF42: 108.93246 | BG42: 56.608569 | BH42: 350 | BI42: 7 | BJ42: 0.0169 | BK42: 86.11399 | BL42: 184 | BM42: -53 | BN42: 0.0348 | BO42: 85.386667 | BP42: 64 | BQ42: 43 | BR42: 18.51852 | BS42: 55.790812 | BT42: 361 | BU42: -147 | BV42: 221.01038 | BW42: 32.913754 | BX42: 379 | BY42: -55 | BZ42: 0.4233162 | CA42: 18.412912 | CB42: 352 | CC42: -13 | CD42: 0.9758534 | CE42: 59.299697 | CF42: 171 | CG42: 37 | CH42: 0.572621 | CI42: 22.111777 | CJ42: 394 | CK42: -19 | CL42: 0.0480851 | CM42: 5.5680164 | CN42: 388 | CO42: -15 | CP42: 0.0953278 | CQ42: 10.101887 | CR42: 201 | CS42: 1 | CT42: 0.2636481 | CU42: 30.163 | CV42: 117 | CW42: 30 | CX42: 4.9 | CY42: 20.338983 | CZ42: 364 | DA42: 6 | DB42: 4.2 | DC42: 27.45098 | DD42: 348 | DE42: 19 | DF42: 4.1 | DG42: 60.714286 | DH42: 250 | DI42: -26 | DJ42: 527.5572 | DK42: 40.47209 | DL42: 327 | DM42: -12 | DN42: 47.16656 | DO42: 55.498139 | DP42: 365 | DQ42: -33 | DR42: 0.0588235 | DS42: 93.697482 | DT42: 108 | DU42: -18 | DV42: 153.3582 | DW42: 51.628477 | DX42: 377 | DY42: -66 | DZ42: 55.02766 | EA42: 57.21389 | EB42: 403 | EC42: -28 | ED42: 25.92041 | EE42: 71.822995 | EF42: 375 | EG42: 17 | EH42: 0.8944 | EI42: 88.550363 | EJ42: 265 | EK42: 32 | EL42: 0.2704 | EM42: 73.607748 | EN42: 108 | EO42: 221 | EP42: 0.6025 | EQ42: 25.490573 | ER42: 340 | ES42: 1 | ET42: 0.0311 | EU42: 2.6720241 | EV42: 375 | EW42: -13 | EX42: 0.012 | EY42: 0.62995433 | EZ42: 363 | FA42: -14 | FB42: 0.87 | FC42: 80.359571 | FD42: 350 | FE42: 25 | FF42: 1 | FG42: 0 | FH42: 327 | FI42: 58 | FJ42: 0.5080606 | FK42: 84.410168 | FL42: 399 | FM42: -14 | FN42: 0.5900456 | FO42: 64.330361 | FP42: 62 | FQ42: -6 | FR42: 0.0124403 | FS42: 35.360962 | FT42: 416 | FU42: -12 | FV42: 0.3795672 | FW42: 54.185331 | FX42: 416 | FY42: -15 | FZ42: 0.0017245 | GA42: 11.770929 | GB42: 143 | GC42: 31 | GD42: 0.6005617 | GE42: 27.157304 | GF42: 368 | GG42: -36 | GH42: 0.3727551 | GI42: 31.315615 | GJ42: 156 | GK42: -17 | GL42: 0.041983 | GM42: 27.774948 | GN42: 251 | GO42: -235 | GP42: 0.1781439 | GQ42: 0.1120502 | GR42: 202 | GS42: 23 | GT42: 0.0098341 | GU42: 7.2028677 | GV42: 221 | GW42: -46 | GX42: 41936.98 | GY42: 27.815032 | GZ42: 16 | HA42: 2 | HB42: 65059.77 | HC42: 16.544458 | HD42: 65 | HE42: -2 | HF42: 0.3078393 | HG42: 21.447413 | HH42: 39 | HI42: -1 | HJ42: 0.7236652 | HK42: 24.215182 | HL42: 395 | HM42: -22 | HN42: 2454.6058 | HO42: 23.445336 | HP42: 301 | HQ42: 21 | HR42: -0.0227129 | HS42: 58.704219 | HT42: 101 | HU42: 251 | HV42: 0.0397226 | HW42: 8.5061824 | HX42: 375 | HY42: -2 | HZ42: 0.5639415 | IA42: 20.324541 | IB42: 220 | IC42: -1 | ID42: 0.1520393 | IE42: 26.466376 | IF42: 307 | IG42: -54 | IH42: 103.4649 | II42: 49.451946 | IJ42: 237 | IK42: 46 | IL42: 0.9726155 | IM42: 99.735191 | IN42: 2 | IO42: 8 | IP42: 19.47047 | IQ42: 28.006957 | IR42: 326 | IS42: -20 | IT42: 0.8872053 | IU42: 86.722444 | IV42: 243 | IW42: -73 | IX42: 0.9200755 | IY42: 86.366743 | IZ42: 337 | JA42: -112
A43: Barra do Corda | B43: 0.8875279 | C43: 5.4657071 | D43: 402 | E43: -12 | F43: 0.1848869 | G43: 55.738854 | H43: 28 | I43: 76 | J43: 0.5253 | K43: 39.840426 | L43: 342 | M43: -42 | N43: 0 | O43: 31.803537 | P43: 154 | Q43: 38 | R43: 0.1193282 | S43: 70.817982 | T43: 258 | U43: -43 | V43: .n | W43: 0 | X43: 402 | Y43: -14 | Z43: 0.91727304 | AA43: 90.447559 | AB43: 110 | AC43: 243 | AD43: 11.1 | AE43: 94.499707 | AF43: 92 | AG43: 35 | AH43: 0.4733376 | AI43: 51.136299 | AJ43: 250 | AK43: -142 | AL43: 5.65 | AM43: 40.896739 | AN43: 314 | AO43: -8 | AP43: 1.1179 | AQ43: 55.834885 | AR43: 71 | AS43: 85 | AT43: 0.0130258 | AU43: 0.93598932 | AV43: 413 | AW43: -14 | AX43: 0.7073272 | AY43: 36.329282 | AZ43: 375 | BA43: -73 | BB43: 0.6859735 | BC43: 58.250436 | BD43: 344 | BE43: -19 | BF43: 139.56734 | BG43: 44.405675 | BH43: 377 | BI43: -376 | BJ43: 0.0526 | BK43: 49.119171 | BL43: 407 | BM43: -24 | BN43: 0.0919 | BO43: 54.933333 | BP43: 396 | BQ43: -19 | BR43: 18.14375 | BS43: 56.974798 | BT43: 351 | BU43: -10 | BV43: 212.70441 | BW43: 37.123541 | BX43: 362 | BY43: -250 | BZ43: 0.5091749 | CA43: 29.032688 | CB43: 269 | CC43: -30 | CD43: 0.9607805 | CE43: 56.482707 | CF43: 222 | CG43: 41 | CH43: 0.5389555 | CI43: 19.100803 | CJ43: 403 | CK43: -13 | CL43: 0.0771074 | CM43: 8.928655 | CN43: 349 | CO43: 44 | CP43: 0.0738334 | CQ43: 7.6467479 | CR43: 245 | CS43: 11 | CT43: 0.0815047 | CU43: 9.0375128 | CV43: 331 | CW43: -189 | CX43: 5.1 | CY43: 23.728814 | CZ43: 344 | DA43: 26 | DB43: 4.3 | DC43: 29.411765 | DD43: 328 | DE43: 63 | DF43: 4.1 | DG43: 60.714286 | DH43: 250 | DI43: 56 | DJ43: 515.5897 | DK43: 32.894049 | DL43: 374 | DM43: -12 | DN43: 37.85549 | DO43: 64.433076 | DP43: 336 | DQ43: -156 | DR43: 0.030303 | DS43: 96.75325 | DT43: 60 | DU43: -59 | DV43: 37.834 | DW43: 89.470431 | DX43: 92 | DY43: 48 | DZ43: 22.476696 | EA43: 82.712972 | EB43: 288 | EC43: -63 | ED43: 71.630623 | EE43: 21.983921 | EF43: 417 | EG43: -16 | EH43: 0.3311 | EI43: 27.474791 | EJ43: 403 | EK43: -10 | EL43: 0.717 | EM43: 28.551251 | EN43: 392 | EO43: 7 | EP43: 0.7614 | EQ43: 15.300757 | ER43: 383 | ES43: 13 | ET43: .n | EU43: 0 | EV43: 387 | EW43: -8 | EX43: .n | EY43: 0 | EZ43: 368 | FA43: -4 | FB43: 0.8906 | FC43: 83.471824 | FD43: 340 | FE43: -62 | FF43: 1 | FG43: 0 | FH43: 327 | FI43: 47 | FJ43: 1.020117 | FK43: 79.856539 | FL43: 407 | FM43: -14 | FN43: 0.7046766 | FO43: 76.82813 | FP43: 32 | FQ43: 1 | FR43: 0.0072408 | FS43: 62.377246 | FT43: 411 | FU43: -14 | FV43: 0.1354128 | FW43: 83.655351 | FX43: 405 | FY43: -19 | FZ43: 0.0014356 | GA43: 9.798983 | GB43: 171 | GC43: -155 | GD43: 0.6708984 | GE43: 17.081312 | GF43: 399 | GG43: -18 | GH43: 0.1356765 | GI43: 5.3551042 | GJ43: 399 | GK43: -15 | GL43: 0.1075785 | GM43: 34.530893 | GN43: 77 | GO43: -76 | GP43: 0 | GQ43: 0 | GR43: 232 | GS43: -7 | GT43: 0.0035149 | GU43: 2.4895653 | GV43: 379 | GW43: 5 | GX43: 5696.907 | GY43: 3.6070425 | GZ43: 328 | HA43: -14 | HB43: 10004.24 | HC43: 0.41935981 | HD43: 414 | HE43: -14 | HF43: 0.1904842 | HG43: 15.055235 | HH43: 103 | HI43: -4 | HJ43: -0.0554409 | HK43: 3.8801413 | HL43: 416 | HM43: -12 | HN43: 2625.3723 | HO43: 26.359066 | HP43: 260 | HQ43: 85 | HR43: 0.0772643 | HS43: 68.820362 | HT43: 5 | HU43: 5 | HV43: 0.0548712 | HW43: 12.324794 | HX43: 326 | HY43: -19 | HZ43: 0.2922164 | IA43: 9.8842075 | IB43: 331 | IC43: -14 | ID43: 0.3076743 | IE43: 70.311297 | IF43: 12 | IG43: -7 | IH43: 75.4129 | II43: 23.792227 | IJ43: 398 | IK43: -13 | IL43: 0.9738036 | IM43: 100 | IN43: 1 | IO43: 7 | IP43: 12.74295 | IQ43: 17.622782 | IR43: 380 | IS43: -9 | IT43: 0.9704618 | IU43: 96.987824 | IV43: 91 | IW43: 118 | IX43: 0.6155568 | IY43: 27.505693 | IZ43: 414 | JA43: -12
A44: Caxias | B44: 0.8478726 | C44: 11.536362 | D44: 385 | E44: -8 | F44: 0.0567887 | G44: 15.913466 | H44: 299 | I44: 45 | J44: 0.4884 | K44: 46.382979 | L44: 263 | M44: 66 | N44: 0.202 | O44: 26.98265 | P44: 292 | Q44: 7 | R44: 0.1036184 | S44: 75.641009 | T44: 226 | U44: 36 | V44: 0.014761 | W44: 83.141027 | X44: 78 | Y44: 8 | Z44: 0.70234754 | AA44: 65.460149 | AB44: 335 | AC44: 25 | AD44: 12.8 | AE44: 93.504974 | AF44: 114 | AG44: -3 | AH44: 0.2113547 | AI44: 22.317656 | AJ44: 407 | AK44: -233 | AL44: 2.96 | AM44: 4.3478261 | AN44: 415 | AO44: -13 | AP44: 1.2623 | AQ44: 64.798262 | AR44: 34 | AS44: 61 | AT44: 0.0738429 | AU44: 10.406145 | AV44: 375 | AW44: -14 | AX44: 0.7915909 | AY44: 46.874707 | AZ44: 306 | BA44: -18 | BB44: 0.7158082 | BC44: 62.712969 | BD44: 307 | BE44: 32 | BF44: 222.02487 | BG44: 11.560092 | BH44: 413 | BI44: -22 | BJ44: 0.0311 | BK44: 71.398964 | BL44: 341 | BM44: -25 | BN44: 0.0493 | BO44: 77.653333 | BP44: 197 | BQ44: 68 | BR44: 19.09414 | BS44: 53.972292 | BT44: 374 | BU44: -19 | BV44: 238.04471 | BW44: 24.280095 | BX44: 395 | BY44: -43 | BZ44: 0.4332651 | CA44: 19.643481 | CB44: 338 | CC44: -9 | CD44: 0.885449 | CE44: 42.403927 | CF44: 368 | CG44: -18 | CH44: 0.6724941 | CI44: 31.044225 | CJ44: 330 | CK44: -19 | CL44: 0.017806 | CM44: 2.0618466 | CN44: 409 | CO44: -84 | CP44: 0.1327605 | CQ44: 14.377536 | CR44: 134 | CS44: -88 | CT44: 0.1093068 | CU44: 12.262076 | CV44: 296 | CW44: 22 | CX44: 5.2 | CY44: 25.423729 | CZ44: 331 | DA44: -10 | DB44: 4.2 | DC44: 27.45098 | DD44: 348 | DE44: -16 | DF44: 3.8 | DG44: 50 | DH44: 326 | DI44: -20 | DJ44: 501.6927 | DK44: 24.094213 | DL44: 397 | DM44: -13 | DN44: 61.15701 | DO44: 42.072853 | DP44: 397 | DQ44: -35 | DR44: 0.0103093 | DS44: 98.895432 | DT44: 43 | DU44: 89 | DV44: 160.4763 | DW44: 49.29682 | DX44: 381 | DY44: -41 | DZ44: 31.215559 | EA44: 75.867308 | EB44: 353 | EC44: 15 | ED44: 0.67307925 | EE44: 99.350837 | EF44: 17 | EG44: -8 | EH44: 0.8595 | EI44: 84.766345 | EJ44: 294 | EK44: -2 | EL44: 0.6166 | EM44: 38.680387 | EN44: 367 | EO44: -19 | EP44: 0.5088 | EQ44: 31.499295 | ER44: 297 | ES44: 53 | ET44: 0.1554 | EU44: 15.158212 | EV44: 343 | EW44: 11 | EX44: 0.1659 | EY44: 8.7091186 | EZ44: 305 | FA44: 24 | FB44: 0.7485 | FC44: 62.003324 | FD44: 385 | FE44: -46 | FF44: 1 | FG44: 0 | FH44: 327 | FI44: 66 | FJ44: 1.239876 | FK44: 77.902261 | FL44: 409 | FM44: -14 | FN44: 0.7550609 | FO44: 82.321333 | FP44: 23 | FQ44: -1 | FR44: 0.0192458 | FS44: 0 | FT44: 418 | FU44: -15 | FV44: 0.2770588 | FW44: 66.55834 | FX44: 413 | FY44: -13 | FZ44: 0.0043638 | GA44: 29.786014 | GB44: 41 | GC44: 26 | GD44: 0.5493857 | GE44: 34.488455 | GF44: 333 | GG44: 3 | GH44: 0.1163419 | GI44: 3.2379325 | GJ44: 409 | GK44: -15 | GL44: 0.029574 | GM44: 26.496895 | GN44: 303 | GO44: -194 | GP44: 0 | GQ44: 0 | GR44: 232 | GS44: -7 | GT44: 0.0061451 | GU44: 4.4513529 | GV44: 309 | GW44: -40 | GX44: 8537.572 | GY44: 5.504577 | GZ44: 254 | HA44: -6 | HB44: 12716.38 | HC44: 1.2137128 | HD44: 402 | HE44: -14 | HF44: 0.1016663 | HG44: 10.217442 | HH44: 283 | HI44: -10 | HJ44: 0.8259149 | HK44: 26.883948 | HL44: 386 | HM44: -7 | HN44: 2217.4915 | HO44: 19.399537 | HP44: 362 | HQ44: 10 | HR44: -0.0307653 | HS44: 57.889441 | HT44: 122 | HU44: 5 | HV44: 0.0889724 | HW44: 20.920917 | HX44: 184 | HY44: -9 | HZ44: 0.5173395 | IA44: 18.53398 | IB44: 240 | IC44: -20 | ID44: 0.1578421 | IE44: 28.101119 | IF44: 285 | IG44: -254 | IH44: 70.84404 | II44: 19.613 | IJ44: 407 | IK44: -12 | IL44: 0.8863783 | IM44: 80.514266 | IN44: 52 | IO44: -4 | IP44: 13.17767 | IQ44: 18.293789 | IR44: 375 | IS44: -2 | IT44: 0.9473904 | IU44: 94.143161 | IV44: 169 | IW44: -119 | IX44: 0.955052 | IY44: 93.127423 | IZ44: 212 | JA44: 66
A45: Chapadinha | B45: 0.8239127 | C45: 15.204278 | D45: 375 | E45: -14 | F45: 0.138731 | G45: 41.389108 | H45: 68 | I45: 97 | J45: 0.5485 | K45: 35.72695 | L45: 375 | M45: -52 | N45: 0 | O45: 31.803537 | P45: 154 | Q45: 68 | R45: 0.0754188 | S45: 84.298499 | T45: 115 | U45: 11 | V45: 0.015069 | W45: 82.71593 | X45: 84 | Y45: 1 | Z45: 0.72214137 | AA45: 67.761395 | AB45: 318 | AC45: -18 | AD45: 22.7 | AE45: 87.712112 | AF45: 233 | AG45: -64 | AH45: 0.5834522 | AI45: 63.249125 | AJ45: 112 | AK45: -76 | AL45: 5 | AM45: 32.065217 | AN45: 354 | AO45: -10 | AP45: 1.2041 | AQ45: 61.185599 | AR45: 48 | AS45: -47 | AT45: 0.0176599 | AU45: 1.6575898 | AV45: 410 | AW45: -14 | AX45: 0.7553364 | AY45: 42.337532 | AZ45: 353 | BA45: -149 | BB45: 0.7248804 | BC45: 64.069946 | BD45: 292 | BE45: 52 | BF45: 0 | BG45: 100 | BH45: 1 | BI45: 295 | BJ45: 0.0258 | BK45: 76.891192 | BL45: 296 | BM45: 1 | BN45: 0.0599 | BO45: 72 | BP45: 284 | BQ45: 46 | BR45: 9.569379 | BS45: 84.06326 | BT45: 56 | BU45: 262 | BV45: 144.12932 | BW45: 71.880054 | BX45: 98 | BY45: 181 | BZ45: 0.5659858 | CA45: 36.059571 | CB45: 198 | CC45: 5 | CD45: 0.8767306 | CE45: 40.774536 | CF45: 375 | CG45: -9 | CH45: 0.6073808 | CI45: 25.220623 | CJ45: 377 | CK45: 3 | CL45: 0.0484591 | CM45: 5.6113237 | CN45: 387 | CO45: 8 | CP45: 0.5393464 | CQ45: 60.818707 | CR45: 7 | CS45: -2 | CT45: 0.2510471 | CU45: 28.701502 | CV45: 132 | CW45: 1 | CX45: 4.6 | CY45: 15.254237 | CZ45: 386 | DA45: 12 | DB45: 4 | DC45: 23.529412 | DD45: 371 | DE45: 20 | DF45: 3.8 | DG45: 50 | DH45: 326 | DI45: -33 | DJ45: 490.094 | DK45: 16.749703 | DL45: 407 | DM45: -14 | DN45: 33.17524 | DO45: 68.924261 | DP45: 313 | DQ45: 9 | DR45: 0.0357143 | DS45: 96.173468 | DT45: 71 | DU45: -70 | DV45: 79.72987 | DW45: 75.746713 | DX45: 255 | DY45: 44 | DZ45: 4.9148502 | EA45: 96.470198 | EB45: 41 | EC45: 270 | ED45: 17.814304 | EE45: 80.6613 | EF45: 308 | EG45: -149 | EH45: 0.2384 | EI45: 17.423832 | EJ45: 407 | EK45: -18 | EL45: 0.6727 | EM45: 33.020581 | EN45: 381 | EO45: 5 | EP45: 0.6854 | EQ45: 20.174426 | ER45: 370 | ES45: 12 | ET45: .n | EU45: 0 | EV45: 387 | EW45: -8 | EX45: .n | EY45: 0 | EZ45: 368 | FA45: -4 | FB45: 0.6691 | FC45: 50.007554 | FD45: 391 | FE45: 8 | FF45: 1 | FG45: 0 | FH45: 327 | FI45: 28 | FJ45: 0.5581127 | FK45: 83.965063 | FL45: 401 | FM45: -14 | FN45: 0.8641035 | FO45: 94.209821 | FP45: 12 | FQ45: -9 | FR45: 0.012171 | FS45: 36.760228 | FT45: 415 | FU45: -16 | FV45: 0.2303917 | FW45: 72.191171 | FX45: 411 | FY45: -15 | FZ45: 0.0012281 | GA45: 8.3826491 | GB45: 192 | GC45: -12 | GD45: 0.7420726 | GE45: 6.8853453 | GF45: 413 | GG45: -13 | GH45: 0.0975229 | GI45: 1.17722 | GJ45: 415 | GK45: -16 | GL45: 0.1024244 | GM45: 34.000051 | GN45: 84 | GO45: 22 | GP45: 0 | GQ45: 0 | GR45: 232 | GS45: -7 | GT45: 0.0044323 | GU45: 3.1738265 | GV45: 361 | GW45: -4 | GX45: 10290 | GY45: 6.6751806 | GZ45: 217 | HA45: -4 | HB45: 11083.69 | HC45: 0.73551764 | HD45: 410 | HE45: -14 | HF45: 0.1207834 | HG45: 11.258725 | HH45: 229 | HI45: -6 | HJ45: 0.13264 | HK45: 8.7891425 | HL45: 414 | HM45: -13 | HN45: 2672.1997 | HO45: 27.158066 | HP45: 250 | HQ45: 48 | HR45: 0.0202563 | HS45: 63.052036 | HT45: 35 | HU45: 56 | HV45: 0.0403021 | HW45: 8.652261 | HX45: 373 | HY45: 16 | HZ45: 0.4160794 | IA45: 14.643323 | IB45: 275 | IC45: -16 | ID45: 0.3153768 | IE45: 72.481217 | IF45: 11 | IG45: 3 | IH45: 72.46384 | II45: 21.094663 | IJ45: 405 | IK45: -13 | IL45: 0.9547824 | IM45: 95.760471 | IN45: 13 | IO45: 104 | IP45: 6.978456 | IQ45: 8.7250735 | IR45: 411 | IS45: -10 | IT45: 0.9162696 | IU45: 90.306021 | IV45: 212 | IW45: 188 | IX45: 0.9125255 | IY45: 84.907388 | IZ45: 346 | JA45: 57
A46: Codó | B46: 0.8803795 | C46: 6.5600242 | D46: 401 | E46: -13 | F46: 0.025078 | G46: 6.0546943 | H46: 387 | I46: -54 | J46: 0.5455 | K46: 36.258865 | L46: 368 | M46: -34 | N46: 0.2923 | O46: 24.82757 | P46: 329 | Q46: -10 | R46: 0.0867108 | S46: 80.831769 | T46: 165 | U46: 10 | V46: 0.015033 | W46: 82.765617 | X46: 82 | Y46: 36 | Z46: 0.89132883 | AA46: 87.431265 | AB46: 172 | AC46: -91 | AD46: 60.3 | AE46: 65.710942 | AF46: 399 | AG46: -21 | AH46: 0.4462284 | AI46: 48.154232 | AJ46: 277 | AK46: -7 | AL46: 3.68 | AM46: 14.130435 | AN46: 400 | AO46: -12 | AP46: 1.23 | AQ46: 62.793296 | AR46: 39 | AS46: 121 | AT46: 0.0278541 | AU46: 3.244983 | AV46: 405 | AW46: -14 | AX46: 0.6161364 | AY46: 24.916946 | AZ46: 407 | BA46: -35 | BB46: 0.7155904 | BC46: 62.680391 | BD46: 308 | BE46: 14 | BF46: 195.69472 | BG46: 22.048268 | BH46: 408 | BI46: -136 | BJ46: 0.5188 | BK46: 0 | BL46: 417 | BM46: -13 | BN46: 0.0074 | BO46: 100 | BP46: 1 | BQ46: 9 | BR46: 15.00326 | BS46: 66.896347 | BT46: 261 | BU46: -15 | BV46: 203.38121 | BW46: 41.8489 | BX46: 334 | BY46: -64 | BZ46: 0.4814008 | CA46: 25.597337 | CB46: 295 | CC46: 0 | CD46: 0.8654742 | CE46: 38.670816 | CF46: 385 | CG46: -13 | CH46: 0.5984482 | CI46: 24.42171 | CJ46: 381 | CK46: -10 | CL46: 0.0959724 | CM46: 11.113129 | CN46: 339 | CO46: -33 | CP46: 0.4327353 | CQ46: 48.641343 | CR46: 16 | CS46: 2 | CT46: 0.1875123 | CU46: 21.332563 | CV46: 187 | CW46: -17 | CX46: 4.5 | CY46: 13.559322 | CZ46: 397 | DA46: -44 | DB46: 4 | DC46: 23.529412 | DD46: 371 | DE46: -4 | DF46: 4 | DG46: 57.142857 | DH46: 286 | DI46: -13 | DJ46: 483.5319 | DK46: 12.59446 | DL46: 412 | DM46: -14 | DN46: 20.12689 | DO46: 81.445505 | DP46: 201 | DQ46: -1 | DR46: 0.1153846 | DS46: 87.637364 | DT46: 190 | DU46: 6 | DV46: 67.84261 | DW46: 79.640591 | DX46: 220 | DY46: -201 | DZ46: 21.87705 | EA46: 83.18271 | EB46: 285 | EC46: -120 | ED46: 20.964539 | EE46: 77.226514 | EF46: 346 | EG46: -7 | EH46: 0.7522 | EI46: 73.132386 | EJ46: 353 | EK46: -158 | EL46: 0.6047 | EM46: 39.880952 | EN46: 363 | EO46: -2 | EP46: 0.6047 | EQ46: 25.349493 | ER46: 343 | ES46: 13 | ET46: 0.0949 | EU46: 9.0808639 | EV46: 355 | EW46: -12 | EX46: 0 | EY46: 0 | EZ46: 368 | FA46: -4 | FB46: 0.698 | FC46: 54.373772 | FD46: 389 | FE46: 4 | FF46: 1 | FG46: 0 | FH46: 327 | FI46: 64 | FJ46: 1.078202 | FK46: 79.339999 | FL46: 408 | FM46: -14 | FN46: 0.6414166 | FO46: 69.93114 | FP46: 49 | FQ46: -6 | FR46: 0.0097909 | FS46: 49.127082 | FT46: 414 | FU46: -14 | FV46: 0.1581026 | FW46: 80.916638 | FX46: 408 | FY46: -16 | FZ46: 0.003831 | GA46: 26.149278 | GB46: 51 | GC46: -18 | GD46: 0.6486242 | GE46: 20.272173 | GF46: 388 | GG46: -23 | GH46: 0.1604111 | GI46: 8.063585 | GJ46: 381 | GK46: -2 | GL46: 0.2565488 | GM46: 49.873946 | GN46: 16 | GO46: 379 | GP46: 0 | GQ46: 0 | GR46: 232 | GS46: -7 | GT46: 0.0041548 | GU46: 2.9668476 | GV46: 368 | GW46: -35 | GX46: 4524.944 | GY46: 2.8241834 | GZ46: 358 | HA46: -7 | HB46: 13364.78 | HC46: 1.4036213 | HD46: 398 | HE46: -14 | HF46: 0.4119736 | HG46: 27.11947 | HH46: 22 | HI46: -1 | HJ46: 0.8560163 | HK46: 27.669609 | HL46: 384 | HM46: -6 | HN46: 1755.2774 | HO46: 11.512938 | HP46: 408 | HQ46: -45 | HR46: -0.2513349 | HS46: 35.571217 | HT46: 385 | HU46: -214 | HV46: 0.0634989 | HW46: 14.499638 | HX46: 277 | HY46: -9 | HZ46: 0.4212043 | IA46: 14.840234 | IB46: 270 | IC46: 24 | ID46: 0.2585465 | IE46: 56.471193 | IF46: 41 | IG46: 27 | IH46: 56.1689 | II46: 6.1893598 | IJ46: 416 | IK46: -13 | IL46: 0.8493943 | IM46: 72.271109 | IN46: 63 | IO46: 29 | IP46: 6.650323 | IQ46: 8.2185881 | IR46: 412 | IS46: -25 | IT46: 0.9030126 | IU46: 88.671457 | IV46: 227 | IW46: -31 | IX46: 0.9018686 | IY46: 82.847494 | IZ46: 365 | JA46: -41
A47: Imperatriz | B47: 0.8008333 | C47: 18.737402 | D47: 354 | E47: -11 | F47: 0.0387889 | G47: 10.317376 | H47: 356 | I47: 9 | J47: 0.6261 | K47: 21.968085 | L47: 402 | M47: -18 | N47: 0.3181 | O47: 24.211833 | P47: 338 | Q47: -28 | R47: 0.07444 | S47: 84.598997 | T47: 113 | U47: -54 | V47: 0.0315309 | W47: 59.995445 | X47: 356 | Y47: -5 | Z47: 0.82166493 | AA47: 79.332084 | AB47: 250 | AC47: 132 | AD47: 7.3 | AE47: 96.72323 | AF47: 46 | AG47: -8 | AH47: 0.5659705 | AI47: 61.326103 | AJ47: 131 | AK47: -24 | AL47: 9.1 | AM47: 87.771739 | AN47: 76 | AO47: 0 | AP47: 0.9023 | AQ47: 42.451893 | AR47: 199 | AS47: -96 | AT47: 0.1721013 | AU47: 25.706484 | AV47: 283 | AW47: -7 | AX47: 0.7189909 | AY47: 37.78897 | AZ47: 371 | BA47: -118 | BB47: 0.6754579 | BC47: 56.677563 | BD47: 351 | BE47: -36 | BF47: 0 | BG47: 100 | BH47: 1 | BI47: 277 | BJ47: 0.0239 | BK47: 78.860104 | BL47: 275 | BM47: -38 | BN47: 0.0472 | BO47: 78.773333 | BP47: 173 | BQ47: 10 | BR47: 16.36142 | BS47: 62.605599 | BT47: 312 | BU47: -10 | BV47: 205.11613 | BW47: 40.969575 | BX47: 339 | BY47: -54 | BZ47: 0.5864272 | CA47: 38.587947 | CB47: 175 | CC47: -29 | CD47: 0.9849374 | CE47: 60.997415 | CF47: 148 | CG47: -34 | CH47: 0.7151951 | CI47: 34.863316 | CJ47: 285 | CK47: -34 | CL47: 0.0971906 | CM47: 11.25419 | CN47: 338 | CO47: 0 | CP47: 0.02481 | CQ47: 2.0471832 | CR47: 392 | CS47: 5 | CT47: 0.1056475 | CU47: 11.83766 | CV47: 301 | CW47: 19 | CX47: 5.5 | CY47: 30.508475 | CZ47: 276 | DA47: 45 | DB47: 4.7 | DC47: 37.254902 | DD47: 251 | DE47: 81 | DF47: 4.1 | DG47: 60.714286 | DH47: 250 | DI47: -49 | DJ47: 544.8655 | DK47: 51.432023 | DL47: 243 | DM47: -7 | DN47: 61.14752 | DO47: 42.081959 | DP47: 396 | DQ47: -45 | DR47: 0.0176471 | DS47: 98.109239 | DT47: 46 | DU47: 67 | DV47: 135.3758 | DW47: 57.518924 | DX47: 363 | DY47: -36 | DZ47: 36.615284 | EA47: 71.637386 | EB47: 373 | EC47: -41 | ED47: 27.529757 | EE47: 70.06828 | EF47: 383 | EG47: -17 | EH47: 0.8548 | EI47: 84.256749 | EJ47: 299 | EK47: 19 | EL47: 0.7101 | EM47: 29.247377 | EN47: 390 | EO47: 3 | EP47: 0.7058 | EQ47: 18.866231 | ER47: 373 | ES47: 15 | ET47: 0.311 | EU47: 30.788548 | EV47: 302 | EW47: -1 | EX47: 0.368 | EY47: 19.318599 | EZ47: 239 | FA47: -13 | FB47: 0.99 | FC47: 98.489198 | FD47: 207 | FE47: 84 | FF47: 1 | FG47: 0 | FH47: 327 | FI47: -326 | FJ47: 0.1224506 | FK47: 87.83933 | FL47: 319 | FM47: -14 | FN47: 0.3109307 | FO47: 33.899557 | FP47: 179 | FQ47: -40 | FR47: 0.000927 | FS47: 95.183365 | FT47: 364 | FU47: -1 | FV47: 0.0386332 | FW47: 95.33688 | FX47: 372 | FY47: -3 | FZ47: 0.0015441 | GA47: 10.539572 | GB47: 163 | GC47: -153 | GD47: 0.5126847 | GE47: 39.746008 | GF47: 303 | GG47: 2 | GH47: 0.3238737 | GI47: 25.963018 | GJ47: 217 | GK47: -19 | GL47: 0.0310772 | GM47: 26.651715 | GN47: 297 | GO47: -168 | GP47: 0.932645 | GQ47: 0.58662157 | GR47: 148 | GS47: -9 | GT47: 0.0268495 | GU47: 19.894146 | GV47: 45 | GW47: 4 | GX47: 17868.42 | GY47: 11.737486 | GZ47: 97 | HA47: 2 | HB47: 29592.7 | HC47: 6.1565825 | HD47: 259 | HE47: -10 | HF47: 0.0668615 | HG47: 8.3216702 | HH47: 349 | HI47: -11 | HJ47: 1.700565 | HK47: 49.712733 | HL47: 227 | HM47: 6 | HN47: 2555.202 | HO47: 25.161774 | HP47: 276 | HQ47: -19 | HR47: -0.084894 | HS47: 52.412456 | HT47: 248 | HU47: -106 | HV47: 0.0918501 | HW47: 21.646319 | HX47: 172 | HY47: 31 | HZ47: 0.8313102 | IA47: 30.597491 | IB47: 76 | IC47: 1 | ID47: 0.1769865 | IE47: 33.494409 | IF47: 212 | IG47: -47 | IH47: 112.5781 | II47: 57.78797 | IJ47: 116 | IK47: -49 | IL47: 0.7446762 | IM47: 48.93108 | IN47: 196 | IO47: 62 | IP47: 22.82655 | IQ47: 33.18719 | IR47: 271 | IS47: 3 | IT47: 0.9696569 | IU47: 96.888581 | IV47: 96 | IW47: -15 | IX47: 0.9467191 | IY47: 91.51674 | IZ47: 255 | JA47: 6
A48: Paço do Lumiar | B48: 0.8364663 | C48: 13.282503 | D48: 379 | E48: -9 | F48: 0.0149302 | G48: 2.8997704 | H48: 403 | I48: -31 | J48: 0.5459 | K48: 36.187943 | L48: 373 | M48: -24 | N48: -0.0175 | O48: 32.221188 | P48: 138 | Q48: 160 | R48: 0.0641514 | S48: 87.757675 | T48: 71 | U48: 51 | V48: .n | W48: 0 | X48: 402 | Y48: -53 | Z48: 0.87972973 | AA48: 86.082744 | AB48: 190 | AC48: -4 | AD48: 17.5 | AE48: 90.754827 | AF48: 165 | AG48: 89 | AH48: 0.3731142 | AI48: 40.111524 | AJ48: 345 | AK48: -158 | AL48: 6.91 | AM48: 58.016304 | AN48: 214 | AO48: -4 | AP48: 0.5286 | AQ48: 19.255121 | AR48: 384 | AS48: -83 | AT48: 0.0990834 | AU48: 14.336477 | AV48: 349 | AW48: -8 | AX48: 0.7375364 | AY48: 40.1099 | AZ48: 363 | BA48: -68 | BB48: 0.616273 | BC48: 47.824966 | BD48: 395 | BE48: -19 | BF48: 52.493439 | BG48: 79.090113 | BH48: 231 | BI48: -230 | BJ48: 0.0395 | BK48: 62.694301 | BL48: 388 | BM48: -37 | BN48: 0.0817 | BO48: 60.373333 | BP48: 373 | BQ48: -20 | BR48: 16.7979 | BS48: 61.226656 | BT48: 324 | BU48: 11 | BV48: 115.43984 | BW48: 86.420994 | BX48: 22 | BY48: -4 | BZ48: 0.5208175 | CA48: 30.472749 | CB48: 257 | CC48: 13 | CD48: 0.8248706 | CE48: 31.082368 | CF48: 407 | CG48: -20 | CH48: 0.5577179 | CI48: 20.778874 | CJ48: 398 | CK48: -10 | CL48: 0.0297627 | CM48: 3.4463732 | CN48: 401 | CO48: -26 | CP48: 0.5109005 | CQ48: 57.569551 | CR48: 10 | CS48: 185 | CT48: 0.2441589 | CU48: 27.902589 | CV48: 136 | CW48: -17 | CX48: 5.9 | CY48: 37.288136 | CZ48: 196 | DA48: 98 | DB48: 4.2 | DC48: 27.45098 | DD48: 348 | DE48: 7 | DF48: 3.8 | DG48: 50 | DH48: 326 | DI48: -33 | DJ48: 498.159 | DK48: 21.856609 | DL48: 399 | DM48: -13 | DN48: 9.612546 | DO48: 91.535108 | DP48: 92 | DQ48: 30 | DR48: 0 | DS48: 100 | DT48: 1 | DU48: 64 | DV48: 20.13114 | DW48: 95.26931 | DX48: 21 | DY48: 56 | DZ48: 3.4330521 | EA48: 97.630977 | EB48: 26 | EC48: 47 | ED48: 0.52525836 | EE48: 99.512011 | EF48: 14 | EG48: -13 | EH48: .n | EI48: 0 | EJ48: 413 | EK48: -66 | EL48: 0.6489 | EM48: 35.421711 | EN48: 376 | EO48: -59 | EP48: 0.6298 | EQ48: 23.7399 | ER48: 354 | ES48: -70 | ET48: 0.3524 | EU48: 34.947263 | EV48: 292 | EW48: -9 | EX48: 0.8224 | EY48: 43.17287 | EZ48: 83 | FA48: 95 | FB48: 0.9 | FC48: 84.891978 | FD48: 335 | FE48: -45 | FF48: 0 | FG48: 100 | FH48: 1 | FI48: 0 | FJ48: 0.0661615 | FK48: 88.3399 | FL48: 224 | FM48: -10 | FN48: 0.3030634 | FO48: 33.041816 | FP48: 185 | FQ48: -21 | FR48: 0 | FS48: 100 | FT48: 1 | FU48: 346 | FV48: 0 | FW48: 100 | FX48: 1 | FY48: 286 | FZ48: 0 | GA48: 0 | GB48: 414 | GC48: -306 | GD48: 0.5053314 | GE48: 40.799396 | GF48: 296 | GG48: -18 | GH48: 0.0980829 | GI48: 1.2385409 | GJ48: 414 | GK48: -17 | GL48: 0.048107 | GM48: 28.405683 | GN48: 225 | GO48: -215 | GP48: 0.6952409 | GQ48: 0.43729748 | GR48: 158 | GS48: 10 | GT48: 0.0011769 | GU48: 0.74572094 | GV48: 412 | GW48: -12 | GX48: 2287.149 | GY48: 1.3293598 | GZ48: 410 | HA48: -14 | HB48: 9903.221 | HC48: 0.38977257 | HD48: 415 | HE48: -14 | HF48: 0.1284016 | HG48: 11.673678 | HH48: 210 | HI48: -6 | HJ48: 1.067144 | HK48: 33.180143 | HL48: 356 | HM48: -40 | HN48: 2296.5627 | HO48: 20.748702 | HP48: 338 | HQ48: -23 | HR48: -0.0932989 | HS48: 51.56201 | HT48: 262 | HU48: -205 | HV48: 0.0335682 | HW48: 6.9548006 | HX48: 388 | HY48: 12 | HZ48: 0.2201004 | IA48: 7.1133369 | IB48: 365 | IC48: -22 | ID48: 0.2208944 | IE48: 45.863982 | IF48: 98 | IG48: -46 | IH48: 89.99842 | II48: 37.13389 | IJ48: 354 | IK48: 10 | IL48: 0.8425218 | IM48: 70.739336 | IN48: 68 | IO48: -9 | IP48: 10.44214 | IQ48: 14.071397 | IR48: 395 | IS48: -2 | IT48: 0.9931464 | IU48: 99.784795 | IV48: 5 | IW48: 210 | IX48: 0.9778043 | IY48: 97.525262 | IZ48: 52 | JA48: 225
A49: Pinheiro | B49: 0.9052444 | C49: 2.753566 | D49: 408 | E49: -14 | F49: 0.0863345 | G49: 25.099176 | H49: 199 | I49: -89 | J49: 0.5251 | K49: 39.875887 | L49: 341 | M49: -10 | N49: 0.0012 | O49: 31.774898 | P49: 158 | Q49: 16 | R49: 0.053195 | S49: 91.121373 | T49: 34 | U49: 24 | V49: 0.0177795 | W49: 78.974936 | X49: 119 | Y49: 14 | Z49: 0.68718815 | AA49: 63.697706 | AB49: 339 | AC49: -61 | AD49: 37.6 | AE49: 78.993563 | AF49: 363 | AG49: -56 | AH49: 0.3351481 | AI49: 35.935178 | AJ49: 373 | AK49: -47 | AL49: 4.07 | AM49: 19.429348 | AN49: 388 | AO49: -10 | AP49: 0.2974 | AQ49: 4.9037865 | AR49: 414 | AS49: -251 | AT49: 0.0218724 | AU49: 2.3135406 | AV49: 407 | AW49: -12 | AX49: 0.6075 | AY49: 23.836118 | AZ49: 408 | BA49: -17 | BB49: 0.5618321 | BC49: 39.681955 | BD49: 407 | BE49: -43 | BF49: 0 | BG49: 100 | BH49: 1 | BI49: 302 | BJ49: 0.0445 | BK49: 57.512953 | BL49: 399 | BM49: -42 | BN49: 0.0853 | BO49: 58.453333 | BP49: 386 | BQ49: -16 | BR49: 18.32061 | BS49: 56.416056 | BT49: 358 | BU49: -164 | BV49: 180.49931 | BW49: 53.446334 | BX49: 271 | BY49: 34 | BZ49: 0.5354314 | CA49: 32.280328 | CB49: 237 | CC49: -31 | CD49: 0.936772 | CE49: 51.995734 | CF49: 275 | CG49: 8 | CH49: 0.7722214 | CI49: 39.963633 | CJ49: 213 | CK49: -19 | CL49: 0.0312009 | CM49: 3.6129097 | CN49: 399 | CO49: -9 | CP49: 0.0298257 | CQ49: 2.6200879 | CR49: 378 | CS49: 20 | CT49: 0.1222195 | CU49: 13.759726 | CV49: 282 | CW49: -17 | CX49: 5.1 | CY49: 23.728814 | CZ49: 344 | DA49: -4 | DB49: 4.3 | DC49: 29.411765 | DD49: 328 | DE49: 4 | DF49: 3.6 | DG49: 42.857143 | DH49: 364 | DI49: -58 | DJ49: 507.734 | DK49: 27.919675 | DL49: 387 | DM49: -13 | DN49: 42.54263 | DO49: 59.935279 | DP49: 351 | DQ49: 13 | DR49: 0.027027 | DS49: 97.10425 | DT49: 56 | DU49: 143 | DV49: 111.553 | DW49: 65.322495 | DX49: 329 | DY49: 27 | DZ49: 29.543493 | EA49: 77.177135 | EB49: 343 | EC49: 18 | ED49: 19.677202 | EE49: 78.630132 | EF49: 335 | EG49: 17 | EH49: 0.199 | EI49: 13.151903 | EJ49: 409 | EK49: -11 | EL49: 0.7281 | EM49: 27.431396 | EN49: 395 | EO49: 1 | EP49: 0.7257 | EQ49: 17.590099 | ER49: 377 | ES49: 13 | ET49: .n | EU49: 0 | EV49: 387 | EW49: -8 | EX49: .n | EY49: 0 | EZ49: 368 | FA49: -4 | FB49: 0.702 | FC49: 54.978093 | FD49: 388 | FE49: 4 | FF49: 1 | FG49: 0 | FH49: 327 | FI49: -326 | FJ49: 0.6527208 | FK49: 83.12373 | FL49: 403 | FM49: -14 | FN49: 0.3999469 | FO49: 43.604644 | FP49: 128 | FQ49: -33 | FR49: 4.43e-05 | FS49: 99.76982 | FT49: 238 | FU49: 93 | FV49: 0.0183562 | FW49: 97.784363 | FX49: 322 | FY49: -27 | FZ49: 0.0004127 | GA49: 2.8169687 | GB49: 315 | GC49: -295 | GD49: 0.648688 | GE49: 20.263034 | GF49: 389 | GG49: -26 | GH49: 0.1339985 | GI49: 5.1713603 | GJ49: 401 | GK49: -14 | GL49: 0.1500066 | GM49: 38.900734 | GN49: 48 | GO49: -47 | GP49: 0 | GQ49: 0 | GR49: 232 | GS49: -7 | GT49: 0.004271 | GU49: 3.0535177 | GV49: 367 | GW49: -27 | GX49: 8293.351 | GY49: 5.3414399 | GZ49: 260 | HA49: 16 | HB49: 12358.06 | HC49: 1.1087652 | HD49: 406 | HE49: -14 | HF49: 0.1355551 | HG49: 12.06332 | HH49: 193 | HI49: -6 | HJ49: 0.6131564 | HK49: 21.33085 | HL49: 402 | HM49: -16 | HN49: 1080.5325 | HO49: 0 | HP49: 418 | HQ49: -138 | HR49: -0.6000668 | HS49: 0.28495578 | HT49: 417 | HU49: -338 | HV49: 0.0835467 | HW49: 19.553224 | HX49: 200 | HY49: 49 | HZ49: 0.4850932 | IA49: 17.294999 | IB49: 250 | IC49: -11 | ID49: 0.2338682 | IE49: 49.518913 | IF49: 73 | IG49: -20 | IH49: 77.94106 | II49: 26.104785 | IJ49: 393 | IK49: -15 | IL49: 0.9603502 | IM49: 97.001447 | IN49: 9 | IO49: 116 | IP49: 2.221363 | IQ49: 1.3823252 | IR49: 417 | IS49: -15 | IT49: 0.8801844 | IU49: 85.85678 | IV49: 249 | IW49: 111 | IX49: 0.8576549 | IY49: 74.301336 | IZ49: 394 | JA49: 6
A50: Santa Inês | B50: 0.8774089 | C50: 7.0147803 | D50: 400 | E50: -11 | F50: 0.0459316 | G50: 12.538023 | H50: 333 | I50: 12 | J50: 0.5999 | K50: 26.613475 | L50: 399 | M50: -8 | N50: 0 | O50: 31.803537 | P50: 154 | Q50: 38 | R50: 0.060251 | S50: 88.955127 | T50: 53 | U50: 53 | V50: 0.0185281 | W50: 77.941729 | X50: 133 | Y50: 77 | Z50: 0.7260395 | AA50: 68.214595 | AB50: 316 | AC50: -58 | AD50: 30.9 | AE50: 82.913985 | AF50: 320 | AG50: -94 | AH50: 0.4756768 | AI50: 51.393615 | AJ50: 246 | AK50: -22 | AL50: 3.45 | AM50: 11.005435 | AN50: 404 | AO50: -13 | AP50: 1.6932 | AQ50: 91.545624 | AR50: 5 | AS50: 121 | AT50: 0.0312362 | AU50: 3.7716279 | AV50: 402 | AW50: -13 | AX50: 0.8655636 | AY50: 56.132234 | AZ50: 200 | BA50: -110 | BB50: 0.6465834 | BC50: 52.358652 | BD50: 374 | BE50: -14 | BF50: 0 | BG50: 100 | BH50: 1 | BI50: 0 | BJ50: 0.0379 | BK50: 64.352332 | BL50: 377 | BM50: 16 | BN50: 0.0762 | BO50: 63.306667 | BP50: 354 | BQ50: -7 | BR50: 19.1036 | BS50: 53.942406 | BT50: 376 | BU50: -246 | BV50: 257.35541 | BW50: 14.492684 | BX50: 410 | BY50: -50 | BZ50: 0.590128 | CA50: 39.045695 | CB50: 167 | CC50: -12 | CD50: 0.9882956 | CE50: 61.625032 | CF50: 137 | CG50: -52 | CH50: 0.8388468 | CI50: 45.922474 | CJ50: 148 | CK50: 3 | CL50: 0.0588715 | CM50: 6.8170281 | CN50: 369 | CO50: -13 | CP50: 0.1050735 | CQ50: 11.215064 | CR50: 182 | CS50: -110 | CT50: 0.1634696 | CU50: 18.544025 | CV50: 211 | CW50: -34 | CX50: 4.7 | CY50: 16.949153 | CZ50: 383 | DA50: -13 | DB50: 4.2 | DC50: 27.45098 | DD50: 348 | DE50: 7 | DF50: 3.9 | DG50: 53.571429 | DH50: 306 | DI50: -7 | DJ50: 531.6252 | DK50: 43.048022 | DL50: 307 | DM50: -11 | DN50: 63.51895 | DO50: 39.806326 | DP50: 399 | DQ50: -25 | DR50: 0.0357143 | DS50: 96.173468 | DT50: 71 | DU50: -70 | DV50: 179.7898 | DW50: 42.970348 | DX50: 392 | DY50: -70 | DZ50: 30.583199 | EA50: 76.362672 | EB50: 349 | EC50: -47 | ED50: 57.504509 | EE50: 37.386003 | EF50: 414 | EG50: -115 | EH50: 0.4645 | EI50: 41.938632 | EJ50: 393 | EK50: -9 | EL50: 0.6728 | EM50: 33.010492 | EN50: 382 | EO50: -2 | EP50: 0.6888 | EQ50: 19.956393 | ER50: 371 | ES50: 8 | ET50: .n | EU50: 0 | EV50: 387 | EW50: -8 | EX50: .n | EY50: 0 | EZ50: 368 | FA50: -4 | FB50: .n | FC50: 0 | FD50: 406 | FE50: -107 | FF50: .n | FG50: 0 | FH50: 327 | FI50: -326 | FJ50: 0.2487241 | FK50: 86.716402 | FL50: 381 | FM50: -14 | FN50: 0.0277977 | FO50: 3.0306744 | FP50: 412 | FQ50: -50 | FR50: 0 | FS50: 100 | FT50: 1 | FU50: 0 | FV50: 0 | FW50: 100 | FX50: 1 | FY50: 0 | FZ50: 6.35e-05 | GA50: 0.43343231 | GB50: 390 | GC50: -226 | GD50: 0.5956877 | GE50: 27.855522 | GF50: 359 | GG50: -19 | GH50: 0.2047227 | GI50: 12.915781 | GJ50: 343 | GK50: -21 | GL50: 0.0438466 | GM50: 27.966887 | GN50: 242 | GO50: -164 | GP50: 0 | GQ50: 0 | GR50: 232 | GS50: -7 | GT50: 0.0124737 | GU50: 9.1716665 | GV50: 178 | GW50: 142 | GX50: 15186.75 | GY50: 9.9461584 | GZ50: 129 | HA50: 32 | HB50: 16303.11 | HC50: 2.2642225 | HD50: 375 | HE50: -12 | HF50: 0.0943542 | HG50: 9.8191613 | HH50: 295 | HI50: -10 | HJ50: 1.057492 | HK50: 32.928221 | HL50: 358 | HM50: -16 | HN50: 2095.1498 | HO50: 17.312063 | HP50: 388 | HQ50: -74 | HR50: -0.1732567 | HS50: 43.471521 | HT50: 356 | HU50: -279 | HV50: 0.0973677 | HW50: 23.037178 | HX50: 161 | HY50: -1 | HZ50: 0.6072077 | IA50: 21.986933 | IB50: 191 | IC50: 14 | ID50: 0.2218215 | IE50: 46.125161 | IF50: 95 | IG50: -5 | IH50: 95.92705 | II50: 42.556925 | IJ50: 322 | IK50: 1 | IL50: 0.9690574 | IM50: 98.942146 | IN50: 4 | IO50: 31 | IP50: 22.3882 | IQ50: 32.510581 | IR50: 286 | IS50: -40 | IT50: 0.9764932 | IU50: 97.731485 | IV50: 67 | IW50: -9 | IX50: 0.9374335 | IY50: 89.721907 | IZ50: 294 | JA50: 69
A51: São José de Ribamar | B51: 0.8713402 | C51: 7.9438108 | D51: 397 | E51: -26 | F51: 0.111007 | G51: 32.76979 | H51: 124 | I51: 16 | J51: 0.476 | K51: 48.58156 | L51: 232 | M51: -52 | N51: 0.0994 | O51: 29.431278 | P51: 237 | Q51: -2 | R51: 0.0759144 | S51: 84.146346 | T51: 119 | U51: -28 | V51: 0.014144 | W51: 83.992602 | X51: 65 | Y51: 44 | Z51: 0.70303188 | AA51: 65.53971 | AB51: 334 | AC51: -7 | AD51: 6.7 | AE51: 97.074312 | AF51: 34 | AG51: 35 | AH51: 0.3968327 | AI51: 42.720607 | AJ51: 322 | AK51: -21 | AL51: 5.08 | AM51: 33.152174 | AN51: 352 | AO51: -10 | AP51: 0.8121 | AQ51: 36.852886 | AR51: 257 | AS51: -256 | AT51: 0.1169167 | AU51: 17.113396 | AV51: 329 | AW51: -13 | AX51: 0.6475455 | AY51: 28.847728 | AZ51: 400 | BA51: -65 | BB51: 0.5972595 | BC51: 44.981017 | BD51: 402 | BE51: -10 | BF51: 89.365509 | BG51: 64.402738 | BH51: 318 | BI51: 16 | BJ51: 0.0263 | BK51: 76.373057 | BL51: 300 | BM51: 13 | BN51: 0.0488 | BO51: 77.92 | BP51: 193 | BQ51: 88 | BR51: 17.27733 | BS51: 59.712024 | BT51: 336 | BU51: 37 | BV51: 127.27623 | BW51: 80.421853 | BX51: 47 | BY51: -9 | BZ51: 0.7269257 | CA51: 55.966064 | CB51: 31 | CC51: 16 | CD51: 0.8294982 | CE51: 31.947225 | CF51: 401 | CG51: -2 | CH51: 0.390882 | CI51: 5.8574092 | CJ51: 417 | CK51: -14 | CL51: 0.1859329 | CM51: 21.530109 | CN51: 271 | CO51: -4 | CP51: 0.7244641 | CQ51: 81.963273 | CR51: 3 | CS51: -1 | CT51: 0.3400706 | CU51: 39.026689 | CV51: 69 | CW51: 5 | CX51: 5.7 | CY51: 33.898305 | CZ51: 238 | DA51: 21 | DB51: 4.6 | DC51: 35.294118 | DD51: 268 | DE51: 44 | DF51: 3.9 | DG51: 53.571429 | DH51: 306 | DI51: 0 | DJ51: 512.8232 | DK51: 31.14225 | DL51: 378 | DM51: -12 | DN51: 8.995049 | DO51: 92.12766 | DP51: 85 | DQ51: 102 | DR51: 0.0434783 | DS51: 95.341611 | DT51: 87 | DU51: -15 | DV51: 30.74583 | DW51: 91.792284 | DX51: 58 | DY51: 40 | DZ51: 0.40886584 | EA51: 100 | EB51: 1 | EC51: 31 | ED51: 0.07769585 | EE51: 100 | EF51: 1 | EG51: 1 | EH51: 0.9711 | EI51: 96.866529 | EJ51: 128 | EK51: 272 | EL51: 0.606 | EM51: 39.749798 | EN51: 364 | EO51: 11 | EP51: 0.5786 | EQ51: 27.023214 | ER51: 329 | ES51: 8 | ET51: 0.414 | EU51: 41.135108 | EV51: 271 | EW51: 80 | EX51: 0.4577 | EY51: 24.027508 | EZ51: 201 | FA51: -6 | FB51: 0.8903 | FC51: 83.426499 | FD51: 341 | FE51: -137 | FF51: 0 | FG51: 100 | FH51: 1 | FI51: 0 | FJ51: 0.0801939 | FK51: 88.215112 | FL51: 256 | FM51: -12 | FN51: 0.4102683 | FO51: 44.729946 | FP51: 123 | FQ51: -11 | FR51: 0 | FS51: 100 | FT51: 1 | FU51: 0 | FV51: 0 | FW51: 100 | FX51: 1 | FY51: 0 | FZ51: 0 | GA51: 0 | GB51: 414 | GC51: -309 | GD51: 0.4790649 | GE51: 44.562169 | GF51: 280 | GG51: 19 | GH51: 0.1104978 | GI51: 2.5979936 | GJ51: 412 | GK51: -19 | GL51: -0.0243243 | GM51: 20.945691 | GN51: 397 | GO51: -388 | GP51: 0 | GQ51: 0 | GR51: 232 | GS51: -7 | GT51: 0.0078326 | GU51: 5.7100087 | GV51: 272 | GW51: 47 | GX51: 1344.939 | GY51: 0.69997335 | GZ51: 417 | HA51: -15 | HB51: 12719.88 | HC51: 1.2147379 | HD51: 401 | HE51: -14 | HF51: 0.0550956 | HG51: 7.6807972 | HH51: 372 | HI51: -12 | HJ51: 1.259991 | HK51: 38.213541 | HL51: 311 | HM51: -3 | HN51: 2509.7969 | HO51: 24.387043 | HP51: 290 | HQ51: 17 | HR51: -0.0269546 | HS51: 58.275025 | HT51: 110 | HU51: 19 | HV51: 0.0573127 | HW51: 12.94024 | HX51: 311 | HY51: 41 | HZ51: 0.0349653 | IA51: 0 | IB51: 418 | IC51: -14 | ID51: 0.1458114 | IE51: 24.711875 | IF51: 335 | IG51: -15 | IH51: 91.19939 | II51: 38.232441 | IJ51: 353 | IK51: -31 | IL51: 0.7685551 | IM51: 54.253314 | IN51: 149 | IO51: -108 | IP51: 11.12838 | IQ51: 15.130634 | IR51: 389 | IS51: 1 | IT51: 0.9692104 | IU51: 96.833529 | IV51: 99 | IW51: 44 | IX51: 0.9872583 | IY51: 99.352646 | IZ51: 4 | JA51: 70
A52: São Luís | B52: 0.6567075 | C52: 40.800987 | D52: 193 | E52: 5 | F52: 0.0153433 | G52: 3.0282021 | H52: 402 | I52: -8 | J52: 0.4294 | K52: 56.843972 | L52: 123 | M52: -31 | N52: -0.2891 | O52: 38.703134 | P52: 28 | Q52: 15 | R52: 0.0759606 | S52: 84.132162 | T52: 121 | U52: -5 | V52: 0.025105 | W52: 68.864383 | X52: 245 | Y52: 35 | Z52: 0.68219854 | AA52: 63.11761 | AB52: 343 | AC52: -30 | AD52: 10.3 | AE52: 94.967817 | AF52: 80 | AG52: -22 | AH52: 0.5828124 | AI52: 63.178745 | AJ52: 113 | AK52: 15 | AL52: 9.65 | AM52: 95.244565 | AN52: 28 | AO52: 0 | AP52: 0.627 | AQ52: 25.363128 | AR52: 342 | AS52: 0 | AT52: 0.27389 | AU52: 41.556546 | AV52: 178 | AW52: -12 | AX52: 0.7615364 | AY52: 43.113449 | AZ52: 347 | BA52: -34 | BB52: 0.6198021 | BC52: 48.352832 | BD52: 394 | BE52: -37 | BF52: 69.562531 | BG52: 72.290925 | BH52: 274 | BI52: 35 | BJ52: 0.0166 | BK52: 86.42487 | BL52: 181 | BM52: 40 | BN52: 0.0522 | BO52: 76.106667 | BP52: 229 | BQ52: 44 | BR52: 19.70938 | BS52: 52.028604 | BT52: 385 | BU52: -9 | BV52: 155.97209 | BW52: 65.877679 | BX52: 147 | BY52: 102 | BZ52: 0.5448765 | CA52: 33.448583 | CB52: 228 | CC52: -20 | CD52: 0.9361398 | CE52: 51.877582 | CF52: 279 | CG52: -42 | CH52: 0.8646485 | CI52: 48.230125 | CJ52: 124 | CK52: -10 | CL52: 0.1576192 | CM52: 18.251523 | CN52: 288 | CO52: -10 | CP52: 0.0240684 | CQ52: 1.9624759 | CR52: 394 | CS52: -22 | CT52: 0.2686551 | CU52: 30.743725 | CV52: 112 | CW52: 9 | CX52: 5.5 | CY52: 30.508475 | CZ52: 276 | DA52: 64 | DB52: 4.5 | DC52: 33.333333 | DD52: 291 | DE52: 41 | DF52: 4.2 | DG52: 64.285714 | DH52: 217 | DI52: 21 | DJ52: 539.493 | DK52: 48.030058 | DL52: 270 | DM52: -9 | DN52: 29.48616 | DO52: 72.464316 | DP52: 280 | DQ52: -1 | DR52: 0.1 | DS52: 89.285714 | DT52: 170 | DU52: 8 | DV52: 81.35258 | DW52: 75.215166 | DX52: 263 | DY52: -34 | DZ52: 23.1264 | EA52: 82.204021 | EB52: 297 | EC52: -48 | ED52: 0.22057667 | EE52: 99.844213 | EF52: 3 | EG52: 2 | EH52: 0.7469 | EI52: 72.557736 | EJ52: 354 | EK52: -122 | EL52: 0.382 | EM52: 62.348668 | EN52: 231 | EO52: 121 | EP52: 0.655 | EQ52: 22.123894 | ER52: 362 | ES52: -10 | ET52: 0.5573 | EU52: 55.529884 | EV52: 241 | EW52: 0 | EX52: 0.1589 | EY52: 8.3416452 | EZ52: 307 | FA52: -22 | FB52: 0.9445 | FC52: 91.615048 | FD52: 306 | FE52: -305 | FF52: 0 | FG52: 100 | FH52: 1 | FI52: 0 | FJ52: 0.1357497 | FK52: 87.721064 | FL52: 330 | FM52: -14 | FN52: 0.4000416 | FO52: 43.614969 | FP52: 127 | FQ52: -18 | FR52: 0.0006509 | FS52: 96.617963 | FT52: 349 | FU52: -12 | FV52: 0.0346575 | FW52: 95.816757 | FX52: 366 | FY52: -22 | FZ52: 6.89e-05 | GA52: 0.47029112 | GB52: 387 | GC52: -244 | GD52: 0.4628204 | GE52: 46.889253 | GF52: 271 | GG52: -28 | GH52: 0.5104508 | GI52: 46.393529 | GJ52: 35 | GK52: 2 | GL52: 0.0826822 | GM52: 31.966723 | GN52: 117 | GO52: 78 | GP52: 16.95884 | GQ52: 10.66689 | GR52: 50 | GS52: 3 | GT52: 0.015732 | GU52: 11.601935 | GV52: 130 | GW52: 65 | GX52: 16478.6 | GY52: 10.809101 | GZ52: 115 | HA52: -6 | HB52: 32739.65 | HC52: 7.078286 | HD52: 234 | HE52: -10 | HF52: 0.0979923 | HG52: 10.017324 | HH52: 289 | HI52: -10 | HJ52: 2.238065 | HK52: 63.741739 | HL52: 111 | HM52: -2 | HN52: 3374.2008 | HO52: 39.136067 | HP52: 85 | HQ52: -1 | HR52: -0.0978655 | HS52: 51.099941 | HT52: 269 | HU52: 40 | HV52: 0.1255029 | HW52: 30.129411 | HX52: 87 | HY52: -31 | HZ52: 0.8301933 | IA52: 30.554577 | IB52: 78 | IC52: -12 | ID52: 0.2920367 | IE52: 65.905929 | IF52: 20 | IG52: 3 | IH52: 115.1311 | II52: 60.123249 | IJ52: 93 | IK52: -24 | IL52: 0.7136814 | IM52: 42.022823 | IN52: 263 | IO52: 70 | IP52: 22.7535 | IQ52: 33.074435 | IR52: 275 | IS52: -8 | IT52: 0.7260584 | IU52: 66.853316 | IV52: 332 | IW52: -15 | IX52: 0.9645516 | IY52: 94.96362 | IZ52: 147 | JA52: -5
